Workbook
Name OLE_LINK1: NOTAS!$B$84

Sheet EA
C3: ESTADO DE ACTIVIDADES
C4: Del 01 de Enero al 30 de Septiembre del 2017 y 2016
C5: (Pesos)
E7: Ente Público: | F7: INSTITUTO TECNOLOGICO SUPERIOR DE SALVATIERRA
B10: Concepto | D10: 2017 | E10: 2016 | G10: Concepto | I10: 2017 | J10: 2016
B12: INGRESOS Y OTROS BENEFICIOS | G12: GASTOS Y OTRAS PÉRDIDAS
B13: Ingresos de la Gestión | D13: =SUM(D14:D21) -> 1380697.5 | E13: =SUM(E14:E21) -> 612722.59 | G13: Gastos de Funcionamiento | I13: =SUM(I14:I16) -> 19608006 | J13: =SUM(J14:J16) -> 28673164
B14: Impuestos | D14: 0 | E14: 0 | G14: Servicios Personales | I14: 16121775 | J14: 22945913
B15: Cuotas y Aportaciones de Seguridad Social | D15: 0 | E15: 0 | G15: Materiales y Suministros | I15: 496805.38 | J15: 1397750.8
B16: Contribuciones de Mejoras | D16: 0 | E16: 0 | G16: Servicios Generales | I16: 2989425.2 | J16: 4329499.6
B17: Derechos | D17: 0 | E17: 0
B18: Productos de Tipo Corriente | D18: 300820 | E18: 435230.07 | G18: Transferencia, Asignaciones, Subsidios y Otras Ayudas | I18: =SUM(I19:I27) -> 94816.66 | J18: =SUM(J19:J27) -> 197133.49
B19: Aprovechamientos de Tipo Corriente | D19: 1072076 | E19: 176492.52 | G19: Transferencias Internas y Asignaciones al Sector Público | I19: 0 | J19: 0
B20: Ingresos por Venta de Bienes y Servicios | D20: 7801.5 | E20: 1000 | G20: Transferencias al Resto del Sector Público | I20: 0 | J20: 0
B21: Ingresos no Comprendidos en las Fracciones de la Ley de Ingresos Causados en Ejercicios Fiscales Anteriores Pendientes de Liquidación o Pago | D21: 0 | E21: 0 | G21: Subsidios y Subvenciones | I21: 0 | J21: 0
G22: Ayudas Sociales | I22: 94816.66 | J22: 197133.49
B23: Participaciones, Aportaciones, Transferencias, Asignaciones, Subsidios y Otras Ayudas | D23: =SUM(D24:D25) -> 24534502 | E23: =SUM(E24:E25) -> 32256469 | G23: Pensiones y Jubilaciones | I23: 0 | J23: 0
B24: Participaciones y Aportaciones | D24: 10913266 | E24: 15698699 | G24: Transferencias a Fideicomisos, Mandatos y Contratos Análogos | I24: 0 | J24: 0
B25: Transferencia, Asignaciones, Subsidios y Otras ayudas | D25: 13621236 | E25: 16557770 | G25: Transferencias a la Seguridad Social | I25: 0 | J25: 0
G26: Donativos | I26: 0 | J26: 0
B27: Otros Ingresos y Beneficios | D27: =SUM(D28:D32) -> 7130.76 | E27: =SUM(E28:E32) -> 9749.02 | G27: Transferencias al Exterior | I27: 0 | J27: 0
B28: Ingresos Financieros | D28: 7130.36 | E28: 9748.46
B29: Incremento por Variación de Inventarios | D29: 0 | E29: 0 | G29: Participaciones y Aportaciones | I29: =SUM(I30:I32) -> 0 | J29: =SUM(J30:J32) -> 0
B30: Disminución del Exceso de Estimaciones por Pérdida o Deterioro u Obsolescencia | D30: 0 | E30: 0 | G30: Participaciones | I30: 0 | J30: 0
B31: Disminución del Exceso de Provisiones | D31: 0 | E31: 0 | G31: Aportaciones | I31: 0 | J31: 0
B32: Otros Ingresos y Beneficios Varios | D32: 0.4 | E32: 0.56 | G32: Convenios | I32: 0 | J32: 0
B34: Total de Ingresos y Otros Beneficios | D34: =D13+D23+D27 -> 25922330 | E34: =E13+E23+E27 -> 32878941 | G34: Intereses, Comisiones y Otros Gastos de la Deuda Pública | I34: =SUM(I35:I39) -> 0 | J34: =SUM(J35:J39) -> 0
G35: Intereses de la Deuda Pública | I35: 0 | J35: 0
G36: Comisiones de la Deuda Pública | I36: 0 | J36: 0
G37: Gastos de la Deuda Pública | I37: 0 | J37: 0
G38: Costo por Coberturas | I38: 0 | J38: 0
G39: Apoyos Financieros | I39: 0 | J39: 0
G41: Otros Gastos y Pérdidas Extraordinarias | I41: =SUM(I42:I47) -> -0.66 | J41: =SUM(J42:J47) -> 1474221.3
G42: Estimaciones, Depreciaciones, Deterioros, Obsolescencia y Amortizaciones | I42: 0 | J42: 1474215.9
G43: Provisiones | I43: 0 | J43: 0
G44: Disminución de Inventarios | I44: 0 | J44: 0
G45: Aumento por Insuficiencia de Estimaciones por Pérdida o Deterioro y Obsolescencia | I45: 0 | J45: 0
G46: Aumento por Insuficiencia de Provisiones | I46: 0 | J46: 0
G47: Otros Gastos | I47: -0.66 | J47: 5.34
G49: Inversión Pública | I49: =SUM(I50) -> 0 | J49: =SUM(J50) -> 0
G50: Inversión Pública no Capitalizable | I50: 0 | J50: 0
G52: Total de Gastos y Otras Pérdidas | I52: =I13+I18+I29+I34+I41+I49 -> 19702822 | J52: =J13+J18+J29+J34+J41+J49 -> 30344518
G54: Resultados del Ejercicio (Ahorro/Desahorro) | I54: =D34-I52 -> 6219507.9 | J54: =E34-J52 -> 2534422.5
A59: Bajo protesta de decir verdad declaramos que los Estados Financieros y sus Notas son razonablemente correctos y responsabilidad del emisor
C62: KARLA ALEJANDRINA LANUZA HERNANDEZ | G62: RAMIRO CONTRERAS RODRIGUEZ
C63: DIRECTORA | G63: SUBDIRECTOR DE FINANZAS Y ADMINISTRACIÓN

Sheet ESF
C2: ESTADO DE SITUACIÓN FINANCIERA
C3: Al 30 de Septiembre del 2017 y 2016
C4: (Pesos)
D5: Ente Público: | E5: INSTITUTO TECNOLOGICO SUPERIOR DE SALVATIERRA
B8: CONCEPTO | D8: Año | G8: CONCEPTO | I8: Año
D9: 2017 | E9: 2016 | I9: 2017 | J9: 2016
B12: ACTIVO | G12: PASIVO
B14: Activo Circulante | G14: Pasivo Circulante
B16: Efectivo y Equivalentes | D16: 33094593 | E16: 30852593 | G16: Cuentas por Pagar a Corto Plazo | I16: 569315.99 | J16: 4828004.4
B17: Derechos a Recibir Efectivo o Equivalentes | D17: 29148 | E17: 17063.95 | G17: Documentos por Pagar a Corto Plazo | I17: 0 | J17: 0
B18: Derechos a Recibir Bienes o Servicios | D18: 78663.66 | E18: 313006.26 | G18: Porción a Corto Plazo de la Deuda Pública a Largo Plazo | I18: 0 | J18: 0
B19: Inventarios | D19: 0 | E19: 0 | G19: Títulos y Valores a Corto Plazo | I19: 0 | J19: 0
B20: Almacenes | D20: 0 | E20: 0 | G20: Pasivos Diferidos a Corto Plazo | I20: 0 | J20: 0
B21: Estimación por Pérdida o Deterioro de Activos Circulantes | D21: 0 | E21: 0 | G21: Fondos y Bienes de Terceros en Garantía y/o Administración a Corto Plazo | I21: 0 | J21: 0
B22: Otros Activos Circulantes | D22: 1827 | E22: 1827 | G22: Provisiones a Corto Plazo | I22: 0 | J22: 0
G23: Otros Pasivos a Corto Plazo | I23: 23417.85 | J23: 14871.14
B24: Total de Activos Circulantes | D24: =SUM(D16:D22) -> 33204232 | E24: =SUM(E16:E22) -> 31184490
G25: Total de Pasivos Circulantes | I25: =SUM(I16:I23) -> 592733.84 | J25: =SUM(J16:J23) -> 4842875.6
B27: Activo No Circulante | G27: Pasivo No Circulante
B29: Inversiones Financieras a Largo Plazo | D29: 0 | E29: 0 | G29: Cuentas por Pagar a Largo Plazo | I29: 0 | J29: 0
B30: Derechos a Recibir Efectivo o Equivalentes a Largo Plazo | D30: 0 | E30: 0 | G30: Documentos por Pagar a Largo Plazo | I30: 0 | J30: 0
B31: Bienes Inmuebles, Infraestructura y Construcciones en Proceso | D31: 77202942 | E31: 76423764 | G31: Deuda Pública a Largo Plazo | I31: 0 | J31: 0
B32: Bienes Muebles | D32: 24966891 | E32: 21992868 | G32: Pasivos Diferidos a Largo Plazo | I32: 0 | J32: 0
B33: Activos Intangibles | D33: 2851.04 | E33: 2851.04 | G33: Fondos y Bienes de Terceros en Garantía y/o en Administración a Largo Plazo | I33: 0 | J33: 0
B34: Depreciación, Deterioro y Amortización Acumulada de Bienes | D34: -8442779.4 | E34: -8442779.4 | G34: Provisiones a Largo Plazo | I34: 0 | J34: 0
B35: Activos Diferidos | D35: 0 | E35: 0
B36: Estimación por Pérdida o Deterioro de Activos no Circulantes | D36: 0 | E36: 0 | G36: Total de Pasivos No Circulantes | I36: =SUM(I29:I34) -> 0 | J36: =SUM(J29:J34) -> 0
B37: Otros Activos no Circulantes | D37: 0 | E37: 0
G38: Total del Pasivo | I38: =I25+I36 -> 592733.84 | J38: =J25+J36 -> 4842875.6
B39: Total de Activos No Circulantes | D39: =SUM(D29:D37) -> 93729904 | E39: =SUM(E29:E37) -> 89976704
G40: HACIENDA PÚBLICA/ PATRIMONIO
B41: Total del Activo | D41: =D24+D39 -> 1.2693414e+08 | E41: =E24+E39 -> 1.2116119e+08
G42: Hacienda Pública/Patrimonio Contribuido | I42: =SUM(I44:I46) -> 92445868 | J42: =SUM(J44:J46) -> 88634568
G44: Aportaciones | I44: 92445868 | J44: 88634568
G45: Donaciones de Capital | I45: 0 | J45: 0
G46: Actualización de la Hacienda Pública / Patrimonio | I46: 0 | J46: 0
G48: Hacienda Pública/Patrimonio Generado | I48: =SUM(I50:I54) -> 33895535 | J48: =SUM(J50:J54) -> 27683751
G50: Resultados del Ejercicio (Ahorro / Desahorro) | I50: 6219507.1 | J50: 2534422.5
G51: Resultados de Ejercicios Anteriores | I51: 27676028 | J51: 25149328
G52: Revalúos | I52: 0 | J52: 0
G53: Reservas | I53: 0 | J53: 0
G54: Rectificaciones de Resultados de Ejercicios Anteriores | I54: 0 | J54: 0
G56: Exceso o Insuficiencia en la Actualización de la Hacienda Publica/Patrimonio | I56: =SUM(I58:I59) -> 0 | J56: =SUM(J58:J59) -> 0
G58: Resultado por Posición Monetaria | I58: 0 | J58: 0
G59: Resultado por Tenencia de Activos no Monetarios | I59: 0 | J59: 0
G61: Total Hacienda Pública/ Patrimonio | I61: =I42+I48+I56 -> 1.263414e+08 | J61: =J42+J48+J56 -> 1.1631832e+08
G63: Total del Pasivo y Hacienda Pública / Patrimonio | I63: =I38+I61 -> 1.2693414e+08 | J63: =J38+J61 -> 1.2116119e+08
B68: Bajo protesta de decir verdad declaramos que los Estados Financieros y sus Notas son razonablemente correctos y responsabilidad del emisor
C71: KARLA ALEJANDRINA LANUZA HERNANDEZ | G71: RAMIRO CONTRERAS RODRIGUEZ
C72: DIRECTORA | G72: SUBDIRECTOR DE FINANZAS Y ADMINISTRACIÓN

Sheet ECSF
C2: ESTADO DE CAMBIOS EN LA SITUACIÓN FINANCIERA
A3: Al 30 de Septiembre del 2017
A4: (Pesos)
D5: Ente Público: | E5: INSTITUTO TECNOLOGICO SUPERIOR DE SALVATIERRA
B9: Concepto | D9: Origen | E9: Aplicación | G9: Concepto | I9: Origen | J9: Aplicación
B12: ACTIVO | D12: =D14+D24 -> 234342.6 | E12: =E14+E24 -> 6007284.7 | G12: PASIVO | I12: =I14+I25 -> 8546.71 | J12: =J14+J25 -> 4258688.4
B14: Activo Circulante | D14: =SUM(D16:D22) -> 234342.6 | E14: =SUM(E16:E22) -> 2254084.1 | G14: Pasivo Circulante | I14: =SUM(I16:I23) -> 8546.71 | J14: =SUM(J16:J23) -> 4258688.4
B16: Efectivo y Equivalentes | D16: =IF(ESF!D16<ESF!E16,ESF!E16-ESF!D16,0) -> 0 | E16: =IF(D16>0,0,ESF!D16-ESF!E16) -> 2242000 | G16: Cuentas por Pagar a Corto Plazo | I16: =IF(ESF!I16>ESF!J16,ESF!I16-ESF!J16,0) -> 0 | J16: =IF(I16>0,0,ESF!J16-ESF!I16) -> 4258688.4
B17: Derechos a Recibir Efectivo o Equivalentes | D17: =IF(ESF!D17<ESF!E17,ESF!E17-ESF!D17,0) -> 0 | E17: =IF(D17>0,0,ESF!D17-ESF!E17) -> 12084.05 | G17: Documentos por Pagar a Corto Plazo | I17: =IF(ESF!I17>ESF!J17,ESF!I17-ESF!J17,0) -> 0 | J17: =IF(I17>0,0,ESF!J17-ESF!I17) -> 0
B18: Derechos a Recibir Bienes o Servicios | D18: =IF(ESF!D18<ESF!E18,ESF!E18-ESF!D18,0) -> 234342.6 | E18: =IF(D18>0,0,ESF!D18-ESF!E18) -> 0 | G18: Porción a Corto Plazo de la Deuda Pública a Largo Plazo | I18: =IF(ESF!I18>ESF!J18,ESF!I18-ESF!J18,0) -> 0 | J18: =IF(I18>0,0,ESF!J18-ESF!I18) -> 0
B19: Inventarios | D19: =IF(ESF!D19<ESF!E19,ESF!E19-ESF!D19,0) -> 0 | E19: =IF(D19>0,0,ESF!D19-ESF!E19) -> 0 | G19: Títulos y Valores a Corto Plazo | I19: =IF(ESF!I19>ESF!J19,ESF!I19-ESF!J19,0) -> 0 | J19: =IF(I19>0,0,ESF!J19-ESF!I19) -> 0
B20: Almacenes | D20: =IF(ESF!D20<ESF!E20,ESF!E20-ESF!D20,0) -> 0 | E20: =IF(D20>0,0,ESF!D20-ESF!E20) -> 0 | G20: Pasivos Diferidos a Corto Plazo | I20: =IF(ESF!I20>ESF!J20,ESF!I20-ESF!J20,0) -> 0 | J20: =IF(I20>0,0,ESF!J20-ESF!I20) -> 0
B21: Estimación por Pérdida o Deterioro de Activos Circulantes | D21: =IF(ESF!D21<ESF!E21,ESF!E21-ESF!D21,0) -> 0 | E21: =IF(D21>0,0,ESF!D21-ESF!E21) -> 0 | G21: Fondos y Bienes de Terceros en Garantía y/o Administración a Corto Plazo | I21: =IF(ESF!I21>ESF!J21,ESF!I21-ESF!J21,0) -> 0 | J21: =IF(I21>0,0,ESF!J21-ESF!I21) -> 0
B22: Otros Activos Circulantes | D22: =IF(ESF!D22<ESF!E22,ESF!E22-ESF!D22,0) -> 0 | E22: =IF(D22>0,0,ESF!D22-ESF!E22) -> 0 | G22: Provisiones a Corto Plazo | I22: =IF(ESF!I22>ESF!J22,ESF!I22-ESF!J22,0) -> 0 | J22: =IF(I22>0,0,ESF!J22-ESF!I22) -> 0
G23: Otros Pasivos a Corto Plazo | I23: =IF(ESF!I23>ESF!J23,ESF!I23-ESF!J23,0) -> 8546.71 | J23: =IF(I23>0,0,ESF!J23-ESF!I23) -> 0
B24: Activo No Circulante | D24: =SUM(D26:D34) -> 0 | E24: =SUM(E26:E34) -> 3753200.7
G25: Pasivo No Circulante | I25: =SUM(I27:I32) -> 0 | J25: =SUM(J27:J32) -> 0
B26: Inversiones Financieras a Largo Plazo | D26: =IF(ESF!D29<ESF!E29,ESF!E29-ESF!D29,0) -> 0 | E26: =IF(D26>0,0,ESF!D29-ESF!E29) -> 0
B27: Derechos a Recibir Efectivo o Equivalentes a Largo Plazo | D27: =IF(ESF!D30<ESF!E30,ESF!E30-ESF!D30,0) -> 0 | E27: =IF(D27>0,0,ESF!D30-ESF!E30) -> 0 | G27: Cuentas por Pagar a Largo Plazo | I27: =IF(ESF!I29>ESF!J29,ESF!I29-ESF!J29,0) -> 0 | J27: =IF(I27>0,0,ESF!J29-ESF!I29) -> 0
B28: Bienes Inmuebles, Infraestructura y Construcciones en Proceso | D28: =IF(ESF!D31<ESF!E31,ESF!E31-ESF!D31,0) -> 0 | E28: =IF(D28>0,0,ESF!D31-ESF!E31) -> 779177.7 | G28: Documentos por Pagar a Largo Plazo | I28: =IF(ESF!I30>ESF!J30,ESF!I30-ESF!J30,0) -> 0 | J28: =IF(I28>0,0,ESF!J30-ESF!I30) -> 0
B29: Bienes Muebles | D29: =IF(ESF!D32<ESF!E32,ESF!E32-ESF!D32,0) -> 0 | E29: =IF(D29>0,0,ESF!D32-ESF!E32) -> 2974022.9 | G29: Deuda Pública a Largo Plazo | I29: =IF(ESF!I31>ESF!J31,ESF!I31-ESF!J31,0) -> 0 | J29: =IF(I29>0,0,ESF!J31-ESF!I31) -> 0
B30: Activos Intangibles | D30: =IF(ESF!D33<ESF!E33,ESF!E33-ESF!D33,0) -> 0 | E30: =IF(D30>0,0,ESF!D33-ESF!E33) -> 0 | G30: Pasivos Diferidos a Largo Plazo | I30: =IF(ESF!I32>ESF!J32,ESF!I32-ESF!J32,0) -> 0 | J30: =IF(I30>0,0,ESF!J32-ESF!I32) -> 0
B31: Depreciación, Deterioro y Amortización Acumulada de Bienes | D31: =IF(ESF!D34<ESF!E34,ESF!E34-ESF!D34,0) -> 0 | E31: =IF(D31>0,0,ESF!D34-ESF!E34) -> 0 | G31: Fondos y Bienes de Terceros en Garantía y/o en Administración a Largo Plazo | I31: =IF(ESF!I33>ESF!J33,ESF!I33-ESF!J33,0) -> 0 | J31: =IF(I31>0,0,ESF!J33-ESF!I33) -> 0
B32: Activos Diferidos | D32: =IF(ESF!D35<ESF!E35,ESF!E35-ESF!D35,0) -> 0 | E32: =IF(D32>0,0,ESF!D35-ESF!E35) -> 0 | G32: Provisiones a Largo Plazo | I32: =IF(ESF!I34>ESF!J34,ESF!I34-ESF!J34,0) -> 0 | J32: =IF(I32>0,0,ESF!J34-ESF!I34) -> 0
B33: Estimación por Pérdida o Deterioro de Activos no Circulantes | D33: =IF(ESF!D36<ESF!E36,ESF!E36-ESF!D36,0) -> 0 | E33: =IF(D33>0,0,ESF!D36-ESF!E36) -> 0
B34: Otros Activos no Circulantes | D34: =IF(ESF!D37<ESF!E37,ESF!E37-ESF!D37,0) -> 0 | E34: =IF(D34>0,0,ESF!D37-ESF!E37) -> 0 | G34: HACIENDA PÚBLICA/ PATRIMONIO | I34: =I36+I42+I50 -> 10023084 | J34: =J36+J42+J50 -> 25149328
G36: Hacienda Pública/Patrimonio Contribuido | I36: =SUM(I38:I40) -> 3811299.8 | J36: =SUM(J38:J40) -> 0
G38: Aportaciones | I38: =IF(ESF!I44>ESF!J44,ESF!I44-ESF!J44,0) -> 3811299.8 | J38: =IF(I38>0,0,ESF!J44-ESF!I44) -> 0
G39: Donaciones de Capital | I39: =IF(ESF!I45>ESF!J45,ESF!I45-ESF!J45,0) -> 0 | J39: =IF(I39>0,0,ESF!J45-ESF!I45) -> 0
G40: Actualización de la Hacienda Pública / Patrimonio | I40: =IF(ESF!I46>ESF!J46,ESF!I46-ESF!J46,0) -> 0 | J40: =IF(I40>0,0,ESF!J46-ESF!I46) -> 0
G42: Hacienda Pública/Patrimonio Generado | I42: =SUM(I44:I48) -> 6211784.1 | J42: =SUM(J44:J48) -> 25149328
G44: Resultados del Ejercicio (Ahorro / Desahorro) | I44: =IF(ESF!I50>ESF!J50,ESF!I50-ESF!J50,0) -> 3685084.6 | J44: =IF(I44>0,0,ESF!J50-ESF!I50) -> 0
G45: Resultados de Ejercicios Anteriores | I45: =IF(ESF!I51>ESF!J51,ESF!I51-ESF!J51,0) -> 2526699.5 | J45: =IF(I45>0,0,ESF!J51-ESF!I51) -> 0
G46: Revalúos | I46: =IF(ESF!I52>ESF!J52,ESF!I52-ESF!J52,0) -> 0 | J46: =IF(I46>0,0,ESF!J52-ESF!I52) -> 0
G47: Reservas | I47: =IF(ESF!I53>ESF!J53,ESF!I53-ESF!J53,0) -> 0 | J47: =IF(I47>0,0,ESF!J53-ESF!I53) -> 0
G48: Rectificaciones de Resultados de Ejercicios Anteriores | I48: =IF(ESF!I54>ESF!J54,ESF!I54-ESF!J54,0) -> 0 | J48: 25149328
G50: Exceso o Insuficiencia en la Actualización de la Hacienda Pública/Patrimonio | I50: =SUM(I52:I53) -> 0 | J50: =SUM(J52:J53) -> 0
G52: Resultado por Posición Monetaria | I52: =IF(ESF!I58>ESF!J58,ESF!I58-ESF!J58,0) -> 0 | J52: =IF(I52>0,0,ESF!J58-ESF!I58) -> 0
G53: Resultado por Tenencia de Activos no Monetarios | I53: =IF(ESF!I59>ESF!J59,ESF!I59-ESF!J59,0) -> 0 | J53: =IF(I53>0,0,ESF!J59-ESF!I59) -> 0
B57: Bajo protesta de decir verdad declaramos que los Estados Financieros y sus Notas son razonablemente correctos y responsabilidad del emisor
C60: KARLA ALEJANDRINA LANUZA HERNANDEZ | G60: RAMIRO CONTRERAS RODRIGUEZ
C61: DIRECTORA | G61: SUBDIRECTOR DE FINANZAS Y ADMINISTRACIÓN

Sheet PT_ESF_ECSF
A2: Sector: | E2: =ESF!#REF! -> #REF!
A3: Ente Público: | E3: =ESF!C5 -> 0
A4: Fecha:
A5: Edo. Financiero | E5: EF
C6: Año | E6: 2013
A7: Activo | B7: Activo Circulante | C7: Efectivo y Equivalentes | E7: =ESF!D16 -> 33094593
C8: Derechos a Recibir Efectivo o Equivalentes | E8: =ESF!D17 -> 29148
C9: Derechos a Recibir Bienes o Servicios | E9: =ESF!D18 -> 78663.66
C10: Inventarios | E10: =ESF!D19 -> 0
C11: Almacenes | E11: =ESF!D20 -> 0
C12: Estimación por Pérdida o Deterioro de Activos Circulantes | E12: =ESF!D21 -> 0
C13: Otros Activos Circulantes | E13: =ESF!D22 -> 1827
C14: Total de Activos Circulantes | E14: =ESF!D24 -> 33204232
B15: Activo No Circulante | C15: Inversiones Financieras a Largo Plazo | E15: =ESF!D29 -> 0
C16: Derechos a Recibir Efectivo o Equivalentes a Largo Plazo | E16: =ESF!D30 -> 0
C17: Bienes Inmuebles, Infraestructura y Construcciones en Proceso | E17: =ESF!D31 -> 77202942
C18: Bienes Muebles | E18: =ESF!D32 -> 24966891
C19: Activos Intangibles | E19: =ESF!D33 -> 2851.04
C20: Depreciación, Deterioro y Amortización Acumulada de Bienes | E20: =ESF!D34 -> -8442779.4
C21: Activos Diferidos | E21: =ESF!D35 -> 0
C22: Estimación por Pérdida o Deterioro de Activos no Circulantes | E22: =ESF!D36 -> 0
C23: Otros Activos no Circulantes | E23: =ESF!D37 -> 0
C24: Total de Activos No Circulantes | E24: =ESF!D39 -> 93729904
C25: TOTAL DEL ACTIVO | E25: =ESF!D41 -> 1.2693414e+08
A26: Pasivo | B26: Pasivo Circulante | C26: Cuentas por Pagar a Corto Plazo | E26: =ESF!I16 -> 569315.99
C27: Documentos por Pagar a Corto Plazo | E27: =ESF!I17 -> 0
C28: Porción a Corto Plazo de la Deuda Pública a Largo Plazo | E28: =ESF!I18 -> 0
C29: Títulos y Valores a Corto Plazo | E29: =ESF!I19 -> 0
C30: Pasivos Diferidos a Corto Plazo | E30: =ESF!I20 -> 0
C31: Fondos y Bienes de Terceros en Garantía y/o Administración a Corto Plazo | E31: =ESF!I21 -> 0
C32: Provisiones a Corto Plazo | E32: =ESF!I22 -> 0
C33: Otros Pasivos a Corto Plazo | E33: =ESF!I23 -> 23417.85
C34: Total de Pasivos Circulantes | E34: =ESF!I25 -> 592733.84
B35: Pasivo No Circulante | C35: Cuentas por Pagar a Largo Plazo | E35: =ESF!I29 -> 0
C36: Documentos por Pagar a Largo Plazo | E36: =ESF!I30 -> 0
C37: Deuda Pública a Largo Plazo | E37: =ESF!I31 -> 0
C38: Pasivos Diferidos a Largo Plazo | E38: =ESF!I32 -> 0
C39: Fondos y Bienes de Terceros en Garantía y/o en Administración a Largo Plazo | E39: =ESF!I33 -> 0
C40: Provisiones a Largo Plazo | E40: =ESF!I34 -> 0
C41: Total de Pasivos No Circulantes | E41: =ESF!I36 -> 0
C42: TOTAL DEL PASIVO | E42: =ESF!I38 -> 592733.84
B43: HACIENDA PÚBLICA/ PATRIMONIO | C43: Hacienda Pública/Patrimonio Contribuido | E43: =ESF!I42 -> 92445868
C44: Aportaciones | E44: =ESF!I44 -> 92445868
C45: Donaciones de Capital | E45: =ESF!I45 -> 0
C46: Actualización de la Hacienda Pública / Patrimonio | E46: =ESF!I46 -> 0
C47: Hacienda Pública/Patrimonio Generado | E47: =ESF!I48 -> 33895535
C48: Resultados del Ejercicio (Ahorro / Desahorro) | E48: =ESF!I50 -> 6219507.1
C49: Resultados de Ejercicios Anteriores | E49: =ESF!I51 -> 27676028
C50: Revalúos | E50: =ESF!I52 -> 0
C51: Reservas | E51: =ESF!I53 -> 0
C52: Rectificaciones de Resultados de Ejercicios Anteriores | E52: =ESF!I54 -> 0
C53: Exceso o Insuficiencia en la Actualización de la Hacienda Publica/Patrimonio | E53: =ESF!I56 -> 0
C54: Resultado por Posición Monetaria | E54: =ESF!I58 -> 0
C55: Resultado por Tenencia de Activos no Monetarios | E55: =ESF!I59 -> 0
C56: Total Hacienda Pública/ Patrimonio | E56: =ESF!I61 -> 1.263414e+08
C57: TOTAL DEL PASIVO Y HACIENDA PÚBLICA / PATRIMONIO | E57: =ESF!I63 -> 1.2693414e+08
C58: Año | E58: 2012
A59: Activo | B59: Activo Circulante | C59: Efectivo y Equivalentes | E59: =ESF!E16 -> 30852593
C60: Derechos a Recibir Efectivo o Equivalentes | E60: =ESF!E17 -> 17063.95
C61: Derechos a Recibir Bienes o Servicios | E61: =ESF!E18 -> 313006.26
C62: Inventarios | E62: =ESF!E19 -> 0
C63: Almacenes | E63: =ESF!E20 -> 0
C64: Estimación por Pérdida o Deterioro de Activos Circulantes | E64: =ESF!E21 -> 0
C65: Otros Activos Circulantes | E65: =ESF!E22 -> 1827
C66: Total de Activos Circulantes | E66: =ESF!E24 -> 31184490
B67: Activo No Circulante | C67: Inversiones Financieras a Largo Plazo | E67: =ESF!E29 -> 0
C68: Derechos a Recibir Efectivo o Equivalentes a Largo Plazo | E68: =ESF!E30 -> 0
C69: Bienes Inmuebles, Infraestructura y Construcciones en Proceso | E69: =ESF!E31 -> 76423764
C70: Bienes Muebles | E70: =ESF!E32 -> 21992868
C71: Activos Intangibles | E71: =ESF!E33 -> 2851.04
C72: Depreciación, Deterioro y Amortización Acumulada de Bienes | E72: =ESF!E34 -> -8442779.4
C73: Activos Diferidos | E73: =ESF!E35 -> 0
C74: Estimación por Pérdida o Deterioro de Activos no Circulantes | E74: =ESF!E36 -> 0
C75: Otros Activos no Circulantes | E75: =ESF!E37 -> 0
C76: Total de Activos No Circulantes | E76: =ESF!E39 -> 89976704
C77: TOTAL DEL ACTIVO | E77: =ESF!E41 -> 1.2116119e+08
A78: Pasivo | B78: Pasivo Circulante | C78: Cuentas por Pagar a Corto Plazo | E78: =ESF!J16 -> 4828004.4
C79: Documentos por Pagar a Corto Plazo | E79: =ESF!J17 -> 0
C80: Porción a Corto Plazo de la Deuda Pública a Largo Plazo | E80: =ESF!J18 -> 0
C81: Títulos y Valores a Corto Plazo | E81: =ESF!J19 -> 0
C82: Pasivos Diferidos a Corto Plazo | E82: =ESF!J20 -> 0
C83: Fondos y Bienes de Terceros en Garantía y/o Administración a Corto Plazo | E83: =ESF!J21 -> 0
C84: Provisiones a Corto Plazo | E84: =ESF!J22 -> 0
C85: Otros Pasivos a Corto Plazo | E85: =ESF!J23 -> 14871.14
C86: Total de Pasivos Circulantes | E86: =ESF!J25 -> 4842875.6
B87: Pasivo No Circulante | C87: Cuentas por Pagar a Largo Plazo | E87: =ESF!J29 -> 0
C88: Documentos por Pagar a Largo Plazo | E88: =ESF!J30 -> 0
C89: Deuda Pública a Largo Plazo | E89: =ESF!J31 -> 0
C90: Pasivos Diferidos a Largo Plazo | E90: =ESF!J32 -> 0
C91: Fondos y Bienes de Terceros en Garantía y/o en Administración a Largo Plazo | E91: =ESF!J33 -> 0
C92: Provisiones a Largo Plazo | E92: =ESF!J34 -> 0
C93: Total de Pasivos No Circulantes | E93: =ESF!J36 -> 0
C94: TOTAL DEL PASIVO | E94: =ESF!J38 -> 4842875.6
B95: HACIENDA PÚBLICA/ PATRIMONIO | C95: Hacienda Pública/Patrimonio Contribuido | E95: =ESF!J42 -> 88634568
C96: Aportaciones | E96: =ESF!J44 -> 88634568
C97: Donaciones de Capital | E97: =ESF!J45 -> 0
C98: Actualización de la Hacienda Pública / Patrimonio | E98: =ESF!J46 -> 0
C99: Hacienda Pública/Patrimonio Generado | E99: =ESF!J48 -> 27683751
C100: Resultados del Ejercicio (Ahorro / Desahorro) | E100: =ESF!J50 -> 2534422.5
C101: Resultados de Ejercicios Anteriores | E101: =ESF!J51 -> 25149328
...

Sheet EAA
C2: ESTADO ANALÍTICO DEL ACTIVO
A3: Al 30 de Septiembre del 2017
C4: (Pesos)
C5: Ente Público: | D5: INSTITUTO TECNOLOGICO SUPERIOR DE SALVATIERRA
B8: Concepto | D8: Saldo Inicial | E8: Cargos del Periodo | F8: Abonos del Periodo | G8: Saldo Final | H8: Variación del Periodo
D9: 1 | E9: 2 | F9: 3 | G9: 4 =(1+2-3) | H9: (4-1)
B12: ACTIVO | D12: =+D14+D24 -> 1.2116119e+08 | E12: =+E14+E24 -> 71823270 | F12: =+F14+F24 -> 66050328 | G12: =+D12+E12-F12 -> 1.2693414e+08 | H12: =+G12-D12 -> 5772942.1
G13: =+D13+E13-F13 -> 0
B14: Activo Circulante | D14: =SUM(D16:D22) -> 31184490 | E14: =SUM(E16:E22) -> 67791838 | F14: =SUM(F16:F22) -> 65772096 | G14: =+D14+E14-F14 -> 33204232 | H14: =+G14-D14 -> 2019741.5
B16: Efectivo y Equivalentes | D16: =+ESF!E16 -> 30852593 | E16: 39506353 | F16: 37264353 | G16: =+D16+E16-F16 -> 33094593 | H16: =+G16-D16 -> 2242000 | K16: =IF(G16=ESF!D16," ","Error")
B17: Derechos a Recibir Efectivo o Equivalentes | D17: =+ESF!E17 -> 17063.95 | E17: 28108862 | F17: 28096778 | G17: =+D17+E17-F17 -> 29148 | H17: =+G17-D17 -> 12084.05 | K17: =IF(G17=ESF!D17," ","Error")
B18: Derechos a Recibir Bienes o Servicios | D18: =+ESF!E18 -> 313006.26 | E18: 176621.95 | F18: 410964.55 | G18: =+D18+E18-F18 -> 78663.66 | H18: =+G18-D18 -> -234342.6 | K18: =IF(G18=ESF!D18," ","Error")
B19: Inventarios | D19: =+ESF!E19 -> 0 | E19: 0 | F19: 0 | G19: =+D19+E19-F19 -> 0 | H19: =+G19-D19 -> 0 | K19: =IF(G19=ESF!D19," ","Error")
B20: Almacenes | D20: =+ESF!E20 -> 0 | E20: 0 | F20: 0 | G20: =+D20+E20-F20 -> 0 | H20: =+G20-D20 -> 0 | K20: =IF(G20=ESF!D20," ","Error")
B21: Estimación por Pérdida o Deterioro de Activos Circulantes | D21: =+ESF!E21 -> 0 | E21: 0 | F21: 0 | G21: =+D21+E21-F21 -> 0 | H21: =+G21-D21 -> 0 | K21: =IF(G21=ESF!D21," ","Error")
B22: Otros Activos Circulantes | D22: =+ESF!E22 -> 1827 | E22: 0 | F22: 0 | G22: =+D22+E22-F22 -> 1827 | H22: =+G22-D22 -> 0 | K22: =IF(G22=ESF!D22," ","Error")
B24: Activo No Circulante | D24: =SUM(D26:D34) -> 89976704 | E24: =SUM(E26:E34) -> 4031432.8 | F24: =SUM(F26:F34) -> 278232.11 | G24: =+D24+E24-F24 -> 93729904 | H24: =+G24-D24 -> 3753200.7
B26: Inversiones Financieras a Largo Plazo | D26: =+ESF!E29 -> 0 | E26: 0 | F26: 0 | G26: =+D26+E26-F26 -> 0 | H26: =+G26-D26 -> 0
B27: Derechos a Recibir Efectivo o Equivalentes a Largo Plazo | D27: =+ESF!E30 -> 0 | E27: 0 | F27: 0 | G27: =+D27+E27-F27 -> 0 | H27: =+G27-D27 -> 0
B28: Bienes Inmuebles, Infraestructura y Construcciones en Proceso | D28: =+ESF!E31 -> 76423764 | E28: 1057409.8 | F28: 278232.11 | G28: =+D28+E28-F28 -> 77202942 | H28: =+G28-D28 -> 779177.7
B29: Bienes Muebles | D29: =+ESF!E32 -> 21992868 | E29: 2974023 | F29: 0 | G29: =+D29+E29-F29 -> 24966891 | H29: =+G29-D29 -> 2974022.9
B30: Activos Intangibles | D30: =+ESF!E33 -> 2851.04 | E30: 0 | F30: 0 | G30: =+D30+E30-F30 -> 2851.04 | H30: =+G30-D30 -> 0
B31: Depreciación, Deterioro y Amortización Acumulada de Bienes | D31: =+ESF!E34 -> -8442779.4 | E31: 0 | F31: 0 | G31: =+D31+E31-F31 -> -8442779.4 | H31: =+G31-D31 -> 0
B32: Activos Diferidos | D32: =+ESF!E35 -> 0 | E32: 0 | F32: 0 | G32: =+D32+E32-F32 -> 0 | H32: =+G32-D32 -> 0
B33: Estimación por Pérdida o Deterioro de Activos no Circulantes | D33: =+ESF!E36 -> 0 | E33: 0 | F33: 0 | G33: =+D33+E33-F33 -> 0 | H33: =+G33-D33 -> 0
B34: Otros Activos no Circulantes | D34: =+ESF!E37 -> 0 | E34: 0 | F34: 0 | G34: =+D34+E34-F34 -> 0 | H34: =+G34-D34 -> 0 | K34: =IF(G34=ESF!D37," ","error")
B38: Bajo protesta de decir verdad declaramos que los Estados Financieros y sus Notas son razonablemente correctos y responsabilidad del emisor
B41: KARLA ALEJANDRINA LANUZA HERNANDEZ | E41: RAMIRO CONTRERAS RODRIGUEZ
B42: DIRECTORA | E42: SUBDIRECTOR DE FINANZAS Y ADMINISTRACIÓN

Sheet EADP
C2: ESTADO ANALÍTICO DE LA DEUDA Y OTROS PASIVOS
A3: Al 30 de Septiembre del 2017
C4: (Pesos)
D6: Ente Público: | E6: INSTITUTO TECNOLOGICO SUPERIOR DE SALVATIERRA
B9: Denominación de las Deudas | F9: Moneda de Contratación | G9: Institución o País Acreedor | H9: Saldo Inicial del Periodo | I9: Saldo Final del Periodo
B12: DEUDA PÚBLICA
B13: Corto Plazo
B14: Deuda Interna | H14: =SUM(H15:H17) -> 0 | I14: =SUM(I15:I17) -> 0
C15: Instituciones de Crédito | H15: 0 | I15: 0
C16: Títulos y Valores | H16: 0 | I16: 0
C17: Arrendamientos Financieros | H17: 0 | I17: 0
B19: Deuda Externa | H19: =SUM(H20:H23) -> 0 | I19: =SUM(I20:I23) -> 0
C20: Organismos Financieros Internacionales | H20: 0 | I20: 0
C21: Deuda Bilateral | H21: 0 | I21: 0
C22: Títulos y Valores | H22: 0 | I22: 0
C23: Arrendamientos Financieros | H23: 0 | I23: 0
B25: Subtotal a Corto Plazo | H25: =H14+H19 -> 0 | I25: =I14+I19 -> 0
B27: Largo Plazo
B28: Deuda Interna | H28: =SUM(H29:H31) -> 0 | I28: =SUM(I29:I31) -> 0
C29: Instituciones de Crédito | H29: 0 | I29: 0
C30: Títulos y Valores | H30: 0 | I30: 0
C31: Arrendamientos Financieros | H31: 0 | I31: 0
B33: Deuda Externa | H33: =SUM(H34:H37) -> 0 | I33: =SUM(I34:I37) -> 0
C34: Organismos Financieros Internacionales | H34: 0 | I34: 0
C35: Deuda Bilateral | H35: 0 | I35: 0
C36: Títulos y Valores | H36: 0 | I36: 0
C37: Arrendamientos Financieros | H37: 0 | I37: 0
B39: Subtotal a Largo Plazo | H39: =+H28+H33 -> 0 | I39: =+I28+I33 -> 0
B41: Otros Pasivos | H41: 4842875.6 | I41: 592733.84
B43: Total Deuda y Otros Pasivos | H43: =H25+H39+H41 -> 4842875.6 | I43: =I25+I39+I41 -> 592733.84
B46: Bajo protesta de decir verdad declaramos que los Estados Financieros y sus Notas son razonablemente correctos y responsabilidad del emisor
C49: KARLA ALEJANDRINA LANUZA HERNANDEZ | G49: RAMIRO CONTRERAS RODRIGUEZ
C50: DIRECTORA | G50: SUBDIRECTOR DE FINANZAS Y ADMINISTRACIÓN

Sheet EVHP
C2: ESTADO DE VARIACIÓN DE LA HACIENDA PÚBLICA
A3: Al 30 de Septiembre del 2017
C4: (pesos)
C6: Ente Público: | D6: INSTITUTO TECNOLOGICO SUPERIOR DE SALVATIERRA
B9: Concepto | D9: Hacienda Pública/Patrimonio Contribuido | E9: Hacienda Pública/Patrimonio Generado de Ejercicios Anteriores | F9: Hacienda Pública/Patrimonio Generado del Ejercicio | G9: Ajustes por Cambios de Valor | H9: TOTAL
B12: Rectificaciones de Resultados de Ejercicios Anteriores | D12: 0 | E12: 0 | F12: 0 | G12: 0 | H12: =SUM(D12:G12) -> 0
B14: Patrimonio Neto Inicial Ajustado del Ejercicio | D14: =SUM(D15:D17) -> 88634568 | E14: =SUM(E15:E17) -> 0 | F14: =SUM(F15:F17) -> 0 | G14: =SUM(G15:G17) -> 0 | H14: =SUM(D14:G14) -> 88634568
B15: Aportaciones | D15: =+ESF!J44 -> 88634568 | E15: 0 | F15: 0 | G15: 0 | H15: =SUM(D15:G15) -> 88634568
B16: Donaciones de Capital | D16: 0 | E16: 0 | F16: 0 | G16: 0 | H16: =SUM(D16:G16) -> 0
B17: Actualización de la Hacienda Pública/Patrimonio | D17: 0 | E17: 0 | F17: 0 | G17: 0 | H17: =SUM(D17:G17) -> 0
B19: Variaciones de la Hacienda Pública/Patrimonio Neto del Ejercicio | D19: =SUM(D20:D23) -> 0 | E19: =SUM(E20:E23) -> 27683751 | F19: =SUM(F20:F23) -> 0 | G19: =SUM(G20:G23) -> 0 | H19: =SUM(D19:G19) -> 27683751
B20: Resultados del Ejercicio (Ahorro/Desahorro) | D20: 0 | E20: =+ESF!J50 -> 2534422.5 | F20: 0 | G20: 0 | H20: =SUM(D20:G20) -> 2534422.5
B21: Resultados de Ejercicios Anteriores | D21: 0 | E21: =+ESF!J51 -> 25149328 | F21: 0 | G21: 0 | H21: =SUM(D21:G21) -> 25149328
B22: Revalúos | D22: 0 | E22: 0 | F22: 0 | G22: 0 | H22: =SUM(D22:G22) -> 0
B23: Reservas | D23: 0 | E23: 0 | F23: 0 | G23: 0 | H23: =SUM(D23:G23) -> 0
B25: Hacienda Pública/Patrimonio Neto Final del Ejercicio 2015 | D25: =D12+D14+D19 -> 88634568 | E25: =E12+E14+E19 -> 27683751 | F25: =F12+F14+F19 -> 0 | G25: =G12+G14+G19 -> 0 | H25: =SUM(D25:G25) -> 1.1631832e+08 | J25: =+ESF!J61-EVHP!H25 -> 0
B27: Cambios en la Hacienda Pública/Patrimonio Neto del Ejercicio 2016 | D27: =SUM(D28:D30) -> 3811299.8 | E27: =SUM(E28:E30) -> 0 | F27: =SUM(F28:F30) -> 0 | G27: =SUM(G28:G30) -> 0 | H27: =SUM(D27:G27) -> 3811299.8
B28: Aportaciones | D28: =+ESF!I44-D14 -> 3811299.8 | E28: 0 | F28: 0 | G28: 0 | H28: =SUM(D28:G28) -> 3811299.8
B29: Donaciones de Capital | D29: 0 | E29: 0 | F29: 0 | G29: 0 | H29: =SUM(D29:G29) -> 0
B30: Actualización de la Hacienda Pública/Patrimonio | D30: 0 | E30: 0 | F30: 0 | G30: 0 | H30: =SUM(D30:G30) -> 0
B32: Variaciones de la Hacienda Pública/Patrimonio Neto del Ejercicio | D32: =SUM(D33:D36) -> 0 | E32: =SUM(E33:E36) -> -7722.99 | F32: =SUM(F33:F36) -> 6219507.1 | G32: =SUM(G33:G36) -> 0 | H32: =SUM(D32:G32) -> 6211784.1
B33: Resultados del Ejercicio (Ahorro/Desahorro) | D33: 0 | E33: 0 | F33: =+ESF!I50 -> 6219507.1 | G33: 0 | H33: =SUM(D33:G33) -> 6219507.1
B34: Resultados de Ejercicios Anteriores | D34: 0 | E34: =+ESF!I51-E21-E20 -> -7722.99 | F34: 0 | G34: 0 | H34: =SUM(D34:G34) -> -7722.99
B35: Revalúos | D35: 0 | E35: 0 | F35: 0 | G35: 0 | H35: =SUM(D35:G35) -> 0
B36: Reservas | D36: 0 | E36: 0 | F36: 0 | G36: 0 | H36: =SUM(D36:G36) -> 0
B38: Saldo Neto en la Hacienda Pública / Patrimonio 2017 | D38: =D25+D27+D32 -> 92445868 | E38: =E25+E27+E32 -> 27676028 | F38: =F27+F32 -> 6219507.1 | G38: =G25+G27+G32 -> 0 | H38: =SUM(D38:G38) -> 1.263414e+08 | J38: =+H38-ESF!I61 -> 0
B41: Bajo protesta de decir verdad declaramos que los Estados Financieros y sus Notas son razonablemente correctos y responsabilidad del emisor
C44: KARLA ALEJANDRINA LANUZA HERNANDEZ | G44: RAMIRO CONTRERAS RODRIGUEZ
C45: DIRECTORA | G45: SUBDIRECTOR DE FINANZAS Y ADMINISTRACIÓN

Sheet EFE
A2: ESTADOS DE FLUJOS DE EFECTIVO
A3: Al 30 de Septiembre del 2017
A4: (Pesos)
G6: Ente Público: | H6: INSTITUTO TECNOLOGICO SUPERIOR DE SALVATIERRA
B9: Concepto | G9: 2017 | H9: 2016 | J9: Concepto | O9: 2017 | P9: 2016
B12: Flujos de Efectivo de las Actividades de Gestión | J12: Flujos de Efectivo de las Actividades de Inversión
C14: Origen | G14: =SUM(G15:G25) -> 25922331 | H14: =SUM(H15:H25) -> 32878941 | K14: Origen | O14: =SUM(O15:O17) -> 3811299.8 | P14: =SUM(P15:P17) -> 4670990.9
D15: Impuestos | G15: 0 | H15: 0 | L15: Bienes Inmuebles, Infraestructura y Construcciones en Proceso | O15: 3811299.8 | P15: 4670990.9
D16: Cuotas y Aportaciones de Seguridad Social | L16: Bienes Muebles | O16: 0 | P16: 0
D17: Contribuciones de mejoras | G17: 0 | H17: 0 | L17: Otros Orígenes de Inversión | O17: 0 | P17: 0
D18: Derechos | G18: 0 | H18: 0
D19: Productos de Tipo Corriente | G19: 300820 | H19: 435230.07 | K19: Aplicación | O19: =SUM(O20:O22) -> 3753200.7 | P19: =SUM(P20:P22) -> 10279396
D20: Aprovechamientos de Tipo Corriente | G20: 1072076 | H20: 176492.52 | L20: Bienes Inmuebles, Infraestructura y Construcciones en Proceso | O20: 779177.7 | P20: 5238958.9
D21: Ingresos por Venta de Bienes y Servicios | G21: 7801.5 | H21: 1000 | L21: Bienes Muebles | O21: 2974023 | P21: 5037586.5
D22: Ingresos no Comprendidos en las Fracciones de la Ley de Ingresos Causados en Ejercicios Fiscales Anteriores Pendientes de Liquidación o Pago | G22: 0 | H22: 0 | L22: Otras Aplicaciones de Inversión | O22: 0 | P22: 2851.04
D23: Participaciones y Aportaciones | G23: 10913266 | H23: 15698699 | K23: Flujos Netos de Efectivo por Actividades de Inversión | O23: =O14-O19 -> 58099.1 | P23: =P14-P19 -> -5608405.5
D24: Transferencias, Asignaciones y Subsidios y Otras Ayudas | G24: 13621236 | H24: 16557770
D25: Otros Orígenes de Operación | G25: 7131.71 | H25: 9749.02
J26: Flujo de Efectivo de las Actividades de Financiamiento
C27: Aplicación | G27: =SUM(G28:G46) -> 19702822 | H27: =SUM(H28:H46) -> 30344518
D28: Servicios Personales | G28: 16121775 | H28: 22945913 | K28: Origen | O28: =O29+O32 -> 6454673.7 | P28: =P29+P32 -> 4276690.4
D29: Materiales y Suministros | G29: 496805.38 | H29: 1397750.8 | L29: Endeudamiento Neto | O29: =SUM(O30:O31) -> 0 | P29: =SUM(P30:P31) -> 0
D30: Servicios Generales | G30: 2989425.2 | H30: 4329499.6 | L30: Interno | O30: 0 | P30: 0
L31: Externo | O31: 0 | P31: 0
D32: Transferencias Internas y Asignaciones al Sector Público | G32: 0 | H32: 0 | L32: Otros Orígenes de Financiamiento | O32: 6454673.7 | P32: 4276690.4
D33: Transferencias al resto del Sector Público | G33: 0 | H33: 0
D34: Subsidios y Subvenciones | G34: 0 | H34: 0 | K34: Aplicación | O34: =O35+O38 -> 11269458 | P34: =P35+P38 -> 10832608
D35: Ayudas Sociales | G35: 94816.66 | H35: 197133.49 | L35: Servicios de la Deuda | O35: =SUM(O36:O37) -> 0 | P35: =SUM(P36:P37) -> 0
D36: Pensiones y Jubilaciones | G36: 0 | H36: 0 | L36: Interno | O36: 0 | P36: 0
D37: Transferencias a Fideicomisos, Mandatos y Contratos Análogos | G37: 0 | H37: 0 | L37: Externo | O37: 0 | P37: 0
D38: Transferencias a la Seguridad Social | G38: 0 | H38: 0 | L38: Otras Aplicaciones de Financiamiento | O38: 11269458 | P38: 10832608
D39: Donativos | G39: 0 | H39: 0
D40: Transferencias al Exterior | G40: 0 | H40: 0 | K40: Flujos netos de Efectivo por Actividades de Financiamiento | O40: =O28-O34 -> -4814783.9 | P40: =P28-P34 -> -6555918
D42: Participaciones | G42: 0 | H42: 0
D43: Aportaciones | G43: 0 | H43: 0 | J43: Incremento/Disminución Neta en el Efectivo y Equivalentes al Efectivo | O43: =G48+O23+O40 -> 1462824.1 | P43: =H48+P23+P40 -> -9629901
D44: Convenios | G44: 0 | H44: 0
D46: Otras Aplicaciones de Operación | G46: -0.66 | H46: 1474221.3
J47: Efectivo y Equivalente al Efectivo al Inicio del Ejericio | O47: 30852593 | P47: 35240684
C48: Flujos Netos de Efectivo por Actividades de Operación | G48: =G14-G27 -> 6219508.8 | H48: =H14-H27 -> 2534422.5 | J48: Efectivo y Equivalente al Efectivo al Final del Ejericio | O48: =+O47+O43 -> 32315417 | P48: =+ESF!E16 -> 30852593
B53: Bajo protesta de decir verdad declaramos que los Estados Financieros y sus Notas son razonablemente correctos y responsabilidad del emisor
D56: KARLA ALEJANDRINA LANUZA HERNANDEZ | L56: RAMIRO CONTRERAS RODRIGUEZ
D57: DIRECTORA | L57: SUBDIRECTOR DE FINANZAS Y ADMINISTRACIÓN

Sheet PC
A2: INFORME DE PASIVOS CONTIGENTES
A3: Al 30 de Septiembre del 2017
A4: (Pesos)
B6: Ente Público: | C6: INSTITUTO TECNOLOGICO SUPERIOR DE SALVATIERRA
A8: NOMBRE | B8: CONCEPTO
A9: JUICIOS
B12: NO APLICA
A14: GARANTÍAS
A19: AVALES
A24: PENSIONES Y JUBILACIONES
A27: Bajo protesta de decir verdad declaramos que los Estados Financieros y sus Notas son razonablemente correctos y responsabilidad del emisor
B32: KARLA ALEJANDRINA LANUZA HERNANDEZ | D32: RAMIRO CONTRERAS RODRIGUEZ
B33: DIRECTORA | D33: SUBDIRECTOR DE FINANZAS Y ADMINISTRACIÓN

Sheet NOTAS
A3: NOTAS A LOS ESTADOS FINANCIEROS
A4: Al 30 de Septiembre del 2017
E6: Ente Público: | F6: INSTITUTO TECNOLOGICO SUPERIOR DE SALVATIERRA
A8: NOTAS DE DESGLOSE
B9: I) NOTAS AL ESTADO DE SITUACIÓN FINANCIERA
B11: ACTIVO
B13: * EFECTIVO Y EQUIVALENTES | C13: NO APLICA
B15: ESF-01 FONDOS C/INVERSIONES FINANCIERAS | C15: MONTO | D15: TIPO | E15: MONTO PARCIAL
B16: 1114 Inversiones a 3 meses | D16: 0 | E16: 0
D17: 0 | E17: 0
B18: 1121 Inversiones mayores a 3 meses hasta 12. | D18: 0 | E18: 0
D19: 0 | E19: 0
B20: 1211 INVERSIONES A LP | D20: 0 | E20: 0
C21: =SUM(C16:C20) -> 0 | E21: =SUM(E16:E20) -> 0
B25: * DERECHOSA RECIBIR EFECTIVO Y EQUIVALENTES Y BIENES O SERVICIOS A RECIBIR
B27: ESF-02 INGRESOS P/RECUPERAR | C27: MONTO | D27: 2015 | E27: 2014
B28: 1122 CUENTAS POR COBRAR CP
B29: 1122602001 CUENTAS POR COBRAR A ENTIDADES FED Y MPIOS | C29: 0 | D29: 100000 | E29: 1664763
B30: 1122902001 OTRAS CUENTAS POR COBRAR | C30: 0 | D30: 1701.4 | E30: 0
B31: 1124 INGRESOS POR RECUPERAR CP
C33: =SUM(C28:C32) -> 0 | D33: =SUM(D28:D32) -> 101701.4 | E33: =SUM(E28:E32) -> 1664763
B36: ESF-03 DEUDORES P/RECUPERAR | C36: MONTO | D36: 90 DIAS | E36: 180 DIAS | F36: 365 DIAS
B37: 1123101002 GASTOS A RESERVA DE COMPROBAR | C37: 21148 | D37: 21148
B38: 1123102001 FUNCIONARIOS Y EMPLEADOS
B39: 1125 DEUDORES POR ANTICIPOS
B40: 1125102001 FONDO FIJO | C40: 8000 | D40: 8000
B41: 1131001001 ANTICIPO A PROVEEDORES | C41: 4001.73 | D41: 4001.73
B42: 1134201002 ANTICIPO A CONTRATISTAS | C42: 74661.93 | D42: 74661.93
C43: =SUM(C36:C42) -> 107811.66 | D43: =SUM(D36:D42) -> 107811.66 | E43: =SUM(E36:E42) -> 0 | F43: =SUM(F36:F42) -> 0
B47: * BIENES DISPONIBLES PARA SU TRANSFORMACIÓN O CONSUMO.
B49: ESF-05 INVENTARIO Y ALMACENES | C49: MONTO | D49: METODO
B50: 1140 INVENTARIOS | D50: 0
B51: NO APLICA | D51: 0
B52: 1150 ALMACENES
D53: 0
C54: =SUM(C49:C53) -> 0
B58: * INVERSIONES FINANCIERAS.
B60: ESF-06 FIDEICOMISOS, MANDATOS Y CONTRATOS ANALOGOS | C60: MONTO | D60: TIPO | E60: CARACTERISTICAS | F60: NOMBRE DE FIDEICOMIS0O | G60: OBJETO
B61: 1213 FIDEICOMISOS, MANDATOS Y CONTRATOS ANÁLOGOS | D61: 0 | E61: 0 | F61: 0 | G61: 0
C62: NO APLICA | D62: 0 | E62: 0 | F62: 0 | G62: 0
D63: 0 | E63: 0 | F63: 0 | G63: 0
D64: 0 | E64: 0 | F64: 0 | G64: 0
C65: =SUM(C60:C64) -> 0 | D65: 0 | E65: 0 | F65: 0 | G65: 0
B69: ESF-07 PARTICIPACIONES Y APORTACIONES DE CAPITAL | C69: MONTO | D69: TIPO | E69: EMPRESA/OPDES
B70: 1214 PARTICIPACIONES Y APORTACIONES DE CAPITAL | C70: NO APLICA | D70: 0 | E70: 0
D71: 0 | E71: 0
C72: =SUM(C70:C71) -> 0
B78: * BIENES MUEBLES, INMUEBLES E INTAGIBLES
B80: ESF-08 BIENES MUEBLES E INMUEBLES | C80: SALDO INICIAL | D80: SALDO FINAL | E80: FLUJO | F80: CRITERIO
B81: 1230 BIENES INMUEBLES, INFRAESTRUCTURA Y CONTRUCCIONES EN PROCESO | F81: 0
B82: 1236262200 EDIFICACION NO HABITACIONAL | C82: 76423764 | D82: 77202942 | E82: 779177.7 | F82: 0
B83: 1240 BIENES MUEBLES | F83: 0
B84: 1241151100MUEBLES DE OFICINA Y ESTANTERÍA 2011 | C84: 897292.85 | D84: 1041053.2 | E84: 143760.4
B85: 1241151101 MUEBLES DE OFICINA Y ESTANTERÍA 2010 | C85: 845850.33 | D85: 845850.33 | E85: 0
B86: 1241251200 MUEBLES, EXCEPTO DE OFICINA Y ESTANTERÍA | C86: 144255.28 | D86: 144255.28 | E86: 0
B87: 1241351500 EQ DE CÓMP Y DE TECNOLOGÍAS DE LA INFORMACI 2011 | C87: 5403819.8 | D87: 5627513.3 | E87: 223693.51
B88: 1241351501 EQ DE CÓMP Y DE TECNOLOGÍAS DE LA INFORMACI 2010 | C88: 868900.3 | D88: 868900.3 | E88: 0
B89: 1241951900 OTROS MOBILIARIOS Y EQUIPOS DE ADMINISTRACIÓN 2011 | C89: 113686.4 | D89: 113686.4 | E89: 0
B90: 1241951901 OTROS MOBILIARIOS Y EQUIPOS DE ADMINISTRACIÓN 2010 | C90: 201493.91 | D90: 201493.91 | E90: 0
B91: 1242152100 EQUIPO Y APARATOS AUDIOVISUALES 2011 | C91: 335777.55 | D91: 335777.55 | E91: 0
B92: 1242352300 CÁMARAS FOTOGRÁFICAS Y DE VIDEO 2011 | C92: 10873.12 | D92: 10873.12 | E92: 0
B93: 1242952900 OTRO MOB. Y EQUIPO EDUCACIONAL Y RECREATIVO 2011 | C93: 1970767.1 | D93: 2568868.3 | E93: 598101.28
B94: 1242952901 OTRO MOB. Y EQUIPO EDUCACIONAL Y RECREATIVO 2010 | C94: 23610 | D94: 23610 | E94: 0
B95: 1243153100 EQUIPO MÉDICO Y DE LABORATORIO 2011 | C95: 926717 | D95: 1824557 | E95: 897840
... B108: 1247151300 BIENES ARTÍSTICOS, CULTURALES Y CIENTÍFICOS 2011 | C108: 62978.17 | D108: 62978.17 | E108: 0
B110: 1260 DEPRECIACIÓN, DETERIORO Y AMORTIZACIÓN ACUMULADA DE BIENES | E110: 0
B111: 1263151101 DEP. ACUM. MUEBLES DE OFICINA Y ESTANTERÍA 2010 | C111: -264068.28 | D111: -264068.28 | E111: 0
B112: 1263151201 "DEP. ACUM. MUEBLES, EXCEPTO DE OFICINA Y ESTANTER | C112: -51682.35 | D112: -51682.35 | E112: 0
B113: 1263151501 DEP. ACUM. EPO. DE COMPUTO Y DE TECNOLOGIAS DE LA | C113: -3587425.2 | D113: -3587425.2 | E113: 0
B114: 1263151901 DEP. ACUM. OTROS MOBILIARIOS Y EQUIPOS DE ADMINIST | C114: -18011.8 | D114: -18011.8 | E114: 0
B115: 1263252101 DEP. ACUM. EQUIPOS Y APARATOS AUDIOVISUALES 2010 | C115: -36556.06 | D115: -36556.06 | E115: 0
B116: 1263252301 DEP. ACUM. CAMARAS FOTOGRAFICAS Y DE VIDEO 2010 | C116: -3249.99 | D116: -3249.99 | E116: 0
B117: 1263252901 DEP. ACUM. OTRO MOBILIARIO Y EPO. EDUCACIONAL Y RE | C117: -102333.51 | D117: -102333.51 | E117: 0
B118: 1263353101 DEP. ACUM. EQUIPO MÉDICO Y DE LABORATORIO 2010 | C118: -92671.7 | D118: -92671.7 | E118: 0
B119: 1263353201 DEP. ACUM. INSTRUMENTAL MÉDICO Y DE LABORATORIO 20 | C119: -2766715.1 | D119: -2766715.1 | E119: 0
B120: 1263454101 DEP. ACUM. AUTOMÓVILES Y CAMIONES 2010 | C120: -554120.33 | D120: -554120.33 | E120: 0
B121: 1263656201 DEP. ACUM. MAQ. Y EPO. INDUSTRIAL 2010 | C121: -18550 | D121: -18550 | E121: 0
B122: 1263656501 DEP. ACUM. EPO DE COMUNICACIÓN Y TELECOMUNICACIÓN | C122: -144501.13 | D122: -144501.13 | E122: 0 | F122: 0
B123: 1263656601 "DEP. ACUM. EPOS DE GENER. ELÉCTRICA, APARATOS Y 2 | C123: -26599.15 | D123: -26599.15 | E123: 0 | F123: 0
B124: 1263656901 DEP. ACUM. OTROS EQUIPOS 2010 | C124: -776294.78 | D124: -776294.78 | E124: 0 | F124: 0
C125: =SUM(C82:C124) -> 89973853 | D125: =SUM(D82:D124) -> 93727053 | E125: =SUM(E123:E124) -> 0
B128: ESF-09 INTANGIBLES Y DIFERIDOS | C128: SALDO INICIAL | D128: SALDO FINAL | E128: FLUJO | F128: CRITERIO
B129: 1250 ACTIVOS INTANGIBLES
B130: 1252259300 MARCAS | C130: 2851.04 | D130: 2851.04
B131: 1270 ACTIVOS DIFERIDOS
B133: 1260 DEPRECIACIÓN, DETERIORO Y AMORTIZACIÓN ACUMULADA DE BIENES
C134: =SUM(C130:C133) -> 2851.04 | D134: =SUM(D130:D133) -> 2851.04
C135: =SUM(C133:C134) -> 2851.04 | D135: =SUM(D133:D134) -> 2851.04 | E135: =SUM(E133:E134) -> 0
B138: ESF-10 ESTIMACIONES Y DETERIOROS | C138: MONTO
B139: 1280 ESTIMACIÓN POR PÉRDIDA O DETERIORO DE ACTIVOS NO CIRCULANTES
C140: no aplica
C142: =SUM(C140:C141) -> 0
B145: ESF-11 OTROS ACTIVOS | C145: MONTO | D145: CARACTERÍSTICAS
B147: 1191001001 DEPOSITOS EN GARANTIA SERV. | C147: 1827
C151: 1827
B155: PASIVO
B157: ESF-12 CUENTAS Y DOCUMENTOS POR PAGAR | C157: MONTO | D157: 90 DIAS | E157: 180 DIAS | F157: 365 DIAS
B158: 2110 CUENTAS POR PAGAR A CORTO PLAZO
B159: 2111401003 APORTACION PATRONAL IMSS | C159: 781.29 | D159: 781.29
B160: 2117101003 ISR POR SUELDOS Y SALARIOS | C160: 227426.64 | D160: 227426.64
...

Sheet EAI
B1: ESTADO ANALÍTICO DE INGRESOS
D2: POR FUENTE DE FINANCIAMIENTO Y FUENTE DE FINANCIAMIENTO/RUBRO
B3: Del 1 de Enero al 30 de Septiembre de 2017
D5: Ente Público: | E5: INSTITUTO TECNOLOGICO SUPERIOR DE SALVATIERRA
B7: Rubro de Ingresos | E7: Ingreso | J7: Diferencia
E8: Estimado | F8: Ampliaciones y Reducciones | G8: Modificado | H8: Devengado | I8: Recaudado
E9: (1) | F9: (2) | G9: (3= 1 + 2) | H9: (4) | I9: (5) | J9: (6 = 5 - 1 )
B11: Impuestos | E11: 0 | F11: 0 | G11: =+E11+F11 -> 0 | H11: 0 | I11: 0 | J11: =+I11-E11 -> 0
B12: Cuotas y Aportaciones de Seguridad Social | E12: 0 | F12: 0 | G12: =+E12+F12 -> 0 | H12: 0 | I12: 0 | J12: =+I12-E12 -> 0
B13: Contribuciones de Mejoras | E13: 0 | F13: 0 | G13: =+E13+F13 -> 0 | H13: 0 | I13: 0 | J13: =+I13-E13 -> 0
B14: Derechos | E14: 0 | F14: 0 | G14: =+E14+F14 -> 0 | H14: 0 | I14: 0 | J14: =+I14-E14 -> 0
B15: Productos | E15: =+E16+E17 -> 341200 | F15: =+F16+F17 -> 43370.36 | G15: =+G16+G17 -> 384570.36 | H15: =+H16+H17 -> 307950.36 | I15: =+I16+I17 -> 307950.36 | J15: =+I15-E15 -> -33249.64
C16: Corriente | E16: 341200 | F16: 43370.36 | G16: =+E16+F16 -> 384570.36 | H16: 307950.36 | I16: 307950.36 | J16: =+I16-E16 -> -33249.64
C17: Capital
B18: Aprovechamientos | E18: =+E19+E20 -> 3000 | F18: =+F19+F20 -> 7346892.8 | G18: =+G19+G20 -> 7349892.8 | H18: =+H19+H20 -> 3806886.6 | I18: =+I19+I20 -> 3806886.6 | J18: =+I18-E18 -> 3803886.6
C19: Corriente | E19: 3000 | F19: 7346892.8 | G19: =+E19+F19 -> 7349892.8 | H19: 3806886.6 | I19: 3806886.6 | J19: =+I19-E19 -> 3803886.6
C20: Capital | E20: 0
C21: No Comprendidos en las fracciones de la Ley de Ingresos causadas en
C22: ejercicios fiscales anteriores pendiente de liquidación o pago
B23: Ingresos por Ventas de Bienes y Servicios | E23: 1500 | F23: 6301.5 | G23: =+E23+F23 -> 7801.5 | H23: 7801.5 | I23: 7801.5 | J23: =+I23-E23 -> 6301.5
B24: Participaciones y Aportaciones | F24: 17045732 | G24: =+E24+F24 -> 17045732 | H24: 10913266 | I24: 10913266 | J24: =+I24-E24 -> 10913266
B25: Transferencias, Asignaciones, Subsidios y Otras Ayudas | E25: 18231970 | F25: 3853165.2 | G25: =+E25+F25 -> 22085135 | H25: 17432535 | I25: 17432535 | J25: =+I25-E25 -> -799434.59
B26: Ingresos Derivados de Financiamientos
D28: Total | E28: =SUM(E11+E12+E13+E14+E15+E18+E23+E24+E25+E26) -> 18577670 | F28: =SUM(F11+F12+F13+F14+F15+F18+F23+F24+F25+F26) -> 28295462 | G28: =SUM(G11+G12+G13+G14+G15+G18+G23+G24+G25+G26) -> 46873132 | H28: =SUM(H11+H12+H13+H14+H15+H18+H23+H24+H25+H26) -> 32468440 | I28: =SUM(I11+I12+I13+I14+I15+I18+I23+I24+I25+I26) -> 32468440 | J28: =+J15+J18+J23+J24+J25 -> 13890770
H29: Ingresos excedentes¹
B31: Estado Analítico de Ingresos Por Fuente de Financiamiento | E31: Ingreso | J31: Diferencia
E32: Estimado | F32: Ampliaciones y Reducciones | G32: Modificado | H32: Devengado | I32: Recaudado
E33: (1) | F33: (2) | G33: (3= 1 + 2) | H33: (4) | I33: (5) | J33: (6 = 5 - 1 )
D35: INGRESOS PROPIOS | E35: 345700 | F35: =+F37+F38+F41 -> 2201372.9 | G35: =+G37+G38+G41 -> 2547072.9 | H35: =+H37+H38+H41 -> 1472989.9 | I35: =+I37+I38+I41 -> 1472989.9 | J35: =+J37+J38+J41 -> 1127289.9
D36: PRODUCTOS | E36: 341200 | F36: 43370.36 | G36: =+G37 -> 384570.36 | H36: =+H37 -> 307950.36 | I36: =+I37 -> 307950.36 | J36: =+J37 -> -33249.64
D37: PRODUCTOS DE TIPO CORRIENTE | E37: 341200 | F37: 43370.36 | G37: =+E37+F37 -> 384570.36 | H37: 307950.36 | I37: 307950.36 | J37: =+I37-E37 -> -33249.64
D38: APROVECHAMIENTOS | E38: 3000 | F38: =+F39+F40 -> 2151701.1 | G38: =+G39+G40 -> 2154701.1 | H38: =+H39+H40 -> 1157238 | I38: =+I39+I40 -> 1157238 | J38: =+I38-E38 -> 1154238
D39: APROVECHAMIENTOS TIPO CORRIENTE | E39: 3000 | F39: 58174 | G39: =+E39+F39 -> 61174 | H39: 61171 | I39: 61171 | J39: =+I39-E39 -> 58171
D40: APROVECHAMIENTOS NO COMPRENDIDOS EN | F40: 2093527.1 | G40: =+E40+F40 -> 2093527.1 | H40: 1096067 | I40: 1096067 | J40: =+I40-E40 -> 1096067
D41: ING. POR VENTAS DE BIENES Y SERV | E41: 1500 | F41: 6301.5 | G41: =+E41+F41 -> 7801.5 | H41: 7801.5 | I41: 7801.5 | J41: =+I41-E41 -> 6301.5
D42: ING. VTAS BIENES Y SERV. ORG.DESCENTR | E42: 1500 | F42: 6301.5 | G42: =+E42+F42 -> 7801.5 | H42: 7801.5 | I42: 7801.5 | J42: =+I42-E42 -> 6301.5
D44: RECURSOS FEDERALES | E44: 0 | F44: =+F45+F47 -> 20342156 | G44: =+G45+G47 -> 20342156 | H44: =+H45+H47 -> 12493088 | I44: =+I45+I47 -> 12493088 | J44: =+J45+J47 -> 12493088
D45: APROVECHAMIENTOS | E45: 0 | F45: =+F46 -> 3296424.4 | G45: =+G46 -> 3296424.4 | H45: =+H46 -> 1579822.4 | I45: =+I46 -> 1579822.4 | J45: =+J46 -> 1579822.4
D46: APROVECHAMIENTOS NO COMPRENDIDOS EN | E46: 0 | F46: 3296424.4 | G46: =+E46+F46 -> 3296424.4 | H46: 1579822.4 | I46: 1579822.4 | J46: =+I46-E46 -> 1579822.4
D47: PARTICIPACIONES Y APORTACIONES | E47: 0 | F47: =+F48 -> 17045732 | G47: =+G48 -> 17045732 | H47: =+H48 -> 10913266 | I47: =+I48 -> 10913266 | J47: =+J48 -> 10913266
D48: CONVENIOS | E48: 0 | F48: 17045732 | G48: =+E48+F48 -> 17045732 | H48: 10913266 | I48: 10913266 | J48: =+I48-E48 -> 10913266
D50: RECURSOS ESTATALES | E50: =+E51 -> 18231970 | F50: =+F51 -> 3853165.2 | G50: =+G51 -> 22085135 | H50: =+H51 -> 17432535 | I50: =+I51 -> 17432535 | J50: =+J51 -> -799434.59
D51: TRANS., ASIGNACIONES, SUBSIDIOS Y | E51: =+E52 -> 18231970 | F51: =+F52 -> 3853165.2 | G51: =+G52 -> 22085135 | H51: =+H52 -> 17432535 | I51: =+I52 -> 17432535 | J51: =+J52 -> -799434.59
D52: TRANS. INTERNAS Y ASIGN A SECTOR PUB. | E52: 18231970 | F52: 3853165.2 | G52: =+E52+F52 -> 22085135 | H52: 17432535 | I52: 17432535 | J52: =+I52-E52 -> -799434.59
D54: OTROS RECURSOS | E54: 0 | F54: =+F55 -> 1898767.4 | G54: =+G55 -> 1898767.4 | H54: =+H55 -> 1069826.2 | I54: =+I55 -> 1069826.2 | J54: =+J55 -> 1069826.2
D55: APROVECHAMIENTOS | F55: =+F56+F57 -> 1898767.4 | G55: =+G56+G57 -> 1898767.4 | H55: =+H56+H57 -> 1069826.2 | I55: =+I56+I57 -> 1069826.2 | J55: =+J56+J57 -> 1069826.2
D56: APROVECHAMIENTOS TIPO CORRIENTE | F56: 1021735 | G56: =+E56+F56 -> 1021735 | H56: 1010905 | I56: 1010905 | J56: =+I56-E56 -> 1010905
D57: APROVECHAMIENTOS NO COMPRENDIDOS EN | F57: 877032.38 | G57: =+E57+F57 -> 877032.38 | H57: 58921.2 | I57: 58921.2 | J57: =+I57-E57 -> 58921.2
D58: Total | E58: =+E35+E44+E50 -> 18577670 | F58: =+F35+F44+F50+F54 -> 28295462 | G58: =+G35+G44+G50+G54 -> 46873132 | H58: =+H35+H44+H50+H54 -> 32468440 | I58: =+I35+I44+I50+I54 -> 32468440 | J58: =+J35+J44+J50+J54 -> 13890770
B59: Bajo protesta de decir verdad declaramos que los Estados Financieros y sus Notas son razonablemente correctos y responsabilidad del emisor | H59: Ingresos excedentes¹
B61: ¹ Los ingresos excedentes se presentan para efectos de cumplimiento de la Ley General de Contabilidad Gubernamental y el importe reflejado debe ser siempre mayor a cero
D66: KARLA ALEJANDRINA LANUZA HERNANDEZ | H66: RAMIRO CONTRERAS RODRIGUEZ
D67: DIRECTORA | H67: SUBDIRECTOR DE FINANZAS Y ADMINISTRACIÓN

Sheet CAdmon
B2: ESTADO ANALÍTICO DEL EJERCICIO DEL PRESUPUESTO DE EGRESOS
B3: CLASIFICACIÓN ADMINISTRATIVA
B4: Del 1 de Enero al 30 de Septiembre de 2017
C6: Ente Público: | D6: INSTITUTO TECNOLOGICO SUPERIOR DE SALVATIERRA
B8: Concepto | D8: Egresos | K8: Subejercicio
D9: Aprobado | E9: Ampliaciones/ (Reducciones) | F9: Modificado | G9: Comprometido | H9: Devengado | I9: Ejercido | J9: Pagado
D10: 1 | E10: 2 | F10: 3 = (1 + 2 ) | G10: 4 | H10: 5 | I10: 6 | J10: 7 | K10: 6 = ( 3 - 5 )
C13: Entidades Paraestatales | D13: 18577670 | E13: 28295462 | F13: =+D13+E13 -> 46873132 | G13: 28875704 | H13: 23456023 | I13: 23456023 | J13: 23456023 | K13: =+F13-H13 -> 23417108
D16: 0 | E16: 0 | F16: =+D16+E16 -> 0 | G16: 0 | H16: 0 | I16: 0 | J16: 0 | K16: =+F16-H16 -> 0
D17: 0 | E17: 0 | F17: =+D17+E17 -> 0 | G17: 0 | H17: 0 | I17: 0 | J17: 0 | K17: =+F17-H17 -> 0
D18: 0 | E18: 0 | F18: =+D18+E18 -> 0 | G18: 0 | H18: 0 | I18: 0 | J18: 0 | K18: =+F18-H18 -> 0
D19: 0 | E19: 0 | F19: =+D19+E19 -> 0 | G19: 0 | H19: 0 | I19: 0 | J19: 0 | K19: =+F19-H19 -> 0
D20: 0 | E20: 0 | F20: 0 | G20: 0 | H20: 0 | I20: 0 | J20: 0 | K20: =+F20-H20 -> 0
C22: Total del Gasto | D22: =SUM(D12:D20) -> 18577670 | E22: =SUM(E12:E20) -> 28295462 | F22: =SUM(F12:F20) -> 46873132 | G22: =SUM(G12:G20) -> 28875704 | H22: =SUM(H12:H20) -> 23456023 | I22: =SUM(I12:I20) -> 23456023 | J22: =SUM(J12:J20) -> 23456023 | K22: =SUM(K12:K20) -> 23417108
B24: Bajo protesta de decir verdad declaramos que los Estados Financieros y sus Notas son razonablemente correctos y responsabilidad del emisor
C28: KARLA ALEJANDRINA LANUZA HERNANDEZ | F28: RAMIRO CONTRERAS RODRIGUEZ
C29: DIRECTORA | F29: SUBDIRECTOR DE FINANZAS Y ADMINISTRACION

Sheet CTG
B1: ESTADO ANALÍTICO DEL EJERCICIO DEL PRESUPUESTO DE EGRESOS
B2: CLASIFICACIÓN ECONÓMICA (POR TIPO DE GASTO)
B3: Del 1 de Enero al 30 de Septiembre de 2017
C5: Ente Público: | D5: INSTITUTO TECNOLOGICO SUPERIOR DE SALVATIERRA
B7: Concepto | D7: Egresos | K7: Subejercicio
D8: Aprobado | E8: Ampliaciones/ (Reducciones) | F8: Modificado | G8: Comprometido | H8: Devengado | I8: Ejercido | J8: Pagado
D9: 1 | E9: 2 | F9: 3 = (1 + 2 ) | G9: 4 | H9: 5 | I9: 6 | J9: 7 | K9: 6 = ( 3 - 5 )
C11: Gasto Corriente | D11: 16798192 | E11: 20876521 | F11: =+D11+E11 -> 37674713 | G11: 20782771 | H11: 19702823 | I11: 19702823 | J11: 19702823 | K11: =F11-H11 -> 17971890
C12: Gasto de Capital | D12: 1165870 | E12: 7418941.2 | F12: =+D12+E12 -> 8584811.2 | G12: 8092933.7 | H12: 3753200.6 | I12: 3753200.6 | J12: 3753200.6 | K12: =F12-H12 -> 4831610.6
C13: Amortización de la Deuda y Disminución de Pasivos | D13: 613607.69 | E13: 0 | F13: =+D13+E13 -> 613607.69 | G13: 0 | H13: 0 | I13: 0 | J13: 0 | K13: =F13-H13 -> 613607.69
C14: FUENTES FINANCIERAS | D14: 613607.69 | E14: 0 | F14: =+D14+E14 -> 613607.69 | G14: 0 | H14: 0 | I14: 0 | J14: 0 | K14: =F14-H14 -> 613607.69
C15: Total del Gasto | D15: =+D11+D12+D13 -> 18577670 | E15: =+E11+E12+E13 -> 28295462 | F15: =+F11+F12+F13 -> 46873132 | G15: =+G11+G12+G13 -> 28875704 | H15: =+H11+H12+H13 -> 23456023 | I15: =+I11+I12+I13 -> 23456023 | J15: =+J11+J12+J13 -> 23456023 | K15: =+K11+K12+K13 -> 23417108
C17: Bajo protesta de decir verdad declaramos que los Estados Financieros y sus Notas son razonablemente correctos y responsabilidad del emisor
D18: =IF(D15=CAdmon!D22," ","ERROR") | E18: =IF(E15=CAdmon!E22," ","ERROR") | F18: =IF(F15=CAdmon!F22," ","ERROR") | H18: =IF(H15=CAdmon!H22," ","ERROR") | J18: =IF(J15=CAdmon!J22," ","ERROR") | K18: =IF(K15=CAdmon!K22," ","ERROR")
C20: KARLA ALEJANDRINA LANUZA HERNANDEZ | F20: RAMIRO CONTRERAS RODRIGUEZ
C21: DIRECTORA | F21: SUBDIRECTOR DE FINANZAS Y ADMINISTRACION

Sheet COG
B1: ESTADO ANALÍTICO DEL EJERCICIO DEL PRESUPUESTO DE EGRESOS
B2: CLASIFICACIÓN POR OBJETO DEL GASTO (CAPÍTULO Y CONCEPTO)
B3: Del 1 de Enero al 30 de Septiembre de 2017
C5: Ente Público: | D5: INSTITUTO TECNOLOGICO SUPERIOR DE SALVATIERRA
B7: Concepto | D7: Egresos | K7: Subejercicio
D8: Aprobado | E8: Ampliaciones/ (Reducciones) | F8: Modificado | G8: Comprometido | H8: Devengado | I8: Ejercido | J8: Pagado
D9: 1 | E9: 2 | F9: 3 = (1 + 2 ) | G9: 4 | H9: 5 | I9: 6 | J9: 7 | K9: 6 = ( 3 - 5 )
B10: Servicios Personales | D10: =SUM(D11:D16) -> 13806368 | E10: =SUM(E11:E16) -> 17359596 | F10: =+D10+E10 -> 31165964 | G10: =SUM(G11:G16) -> 16136211 | H10: =SUM(H11:H16) -> 16121775 | I10: =SUM(I11:I16) -> 16121775 | J10: =SUM(J11:J16) -> 16121775 | K10: =+F10-H10 -> 15044189
C11: Remuneraciones al personal de carácter permanente | D11: 9781615.9 | E11: 11583547 | F11: =+D11+E11 -> 21365163 | G11: 11647798 | H11: 11647798 | I11: 11647798 | J11: 11647798 | K11: =+F11-H11 -> 9717365.1
C12: Remuneraciones al personal de carácter transitorio | D12: 330000 | E12: 46450 | F12: =+D12+E12 -> 376450 | G12: 291606.01 | H12: 284006.01 | I12: 284006.01 | J12: 284006.01 | K12: =+F12-H12 -> 92443.99
C13: Remuneraciones adicionales y especiales | D13: 1522652 | E13: 1729308.1 | F13: =+D13+E13 -> 3251960.1 | G13: 648963.53 | H13: 648963.53 | I13: 648963.53 | J13: 648963.53 | K13: =+F13-H13 -> 2602996.6
C14: Seguridad Social | D14: 1539000 | E14: 2215172 | F14: =+D14+E14 -> 3754172 | G14: 2472228.2 | H14: 2472228.2 | I14: 2472228.2 | J14: 2472228.2 | K14: =+F14-H14 -> 1281943.8
C15: Otras prestaciones sociales y económicas | D15: 533100 | E15: 909429.34 | F15: =+D15+E15 -> 1442529.3 | G15: 880598.74 | H15: 873763.28 | I15: 873763.28 | J15: 873763.28 | K15: =+F15-H15 -> 568766.06
C16: Pago de estímulos a servidores públicos | D16: 100000 | E16: 875690 | F16: =+D16+E16 -> 975690 | G16: 195016.8 | H16: 195016.8 | I16: 195016.8 | J16: 195016.8 | K16: =+F16-H16 -> 780673.2
B17: Materiales y Suministros | D17: =SUM(D18:D24) -> 450516 | E17: =SUM(E18:E24) -> 603707.72 | F17: =+D17+E17 -> 1054223.7 | G17: =SUM(G18:G24) -> 735529.01 | H17: =SUM(H18:H24) -> 496805.38 | I17: =SUM(I18:I24) -> 496805.38 | J17: =SUM(J18:J24) -> 496805.38 | K17: =+F17-H17 -> 557418.34
C18: Materiales de administración, emisión de documentos y artículos oficiales | D18: 200250 | E18: 131255.67 | F18: =+D18+E18 -> 331505.67 | G18: 237489.89 | H18: 178558.75 | I18: 178558.75 | J18: 178558.75 | K18: =+F18-H18 -> 152946.92
C19: Alimentos y utensilios | D19: 11840 | E19: 20982.75 | F19: =+D19+E19 -> 32822.75 | G19: 22126.85 | H19: 22126.85 | I19: 22126.85 | J19: 22126.85 | K19: =+F19-H19 -> 10695.9
C20: Materiales y artículos de construcción y de reparación | D20: 21273 | E20: 112490.94 | F20: =+D20+E20 -> 133763.94 | G20: 81773.94 | H20: 45384.5 | I20: 45384.5 | J20: 45384.5 | K20: =+F20-H20 -> 88379.44
C21: Productos químicos, farmacéuticos y de laboratorio | D21: 25553 | E21: 74472.5 | F21: =+D21+E21 -> 100025.5 | G21: 98161.91 | H21: 40202.23 | I21: 40202.23 | J21: 40202.23 | K21: =+F21-H21 -> 59823.27
C22: Combustibles, lubricantes y aditivos | D22: 87000 | E22: 83019.57 | F22: =+D22+E22 -> 170019.57 | G22: 128096.65 | H22: 128096.65 | I22: 128096.65 | J22: 128096.65 | K22: =+F22-H22 -> 41922.92
C23: Vestuario, blancos, prendas de protección y artículos deportivos | D23: 79000 | E23: 36760 | F23: =+D23+E23 -> 115760 | G23: 67840.12 | H23: 22280.12 | I23: 22280.12 | J23: 22280.12 | K23: =+F23-H23 -> 93479.88
C24: Herramientas, refacciones y accesorios menores | D24: 25600 | E24: 144726.29 | G24: 100039.65 | H24: 60156.28 | I24: 60156.28 | J24: 60156.28
B25: Servicios Generales | D25: =SUM(D26:D34) -> 2441308.4 | E25: =SUM(E26:E34) -> 3100175.6 | F25: =+D25+E25 -> 5541483.9 | G25: =SUM(G26:G34) -> 3765034.2 | H25: =SUM(H26:H34) -> 2989425.2 | I25: =SUM(I26:I34) -> 2989425.2 | J25: =SUM(J26:J34) -> 2989425.2 | K25: =+F25-H25 -> 2552058.7
C26: Servicios básicos | D26: 436676.75 | E26: 459153.65 | F26: =+D26+E26 -> 895830.4 | G26: 626494.87 | H26: 624645.91 | I26: 624645.91 | J26: 624645.91 | K26: =+F26-H26 -> 271184.49
C27: Servicios de arrendamiento | D27: 98400 | E27: 306834.72 | F27: =+D27+E27 -> 405234.72 | G27: 383330.01 | H27: 183830.74 | I27: 183830.74 | J27: 183830.74 | K27: =+F27-H27 -> 221403.98
C28: Servicios profesionales, científicos, técnicos y otros servicios | D28: 485300 | E28: 214738.44 | F28: =+D28+E28 -> 700038.44 | G28: 510734.93 | H28: 510734.92 | I28: 510734.92 | J28: 510734.92 | K28: =+F28-H28 -> 189303.52
C29: Servicios financieros, bancarios y comerciales | D29: 16600 | E29: 41009.23 | F29: =+D29+E29 -> 57609.23 | G29: 57609.23 | H29: 57609.23 | I29: 57609.23 | J29: 57609.23 | K29: =+F29-H29 -> 0
C30: Servicios de instalación, reparación, mantenimiento y conservación | D30: 532290 | E30: 1475109.1 | F30: =+D30+E30 -> 2007399.1 | G30: 1075918.8 | H30: 833465.81 | I30: 833465.81 | J30: 833465.81 | K30: =+F30-H30 -> 1173933.3
C31: Servicios de comunicación social y publicidad | D31: 91500 | E31: 91600 | F31: =+D31+E31 -> 183100 | G31: 154263.18 | H31: 141263.18 | I31: 141263.18 | J31: 141263.18 | K31: =+F31-H31 -> 41836.82
C32: Servicios de traslado y viáticos | D32: 73258.5 | E32: 53997.21 | F32: =+D32+E32 -> 127255.71 | G32: 61256.66 | H32: 58243.76 | I32: 58243.76 | J32: 58243.76 | K32: =+F32-H32 -> 69011.95
C33: Servicios oficiales | D33: 209100 | E33: 45523.27 | F33: =+D33+E33 -> 254623.27 | G33: 203649.37 | H33: 93601.35 | I33: 93601.35 | J33: 93601.35 | K33: =+F33-H33 -> 161021.92
C34: Otros Servicios Generales | D34: 498183.11 | E34: 412209.95 | F34: =+D34+E34 -> 910393.06 | G34: 691777.06 | H34: 486030.34 | I34: 486030.34 | J34: 486030.34 | K34: =+F34-H34 -> 424362.72
B35: Transferencias, Asignaciones, Subsidios y Otras Ayudas | D35: =SUM(D36:D36) -> 100000 | E35: =SUM(E36:E36) -> 414200 | F35: =+D35+E35 -> 514200 | G35: =SUM(G36:G36) -> 145996.66 | H35: =SUM(H36:H36) -> 94816.66 | I35: =SUM(I36:I36) -> 94816.66 | J35: =SUM(J36:J36) -> 94816.66 | K35: =+F35-H35 -> 419383.34
C36: Ayudas sociales | D36: 100000 | E36: 414200 | F36: =+D36+E36 -> 514200 | G36: 145996.66 | H36: 94816.66 | I36: 94816.66 | J36: 94816.66 | K36: =+F36-H36 -> 419383.34
B37: Bienes Muebles, Inmuebles e Intangibles | D37: =SUM(D38:D41) -> 1165870 | E37: =SUM(E38:E41) -> 6390890.3 | F37: =SUM(F38:F41) -> 7556760.3 | G37: =SUM(G38:G41) -> 7217791.9 | H37: =SUM(H38:H41) -> 2974023 | I37: =SUM(I38:I41) -> 2974023 | J37: =SUM(J38:J41) -> 2974023 | K37: =SUM(K38:K41) -> 4582737.4
C38: Mobiliario y equipo de administración | D38: 315000 | E38: 2442210.6 | F38: =+D38+E38 -> 2757210.6 | G38: 2623931.1 | H38: 367453.91 | I38: 367453.91 | J38: 367453.91 | K38: =+F38-H38 -> 2389756.7
C39: Mobiliario y equipo educacional y recreativo | D39: 240000 | E39: 639673.99 | F39: =+D39+E39 -> 879673.99 | G39: 807808.48 | H39: 598101.28 | I39: 598101.28 | J39: 598101.28 | K39: =+F39-H39 -> 281572.71
C40: Equipo e instrumental medico y de laboratorio | D40: 0 | E40: 897840 | F40: =+D40+E40 -> 897840 | G40: 897840 | H40: 897840 | I40: 897840 | J40: 897840 | K40: =+F40-H40 -> 0
C41: Maquinaria, otros equipos y herramientas | D41: 610870 | E41: 2411165.7 | F41: =D41+E41 -> 3022035.7 | G41: 2888212.3 | H41: 1110627.8 | I41: 1110627.8 | J41: 1110627.8 | K41: =+F41-H41 -> 1911407.9
B42: Inversion Publica | D42: =+D43 -> 0 | E42: =+E43 -> 1028050.9 | F42: =+F43 -> 1028050.9 | G42: =+G43 -> 875141.74 | H42: =+H43 -> 779177.7 | I42: =+I43 -> 779177.7 | J42: =+J43 -> 779177.7 | K42: =+K43 -> 248873.22
C43: Obra publica en bienes propios | E43: 1028050.9 | F43: =+D43+E43 -> 1028050.9 | G43: 875141.74 | H43: 779177.7 | I43: 779177.7 | J43: 779177.7 | K43: =+F43-H43 -> 248873.22
B44: INVERSIONES FINANCIERAS Y OTRAS PROVISIONES | D44: =+D45 -> 613607.69 | E44: =+E45 -> -601158.84 | F44: =+D44+E44 -> 12448.85 | G44: =+G45 -> 0 | H44: =+H45 -> 0 | I44: =+I45 -> 0 | J44: =+J45 -> 0 | K44: =+F44-H44 -> 12448.85
C45: Provi para contingencias y otras erog especiales | D45: 613607.69 | E45: -601158.84 | F45: =+D45+E45 -> 12448.85 | G45: 0 | H45: 0 | I45: 0 | J45: 0 | K45: =+F45-H45 -> 12448.85
C46: Total del Gasto | D46: =+D10+D17+D25+D35+D37+D44 -> 18577670 | E46: =+E10+E17+E25+E35+E37+E44+E42 -> 28295462 | F46: =+F10+F17+F25+F35+F37+F44+F42 -> 46873132 | G46: =+G10+G17+G25+G35+G37+G44+G42 -> 28875704 | H46: =+H10+H17+H25+H35+H37+H44+H42 -> 23456023 | I46: =+I10+I17+I25+I35+I37+I44+I42 -> 23456023 | J46: =+J10+J17+J25+J35+J37+J44+J42 -> 23456023 | K46: =+K10+K17+K25+K35+K37+K44+K42 -> 23417108
B48: Bajo protesta de decir verdad declaramos que los Estados Financieros y sus Notas son razonablemente correctos y responsabilidad del emisor
D50: =IF(D47=CAdmon!D37," ","ERROR") | E50: =IF(E47=CAdmon!E37," ","ERROR") | F50: =IF(F47=CAdmon!F37," ","ERROR") | H50: =IF(H47=CAdmon!H37," ","ERROR") | J50: =IF(J47=CAdmon!J37," ","ERROR") | K50: =IF(K47=CAdmon!K37," ","ERROR")
C52: KARLA ALEJANDRINA LANUZA HERNANDEZ | F52: RAMIRO CONTRERAS RODRIGUEZ
C53: DIRECTORA | F53: SUBDIRECTOR DE FINANZAS Y ADMINISTRACION

Sheet CFG
B1: ESTADO ANALÍTICO DEL EJERCICIO DEL PRESUPUESTO DE EGRESOS
B2: CLASIFICACIÓN FUNCIONAL (FINALIDAD Y FUNCIÓN)
B3: Del 01 de Enero al 30 de Septiembre de 2017
C5: Ente Público: | D5: INSTITUTO TECNOLOGICO SUPERIOR DE SALVATIERRA
B7: Concepto | D7: Egresos | K7: Subejercicio
D8: Aprobado | E8: Ampliaciones/ (Reducciones) | F8: Modificado | G8: Comprometido | H8: Devengado | I8: Ejercido | J8: Pagado
D9: 1 | E9: 2 | F9: 3 = (1 + 2 ) | G9: 4 | H9: 5 | I9: 6 | J9: 7 | K9: 6 = ( 3 - 5 )
B11: Gobierno | D11: =SUM(D12:D20) -> 0 | E11: =SUM(E12:E20) -> 0 | F11: =SUM(F12:F20) -> 0 | G11: =SUM(G12:G20) -> 0 | H11: =SUM(H12:H20) -> 0 | I11: =SUM(I12:I20) -> 0 | J11: =SUM(J12:J20) -> 0 | K11: =SUM(K12:K20) -> 0
C12: Legislación | D12: 0 | E12: 0 | F12: =+D12+E12 -> 0 | G12: 0 | H12: 0 | I12: 0 | J12: 0 | K12: =+F12-H12 -> 0
C13: Justicia | F13: =+D13+E13 -> 0 | K13: =+F13-H13 -> 0
C14: Coordinación de la Política de Gobierno | F14: =+D14+E14 -> 0 | K14: =+F14-H14 -> 0
C15: Relaciones Exteriores | F15: =+D15+E15 -> 0 | K15: =+F15-H15 -> 0
C16: Asuntos Financieros y Hacendarios | F16: =+D16+E16 -> 0 | K16: =+F16-H16 -> 0
C17: Seguridad Nacional | F17: =+D17+E17 -> 0 | K17: =+F17-H17 -> 0
C18: Asuntos de Orden Público y de Seguridad Interior | F18: =+D18+E18 -> 0 | K18: =+F18-H18 -> 0
C19: Otros Servicios Generales | F19: =+D19+E19 -> 0 | K19: =+F19-H19 -> 0
F20: =+D20+E20 -> 0
B21: Desarrollo Social | D21: =SUM(D22:D28) -> 18577670 | E21: =SUM(E22:E28) -> 28295462 | F21: =+D21+E21 -> 46873132 | G21: 1670605.9 | H21: =SUM(H22:H28) -> 23456023 | I21: 1670605.9 | J21: =SUM(J22:J28) -> 23456023 | K21: =+F21-H21 -> 23417108
C22: Protección Ambiental | F22: =+D22+E22 -> 0 | K22: =+F22-H22 -> 0
C23: Vivienda y Servicios a la Comunidad | F23: =+D23+E23 -> 0 | K23: =+F23-H23 -> 0
C24: Salud | F24: =+D24+E24 -> 0 | K24: =+F24-H24 -> 0
C25: Recreación, Cultura y Otras Manifestaciones Sociales | F25: =+D25+E25 -> 0 | K25: =+F25-H25 -> 0
C26: Educación | D26: 18577670 | E26: 28295462 | F26: =+D26+E26 -> 46873132 | G26: 28875704 | H26: 23456023 | I26: 23456023 | J26: 23456023 | K26: =+F26-H26 -> 23417108
C27: Protección Social | F27: =+D27+E27 -> 0 | K27: =+F27-H27 -> 0
C28: Otros Asuntos Sociales | F28: =+D28+E28 -> 0 | K28: =+F28-H28 -> 0
F29: =+D29+E29 -> 0
B30: Desarrollo Económico | D30: =SUM(D31:D39) -> 0 | E30: =SUM(E31:E39) -> 0 | F30: =+D30+E30 -> 0 | H30: =SUM(H31:H39) -> 0 | J30: =SUM(J31:J39) -> 0 | K30: =+F30-H30-J30 -> 0
C31: Asuntos Económicos, Comerciales y Laborales en General | F31: =+D31+E31 -> 0 | K31: =+F31-H31 -> 0
C32: Agropecuaria, Silvicultura, Pesca y Caza | E32: =660673.36-660673.36 -> 0 | F32: =+D32+E32 -> 0 | K32: =+F32-H32-J32 -> 0
C33: Combustibles y Energía | F33: =+D33+E33 -> 0 | K33: =+F33-H33 -> 0
C34: Minería, Manufacturas y Construcción | F34: =+D34+E34 -> 0 | K34: =+F34-H34 -> 0
C35: Transporte | F35: =+D35+E35 -> 0 | K35: =+F35-H35 -> 0
C36: Comunicaciones | F36: =+D36+E36 -> 0 | K36: =+F36-H36 -> 0
C37: Turismo | F37: =+D37+E37 -> 0 | K37: =+F37-H37 -> 0
C38: Ciencia, Tecnología e Innovación | F38: =+D38+E38 -> 0 | K38: =+F38-H38 -> 0
C39: Otras Industrias y Otros Asuntos Económicos | F39: =+D39+E39 -> 0 | K39: =+F39-H39 -> 0
B41: Otras no Clasificadas en Funciones Anteriores | D41: =SUM(D42:D45) -> 0 | E41: =SUM(E42:E45) -> 0 | F41: =+D41+E41 -> 0 | H41: =SUM(H42:H45) -> 0 | J41: =SUM(J42:J45) -> 0 | K41: =+F41-H41 -> 0
C42: Transacciones de la Deuda Publica / Costo Financiero de la Deuda | F42: =+D42+E42 -> 0 | K42: =+F42-H42 -> 0
C43: Transferencias, Participaciones y Aportaciones entre Diferentes Niveles y Ordenes de Gobierno | F43: =+D43+E43 -> 0 | K43: =+F43-H43 -> 0
C44: Saneamiento del Sistema Financiero | F44: =+D44+E44 -> 0 | K44: =+F44-H44 -> 0
C45: Adeudos de Ejercicios Fiscales Anteriores | F45: =+D45+E45 -> 0 | K45: =+F45-H45 -> 0
C47: Total del Gasto | D47: =+D11+D21+D30+D41 -> 18577670 | E47: =+E11+E21+E30+E41 -> 28295462 | F47: =+F11+F21+F30+F41 -> 46873132 | G47: =+G11+G21+G30+G41 -> 1670605.9 | H47: =+H11+H21+H30+H41 -> 23456023 | I47: =+I11+I21+I30+I41 -> 1670605.9 | J47: =+J11+J21+J30+J41 -> 23456023 | K47: =+K11+K21+K30+K41 -> 23417108
B49: Bajo protesta de decir verdad declaramos que los Estados Financieros y sus Notas son razonablemente correctos y responsabilidad del emisor | F49: =IF(F47=CAdmon!F22," ","ERROR") | H49: =IF(H47=CAdmon!H22," ","ERROR") | J49: =IF(J47=CAdmon!J22," ","ERROR") | K49: =IF(K47=CAdmon!K22," ","ERROR")
C53: KARLA ALEJANDRINA LANUZA HERNANDEZ | F53: RAMIRO CONTRERAS RODRIGUEZ
C54: DIRECTORA | F54: SUBDIRECTOR DE FINANZAS Y ADMINISTRACION

Sheet EN
B1: ESTADO ANALÍTICO DEL EJERCICIO DEL PRESUPUESTO DE EGRESOS
B2: ENDEUDAMIENTO NETO
B3: Del 01 de Enero al 30 de Septiembre de 2017
D5: Ente Público: | E5: INSTITUTO TECNOLOGICO SUPERIOR DE SALVATIERRA
B7: Identificación de Crédito o Instrumento | D7: Contratación / Colocación | F7: Amortización | H7: Endeudamiento Neto
D8: A | F8: B | H8: C = A - B
B9: Créditos Bancarios
H10: =+D10-F10 -> 0
H11: =+D11-F11 -> 0
H12: =+D12-F12 -> 0
H13: =+D13-F13 -> 0
H14: =+D14-F14 -> 0
H15: =+D15-F15 -> 0
H16: =+D16-F16 -> 0
H17: =+D17-F17 -> 0
H18: =+D18-F18 -> 0
B19: Total Créditos Bancarios | D19: =SUM(D10:E18) -> 0 | F19: =SUM(F10:G18) -> 0 | H19: =+D19-F19 -> 0
B21: Otros Instrumentos de Deuda
H23: =+D23-F23 -> 0
H24: =+D24-F24 -> 0
H25: =+D25-F25 -> 0
H26: =+D26-F26 -> 0
H27: =+D27-F27 -> 0
H28: =+D28-F28 -> 0
H29: =+D29-F29 -> 0
H30: =+D30-F30 -> 0
B31: Total Otros Instrumentos de Deuda | D31: =SUM(D22:E30) -> 0 | F31: =SUM(F22:G30) -> 0 | H31: =+D31-F31 -> 0
B33: TOTAL | D33: =+D19+D31 -> 0 | F33: =+F19+F31 -> 0 | H33: =+H19+H31 -> 0
B35: Bajo protesta de decir verdad declaramos que los Estados Financieros y sus Notas son razonablemente correctos y responsabilidad del emisor
B39: KARLA ALEJANDRINA LANUZA HERNANDEZ | F39: RAMIRO CONTRERAS RODRIGUEZ
B40: DIRECTORA | F40: SUBDIRECTOR DE FINANZAS Y ADMINISTRACIÓN

Sheet ID
A1: ESTADO ANALÍTICO DEL EJERCICIO DEL PRESUPUESTO DE EGRESOS
A2: INTERESES DE LA DEUDA
A3: Del 01 Enero al 30 de Septiembre del 2017
A5: Ente Público: | B5: INSTITUTO TECNOLOGICO SUPERIOR DE SALVATIERRA
A7: Identificación de Crédito o Instrumento | C7: Devengado | D7: Pagado
A8: Créditos Bancarios
A19: Total de Intereses de Créditos Bancarios | C19: =SUM(C9:C18) -> 0 | D19: =SUM(D9:D18) -> 0
A21: Otros Instrumentos de Deuda
A34: Total de Intereses de Otros Instrumentos de Deuda | C34: =SUM(C22:C33) -> 0 | D34: =SUM(D22:D33) -> 0
A36: TOTAL | C36: =+C19+C34 -> 0 | D36: =+D19+D34 -> 0
A38: Bajo protesta de decir verdad declaramos que los Estados Financieros y sus Notas son razonablemente correctos y responsabilidad del emisor
A42: KARLA ALEJANDRINA LANUZA HERNANDEZ | C42: RAMIRO CONTRERAS RODRIGUEZ
A43: DIRECTORA | C43: SUBDIRECTOR DE FINANZAS Y ADMINISTRACIÓN

Sheet IPF
A1: ESTADO ANALÍTICO DEL EJERCICIO DEL PRESUPUESTO DE EGRESOS
A2: INDICADORES DE POSTURA FISCAL
A3: Del 01 de Enero al 30 de Septiembre de 2017
B6: INSTITUTO TECNOLOGICO SUPERIOR DE SALVATIERRA
A9: Concepto | C9: Estimado | D9: Devengado | E9: Pagado 3
B11: I. Ingresos Presupuestarios (I=1+2) | C11: =+C12+C13 -> 18577670 | D11: =+D12+D13 -> 32468440 | E11: =+E12+E13 -> 32468440
A12: 1. Ingresos del Gobierno de la Entidad Federativa 1 | C12: =+[1]EAI!E33 -> 0 | D12: =+[1]EAI!H33 -> 0 | E12: =+[1]EAI!I33 -> 0
A13: 2. Ingresos del Sector Paraestatal 1 | C13: 18577670 | D13: 32468440 | E13: 32468440
B14: II. Egresos Presupuestarios (II=3+4) | C14: =+C15+C16 -> 18577670 | D14: =+D15+D16 -> 23456023 | E14: =+E15+E16 -> 23456023
A15: 3. Egresos del Gobierno de la Entidad Federativa 2
A16: 4. Egresos del Sector Paraestatal 2 | C16: 18577670 | D16: 23456023 | E16: 23456023
B17: III. Balance Presupuestario (Superávit o Déficit) (III = I - II) | C17: =+C11-C14 -> 0 | D17: =+D11-D14 -> 9012416.5 | E17: =+E11-E14 -> 9012416.5
A19: Concepto | C19: Estimado | D19: Devengado | E19: Pagado 3
A21: III. Balance presupuestario (Superávit o Déficit) | C21: =+C17 -> 0 | D21: =+D17 -> 9012416.5 | E21: =+E17 -> 9012416.5
A23: IV. Intereses, Comisiones y Gastos de la Deuda
B25: V. Balance Primario ( Superávit o Déficit) (V= III - IV) | C25: =+C21-C23 -> 0 | D25: =+D21-D23 -> 9012416.5 | E25: =+E21-E23 -> 9012416.5
A27: Concepto | C27: Estimado | D27: Devengado | E27: Pagado 3
A29: A. Financiamiento | C29: =+[1]EAI!E52 -> 0 | D29: =+[1]EAI!H51 -> 0 | E29: =+[1]EAI!I54 -> 0
A31: B. Amortización de la deuda
B33: C. Endeudamiento ó desendeudamiento (C = A - B) | C33: =+C29-C31 -> 0 | D33: =+D29-D31 -> 0 | E33: =+E29-E31 -> 0
A35: Bajo protesta de decir verdad declaramos que los Estados Financieros y sus Notas son razonablemente correctos y responsabilidad del emisor
B36: 1 Los Ingresos que se presentan son los ingresos presupuestario totales sin incluir los ingresos por financiamientos. Los Ingresos del Gobierno de la Entidad Federativa corresponden a los del Poder Ejecutivo, Legislativo Judicial y Autónomos
B37: 2 Los egresos que se presentan son los egresos presupuestarios totales sin incluir los egresos por amortización. Los egresos del Gobierno de la Entidad Federativa corresponden a los del Poder Ejecutivo, Legislativo, Judicial y Órganos Autónomos
B38: 3 Para Ingresos se reportan los ingresos recaudados; para egresos se reportan los egresos pagados
B42: KARLA ALEJANDRINA LANUZA HERNANDEZ | C42: RAMIRO CONTRERAS RODRIGUEZ
B43: DIRECTORA | C43: SUBDIRECTOR DE FINANZAS Y ADMINISTRACION

Sheet CProg
B2: GASTO POR CATEGORIA PROGRAMÁTICA
B3: Del 1 de Enero al 30 de Septiembre de 2017
D5: Ente Público: | E5: INSTITUTO TECNOLOGICO SUPERIOR DE SALVATIERRA
B7: Concepto | E7: Egresos | L7: Subejercicio
E8: Aprobado | F8: Ampliaciones/ (Reducciones) | G8: Modificado | H8: Comprometido | I8: Devengado | J8: Ejercido | K8: Pagado
E9: 1 | F9: 2 | G9: 3 = (1 + 2 ) | H9: 4 | I9: 5 | J9: 6 | K9: 7 | L9: 6 = ( 3 - 5 )
B10: Programas
C11: Subsidios: Sector Social y Privado o Entidades Federativas y Municipios | E11: =SUM(E12:E13) -> 0 | F11: =SUM(F12:F13) -> 0 | G11: =SUM(G12:G13) -> 0 | H11: =SUM(H12:H13) -> 0 | I11: =SUM(I12:I13) -> 0 | J11: =SUM(J12:J13) -> 0 | K11: =SUM(K12:K13) -> 0 | L11: =SUM(L12:L13) -> 0
D12: Sujetos a Reglas de Operación | E12: 0 | F12: 0 | G12: =+E12+F12 -> 0 | H12: 0 | I12: 0 | J12: 0 | K12: 0 | L12: =+G12-I12 -> 0
D13: Otros Subsidios | L13: =+G13-I13 -> 0
C14: Desempeño de las Funciones | E14: =SUM(E15:E22) -> 17388034 | F14: =SUM(F15:F22) -> 26401959 | G14: =+E14+F14 -> 43789993 | H14: =SUM(H15:H22) -> 0 | I14: =SUM(I15:I22) -> 22538800 | J14: =SUM(J15:J22) -> 22538800 | K14: =SUM(K15:K22) -> 22538800 | L14: =+G14-I14 -> 21251193
D15: Prestación de Servicios Públicos | E15: 12189234 | F15: 20489277 | G15: =+E15+F15 -> 32678510 | I15: 17693634 | J15: 17693634 | K15: 17693634 | L15: =G15-I15 -> 14984876
D16: Provisión de Bienes Públicos | F16: 0 | G16: =+E16+F16 -> 0 | I16: 0 | J16: 0 | K16: 0 | L16: =G16-I16 -> 0
D17: Planeación, seguimiento y evaluación de políticas públicas | E17: 5198800.2 | F17: 5912682.6 | G17: =+E17+F17 -> 11111483 | I17: 4845165.7 | J17: 4845165.7 | K17: 4845165.7 | L17: =G17-I17 -> 6266317.1
D18: Promoción y fomento | L18: =+G18-I18 -> 0
D19: Regulación y supervisión | L19: =+G19-I19 -> 0
D20: Funciones de las Fuerzas Armadas (Únicamente Gobierno Federal) | L20: =+G20-I20 -> 0
D21: Específicos | L21: =+G21-I21 -> 0
D22: Proyectos de Inversión | L22: =+G22-I22 -> 0
C23: Administrativos y de Apoyo | E23: =SUM(E24:E26) -> 1189636.1 | F23: =SUM(F24:F26) -> 1893502 | G23: =+E23+F23 -> 3083138.1 | H23: =SUM(H24:H26) -> 1037474 | I23: =SUM(I24:I26) -> 917223 | J23: =SUM(J24:J26) -> 917223 | K23: =SUM(K24:K26) -> 917223 | L23: =+G23-I23 -> 2165915.1
D24: Apoyo al proceso presupuestario y para mejorar la eficiencia institucional | E24: 1189636.1 | F24: 1893502 | G24: =+E24+F24 -> 3083138.1 | H24: 1037474 | I24: 917223 | J24: 917223 | K24: 917223 | L24: =G24-I24 -> 2165915.1
D25: Apoyo a la función pública y al mejoramiento de la gestión | L25: =+G25-I25 -> 0
D26: Operaciones ajenas | L26: =+G26-I26 -> 0
C27: Compromisos | E27: =SUM(E28:E29) -> 0 | L27: =+G27-I27 -> 0
D28: Obligaciones de cumplimiento de resolución jurisdiccional | L28: =+G28-I28 -> 0
D29: Desastres Naturales | L29: =+G29-I29 -> 0
C30: Obligaciones | E30: =SUM(E31:E34) -> 0 | L30: =+G30-I30 -> 0
D31: Pensiones y jubilaciones | L31: =+G31-I31 -> 0
D32: Aportaciones a la seguridad social | L32: =+G32-I32 -> 0
D33: Aportaciones a fondos de estabilización | L33: =+G33-I33 -> 0
D34: Aportaciones a fondos de inversión y reestructura de pensiones | L34: =+G34-I34 -> 0
C35: Programas de Gasto Federalizado (Gobierno Federal) | E35: =SUM(E36) -> 0 | L35: =+G35-I35 -> 0
D36: Gasto Federalizado | L36: =+G36-I36 -> 0
B37: Participaciones a entidades federativas y municipios | L37: =+G37-I37 -> 0
B38: Costo financiero, deuda o apoyos a deudores y ahorradores de la banca | L38: =+G38-I38 -> 0
B39: Adeudos de ejercicios fiscales anteriores | L39: =+G39-I39 -> 0
C41: Total del Gasto | E41: =+E11+E14+E23+E27+E30+E35+E37+E38+E39 -> 18577670 | F41: =+F11+F14+F23+F27+F30+F35+F37+F38+F39 -> 28295461 | G41: =+G11+G14+G23+G27+G30+G35+G37+G38+G39 -> 46873131 | H41: =+H11+H14+H23+H27+H30+H35+H37+H38+H39 -> 1037474 | I41: =+I11+I14+I23+I27+I30+I35+I37+I38+I39 -> 23456023 | J41: =+J11+J14+J23+J27+J30+J35+J37+J38+J39 -> 23456023 | K41: =+K11+K14+K23+K27+K30+K35+K37+K38+K39 -> 23456023 | L41: =+L11+L14+L23+L27+L30+L35+L37+L38+L39 -> 23417108
B43: Bajo protesta de decir verdad declaramos que los Estados Financieros y sus Notas son razonablemente correctos y responsabilidad del emisor
D47: KARLA ALEJANDRINA LANUZA HERNANDEZ | G47: RAMIRO CONTRERAS RODRIGUEZ
D48: DIRECTORA | G48: SUBDIRECTOR DE FINANZAS Y ADMINISTRACION

Sheet PyPI
B2: PROGRAMAS Y PROYECTOS DE INVERSIÓN
B3: Del 1 de Enero al 30 de Septiembre de 2017
D5: Ente Público: | E5: INSTITUTO TECNOLÓGICO SUPERIOR DE SALVATIERRA
B7: Tipo de Programas y Proyectos | E7: Programa o Proyecto | G7: UR | H7: Egresos | O7: Subejercicio | P7: % Avance Financiero
F8: Denominación | H8: Aprobado | I8: Ampliaciones/ (Reducciones) | J8: Modificado | K8: Comprometido | L8: Devengado | M8: Ejercido | N8: Pagado | P8: Devengado/ Aprobado | Q8: Devengado/ Modificado
H9: 1 | I9: 2 | J9: 3 = (1 + 2 ) | K9: 4 | L9: 5 | M9: 6 | N9: 7 | O9: 6 = ( 3 - 5 ) | P9: 5/1 | Q9: 5/3
H10: 0 | I10: =SUM(I11:I18) -> 6639368.1 | J10: =SUM(J11:J18) -> 6639368.1 | K10: =SUM(K11:K18) -> 6189240.8 | L10: =SUM(L11:L18) -> 3515085.7 | M10: =SUM(M11:M18) -> 3515085.7 | N10: =SUM(N11:N18) -> 3515085.7 | O10: =SUM(O11:O18) -> 3124282.4 | P10: =L10/H10 -> #DIV/0! | Q10: =+L10/J10 -> 0.52943076
B11: Equipamiento del laboratorio de electrónica y comunicaciones | E11: Q0289 | F11: Infraestructura del Instituto Tecnológico de Salvatierra | G11: 3044 | H11: 0 | I11: =809317.45+848526.05 -> 1657843.5 | J11: =809317.45+848526.05 -> 1657843.5 | K11: 1532517.9 | L11: 1363799.6 | M11: 1363799.6 | N11: 1363799.6 | O11: =+J11-L11 -> 294043.93 | P11: =L11/H11 -> #DIV/0! | Q11: =+L11/J11 -> 0.82263469
B12: Equipamiento del laboratorio de manufactura | E12: Q0289 | F12: Infraestructura del Instituto Tecnológico de Salvatierra | G12: 3044 | H12: 0 | I12: =1689696*2 -> 3379392 | J12: =1689696*2 -> 3379392 | K12: 3356664.8 | L12: 1247488 | M12: 1247488 | N12: 1247488 | O12: =+J12-L12 -> 2131904 | P12: =L12/H12 -> #DIV/0! | Q12: =+L12/J12 -> 0.36914569
B13: Equipamiento del laboratorio de simulación de negocios | E13: Q0289 | F13: Infraestructura del Instituto Tecnológico de Salvatierra | G13: 3044 | H13: 0 | I13: =91558.44+94391.2 -> 185949.64 | J13: =91558.44+94391.2 -> 185949.64 | K13: 181916.4 | L13: =(2720.2*2)+119180 -> 124620.4 | M13: =(2720.2*2)+119180 -> 124620.4 | N13: =(2720.2*2)+119180 -> 124620.4 | O13: =+J13-L13 -> 61329.24 | P13: =L13/H13 -> #DIV/0! | Q13: =+L13/J13 -> 0.6701836
B14: Elaborar el Proyecto ejecutivo del Gimnasio Auditorio y obras complementarias en el Itess | E14: Q0289 | F14: Infraestructura del Instituto Tecnológico de Salvatierra | G14: 3044 | H14: 0 | I14: 358816.67 | J14: 358816.67 | K14: 293717.19 | L14: 293717.19 | M14: 293717.19 | N14: 293717.19 | O14: =+J14-L14 -> 65099.48 | P14: =L14/H14 -> #DIV/0! | Q14: =+L14/J14 -> 0.81857175
B15: Elaborar el Proyecto ejecutivo de la Segunda Unidad de laboratorios en el Itess. | E15: Q0289 | F15: Infraestructura del Instituto Tecnológico de Salvatierra | G15: 3044 | H15: 0 | I15: 354448.04 | J15: 354448.04 | K15: =225893.52+95964.04 -> 321857.56 | L15: =225893.52 -> 225893.52 | M15: =225893.52 -> 225893.52 | N15: =225893.52 -> 225893.52 | O15: =+J15-L15 -> 128554.52 | P15: =L15/H15 -> #DIV/0! | Q15: =+L15/J15 -> 0.63731068 | S15: =N15/2 -> 112946.76
C16: Elaborar el Proyecto ejecutivo de la Tercera Unidad Académico Departamental, planta de tratamiento y obras complementarias en el Itess | E16: Q0289 | F16: Infraestructura del Instituto Tecnológico de Salvatierra | G16: 3044 | H16: 0 | I16: 314786.21 | J16: 314786.21 | K16: 259566.99 | L16: 259566.99 | M16: 259566.99 | N16: 259566.99 | O16: =+J16-L16 -> 55219.22 | P16: =L16/H16 -> #DIV/0! | Q16: =+L16/J16 -> 0.82458183
C17: Adquisición de equipo complementario de torno y fresadora | E17: Q0289 | F17: Infraestructura del Instituto Tecnológico de Salvatierra | G17: 3044 | H17: 0 | I17: 143993.71 | J17: 143993.71 | O17: =+J17-L17 -> 143993.71 | P17: =L17/H17 -> #DIV/0! | Q17: =+L17/J17 -> 0
C18: Ampliación del servicio de voz y datos en las instalaciones del Itess | E18: Q0289 | F18: Infraestructura del Instituto Tecnológico de Salvatierra | G18: 3044 | H18: 0 | I18: 244138.32 | J18: 244138.32 | K18: 243000 | O18: =+J18-L18 -> 244138.32 | P18: =L18/H18 -> #DIV/0! | Q18: =+L18/J18 -> 0
C19: Total del Gasto | E19: 0 | F19: 0 | G19: 0 | H19: 0 | I19: =SUM(I11:I18) -> 6639368.1 | J19: =SUM(J11:J18) -> 6639368.1 | K19: =SUM(K11:K18) -> 6189240.8 | L19: =SUM(L11:L18) -> 3515085.7 | M19: =SUM(M11:M18) -> 3515085.7 | N19: =SUM(N11:N18) -> 3515085.7 | O19: =+J19-L19 -> 3124282.4 | P19: =L19/H19 -> #DIV/0! | Q19: =+L19/J19 -> 0.52943076
B20: Bajo protesta de decir verdad declaramos que los Estados Financieros y sus Notas son razonablemente correctos y responsabilidad del emisor
D23: _________________________________________
D24: KARLA ALEJANDRINA LANUZA HERNANDEZ | M24: RAMIRO CONTRERAS RODRIGUEZ
D25: DIRECTORA | M25: SUBDIRECTOR DE FINANZAS Y ADMINISTRACION

Sheet IR
B1: INDICADORES PARA RESULTADOS
B3: Del 1 de Enero al 30 de Septiembre de 2017
D5: Ente Público: | E5: INSTITUTO TECNOLOGICO SUPERIOR DE SALVATIERRA
B7: PROGRAMA DE GOBIERNO | D7: CATEGORÍA PROGRAMÁTICA | I7: INDICADORES | P7: METAS | U7: PRESUPUESTO (PESOS)
B8: Eje | C8: Estrategia Transversal | D8: F | E8: FN | F8: SF | G8: PP | H8: UR | I8: Denominación del Indicador | J8: Nivel | K8: Tipo | L8: Dimensión a Medir | M8: Frecuencia de Medición | N8: Unidad de Medida | O8: Fórmula | P8: Programada | Q8: Modificada | R8: Alcanzada | S8: Porcentaje de Cumplimiento | U8: Aprobado | V8: Modificado | W8: Devengado | X8: Porcentaje de Presupuesto
S9: Alc. / Prog. | T9: Alc. / Modif. | X9: Dev. / Aprob. | Y9: Dev. / Modif.
B10: GUANAJUATO EDUCADO | C10: IMPULSO A LA EDUCACION PARA LA VIDA | D10: 02 | E10: 05 | F10: 03 | G10: G1072.0401 | H10: 3044 | I10: Porcentaje de usuarios satisfechos con el servicio proporcionado por el área de servicios y suministros. | J10: NA | K10: GESTIÓN | L10: EFICIENCIA | M10: ANUAL | N10: PORCENTAJE | O10: SATISFACCIÓN DE SERVICIOS/SERVICIOS PRESTADOS | P10: 90 | Q10: 90 | R10: 88.89 | S10: =R10/P10 -> 0.98766667 | T10: =R10/Q10 -> 0.98766667 | U10: 605632.38 | V10: 1271904.9 | W10: 498369.8 | X10: =W10/U10 -> 0.8228916 | Y10: =W10/V10 -> 0.39182945
B11: GUANAJUATO EDUCADO | C11: IMPULSO A LA EDUCACION PARA LA VIDA | D11: 02 | E11: 05 | F11: 03 | G11: G1072.0401 | H11: 3044 | I11: Solicitudes de ajustes presupuestales efectuadas. | J11: NA | K11: GESTIÓN | L11: EFICIENCIA | M11: ANUAL | N11: SOLICITUDES | O11: SUMATORIA DE SOLICITUDES | P11: 12 | Q11: 12 | R11: 9 | S11: =R11/P11 -> 0.75 | T11: =R11/Q11 -> 0.75 | U11: 605632.37 | V11: 1271904.9 | W11: 498369.81 | X11: =W11/U11 -> 0.82289163 | Y11: =W11/V11 -> 0.39182946
B12: GUANAJUATO EDUCADO | C12: IMPULSO A LA EDUCACION PARA LA VIDA | D12: 02 | E12: 05 | F12: 03 | G12: G1072.0401 | H12: 3044 | I12: Presupuesto ejercido respecto al modificado. | J12: NA | K12: GESTIÓN | L12: EFICIENCIA | M12: ANUAL | N12: PRESUPUESTO | O12: PORCENTAJE DE PRESUPUESTO EJERCUIDO SOBRE MODIFICADO | P12: 95 | Q12: 95 | R12: 62.69 | S12: =R12/P12 -> 0.65989474 | T12: =R12/Q12 -> 0.65989474 | U12: 605632.37 | V12: 1271904.9 | W12: 498369.81 | X12: =W12/U12 -> 0.82289163 | Y12: =W12/V12 -> 0.39182946
B13: GUANAJUATO EDUCADO | C13: IMPULSO A LA EDUCACION PARA LA VIDA | D13: 02 | E13: 05 | F13: 03 | G13: G1131.0301 | H13: 3044 | I13: Expediente técnico del Plan de trabajo anual alineado a los programas sectoriales de educación federal y estatal. | J13: NA | K13: GESTIÓN | L13: EFICIENCIA | M13: ANUAL | N13: EXPEDIENTE | O13: SUMATORIA DE EXPEDIENTES | P13: 1 | Q13: 1 | R13: 1 | S13: =R13/P13 -> 1 | T13: =R13/Q13 -> 1 | U13: 619871.76 | V13: 1409085.4 | W13: 550169.46 | X13: =W13/U13 -> 0.88755368 | Y13: =W13/V13 -> 0.39044437
B14: GUANAJUATO EDUCADO | C14: IMPULSO A LA EDUCACION PARA LA VIDA | D14: 02 | E14: 05 | F14: 03 | G14: G1131.0301 | H14: 3044 | I14: Estrategias implementadas para la mejora institucional. | J14: NA | K14: GESTIÓN | L14: EFICIENCIA | M14: ANUAL | N14: ESTRATEGIAS | O14: SUMATORIA DE ESTRATAEGIAS | P14: 4 | Q14: 4 | R14: 3 | S14: =R14/P14 -> 0.75 | T14: =R14/Q14 -> 0.75 | U14: 619871.76 | V14: 1409085.4 | W14: 550169.45 | X14: =W14/U14 -> 0.88755366 | Y14: =W14/V14 -> 0.39044436
B15: GUANAJUATO EDUCADO | C15: IMPULSO A LA EDUCACION PARA LA VIDA | D15: 02 | E15: 05 | F15: 03 | G15: G1131.0301 | H15: 3044 | I15: Programas, procesos y proyectos con mejoras comprobables derivado de recomendaciones hechas a partir de diagnósticos, evaluaciones, estadísticas o seguimiento generados. | J15: NA | K15: GESTIÓN | L15: EFICIENCIA | M15: ANUAL | N15: PROGRAMAS | O15: SUMATORIA DE PROCESOS | P15: 4 | Q15: 4 | R15: 3 | S15: =R15/P15 -> 0.75 | T15: =R15/Q15 -> 0.75 | U15: 619871.76 | V15: 1409085.4 | W15: 550169.45 | X15: =W15/U15 -> 0.88755366 | Y15: =W15/V15 -> 0.39044436
B16: GUANAJUATO EDUCADO | C16: IMPULSO A LA EDUCACION PARA LA VIDA | D16: 02 | E16: 05 | F16: 03 | G16: G2059 | H16: 3044 | I16: Porcentaje de avances en metas y entregables capturados en tiempo y forma en el sistema de evaluación al desempeño –SED. | J16: NA | K16: GESTIÓN | L16: EFICIENCIA | M16: ANUAL | N16: PORCENTAJE | O16: PORCENTAJE DE AVANCE DE METAS | P16: 100 | Q16: 100 | R16: 75 | S16: =R16/P16 -> 0.75 | T16: =R16/Q16 -> 0.75 | U16: 396545.36 | V16: 1027712.9 | W16: 305741.12 | X16: =W16/U16 -> 0.77101172 | Y16: =W16/V16 -> 0.29749663
B17: GUANAJUATO EDUCADO | C17: IMPULSO A LA EDUCACION PARA LA VIDA | D17: 02 | E17: 05 | F17: 03 | G17: G2059 | H17: 3044 | I17: Reporte sobre las principales estrategias implementadas en el instituto para el cumplimiento de metas. | J17: NA | K17: GESTIÓN | L17: EFICIENCIA | M17: ANUAL | N17: REPORTES | O17: SUMATORIA DE REPORTES | P17: 4 | Q17: 4 | R17: 3 | S17: =R17/P17 -> 0.75 | T17: =R17/Q17 -> 0.75 | U17: 396545.36 | V17: 1027712.9 | W17: 305741.12 | X17: =W17/U17 -> 0.77101172 | Y17: =W17/V17 -> 0.29749663
B18: GUANAJUATO EDUCADO | C18: IMPULSO A LA EDUCACION PARA LA VIDA | D18: 02 | E18: 05 | F18: 03 | G18: G2059 | H18: 3044 | I18: Porcentaje de avance global de los indicadores que son responsabilidad de la institución. | J18: NA | K18: GESTIÓN | L18: EFICIENCIA | M18: ANUAL | N18: PORCENTAJE | O18: PORCENTAJE DE AVANCE EN INDICADORES | P18: 90 | Q18: 90 | R18: 63 | S18: =R18/P18 -> 0.7 | T18: =R18/Q18 -> 0.7 | U18: 396545.36 | V18: 1027712.9 | W18: 305741.12 | X18: =W18/U18 -> 0.77101172 | Y18: =W18/V18 -> 0.29749663
B19: GUANAJUATO EDUCADO | C19: IMPULSO A LA EDUCACION PARA LA VIDA | D19: 02 | E19: 05 | F19: 03 | G19: P0728 | H19: 3044 | I19: Expedientes técnicos de especialidades ofertadas. | J19: c1. Servicios de vinculación con el entorno fortalecidos (servicio social, estadías, seguimiento a egresados) (ii.2.4). | K19: ESTRATÉGICO | L19: EFICIENCIA | M19: ANUAL | N19: EXPEDIENTE | O19: SUMATORIA DE EXPEDIENTES | P19: 2 | Q19: 2 | R19: 2 | S19: =R19/P19 -> 1 | T19: =R19/Q19 -> 1 | U19: 176494.94 | V19: 325880.73 | W19: 171524.71 | X19: =W19/U19 -> 0.97183925 | Y19: =W19/V19 -> 0.52634198
B20: GUANAJUATO EDUCADO | C20: IMPULSO A LA EDUCACION PARA LA VIDA | D20: 02 | E20: 05 | F20: 03 | G20: P0728 | H20: 3044 | I20: Expedientes administrativos de especialidades ante el Tecnológico Nacional de México. | J20: c1. Servicios de vinculación con el entorno fortalecidos (servicio social, estadías, seguimiento a egresados) (ii.2.4). | K20: ESTRATÉGICO | L20: EFICIENCIA | M20: ANUAL | N20: EXPEDIENTE | O20: SUMATORIA DE EXPEDIENTES | P20: 2 | Q20: 2 | R20: 2 | S20: =R20/P20 -> 1 | T20: =R20/Q20 -> 1 | U20: 176494.93 | V20: 325880.73 | W20: 171524.72 | X20: =W20/U20 -> 0.97183936 | Y20: =W20/V20 -> 0.52634201
B21: GUANAJUATO EDUCADO | C21: IMPULSO A LA EDUCACION PARA LA VIDA | D21: 02 | E21: 05 | F21: 03 | G21: P0728 | H21: 3044 | I21: Expedientes del seguimiento de la planeación e instrumentación didáctica de las especialidades. | J21: c1. Servicios de vinculación con el entorno fortalecidos (servicio social, estadías, seguimiento a egresados) (ii.2.4). | K21: ESTRATÉGICO | L21: EFICIENCIA | M21: ANUAL | N21: EXPEDIENTE | O21: SUMATORIA DE EXPEDIENTES | P21: 2 | Q21: 2 | R21: 1.6 | S21: =R21/P21 -> 0.8 | T21: =R21/Q21 -> 0.8 | U21: 176494.93 | V21: 325880.73 | W21: 171524.72 | X21: =W21/U21 -> 0.97183936 | Y21: =W21/V21 -> 0.52634201
... B54: GUANAJUATO EDUCADO | C54: IMPULSO A LA EDUCACION PARA LA VIDA | D54: 02 | E54: 05 | F54: 03 | G54: P0735 | H54: 3044 | I54: Expediente técnico con acta de reunión de revisión por la Dirección General de Institutos Tecnológicos Descentralizados. | J54: C2. Programas, procesos y/o planteles de instituciones de educación media superior y superior, certificados. | K54: ESTRATÉGICO | L54: EFICIENCIA | M54: ANUAL | N54: EXPEDIENTE | O54: SUMATORIA DE EXPEDIENTES | P54: 1 | Q54: 1 | R54: 1 | S54: =R54/P54 -> 1 | T54: =R54/Q54 -> 1 | U54: 94135.86 | V54: 198644.77 | W54: 124425.61 | X54: =W54/U54 -> 1.3217663 | Y54: =W54/V54 -> 0.62637244
B55: GUANAJUATO EDUCADO | C55: IMPULSO A LA EDUCACION PARA LA VIDA | D55: 02 | E55: 05 | F55: 03 | G55: P0735 | H55: 3044 | I55: Expediente de certificación en la Norma de Igualdad laboral y No Discriminación NMX-R-025-SCFI-2015 | J55: C2. Programas, procesos y/o planteles de instituciones de educación media superior y superior, certificados. | M55: ANUAL | N55: EXPEDIENTE | P55: 1 | Q55: 1 | R55: 0.4 | S55: =R55/P55 -> 0.4 | T55: =R55/Q55 -> 0.4 | U55: 94135.86 | V55: 198644.77 | W55: 124425.61
B56: GUANAJUATO EDUCADO | C56: IMPULSO A LA EDUCACION PARA LA VIDA | D56: 02 | E56: 05 | F56: 03 | G56: P0736 | H56: 3044 | I56: Expediente del sistema de información en operación para difundir el fondeo de proyectos de negocios. | J56: C2. Programa de aprendizaje para el liderazgo y emprendedurismo ofertado (ii.2.5 | K56: ESTRATÉGICO | L56: EFICIENCIA | M56: ANUAL | N56: EXPEDIENTE | O56: SUMATORIA DE EXPEDIENTES | P56: 1 | Q56: 1 | R56: 1 | S56: =R56/P56 -> 1 | T56: =R56/Q56 -> 1 | U56: 33672.6 | V56: 63984 | W56: 37053.23 | X56: =W56/U56 -> 1.1003971 | Y56: =W56/V56 -> 0.57910149
B57: GUANAJUATO EDUCADO | C57: IMPULSO A LA EDUCACION PARA LA VIDA | D57: 02 | E57: 05 | F57: 03 | G57: P0736 | H57: 3044 | I57: Expediente de proyectos de negocios presentados en la feria de emprendedores. | J57: C2. Programa de aprendizaje para el liderazgo y emprendedurismo ofertado (ii.2.6 | K57: ESTRATÉGICO | L57: EFICIENCIA | M57: ANUAL | N57: EXPEDIENTE | O57: SUMATORIA DE EXPEDIENTES | P57: 1 | Q57: 1 | R57: 1 | S57: =R57/P57 -> 1 | T57: =R57/Q57 -> 1 | U57: 33672.6 | V57: 63984 | W57: 37053.23 | X57: =W57/U57 -> 1.1003971 | Y57: =W57/V57 -> 0.57910149
B58: GUANAJUATO EDUCADO | C58: IMPULSO A LA EDUCACION PARA LA VIDA | D58: 02 | E58: 05 | F58: 03 | G58: P0736 | H58: 3044 | I58: Reporte de proyecto de negocios en proceso de incubación bajo una metodología reconocida por la Secretaría de Economía. | J58: C2. Programa de aprendizaje para el liderazgo y emprendedurismo ofertado (ii.2.7 | K58: ESTRATÉGICO | L58: EFICIENCIA | M58: ANUAL | N58: REPORTE | O58: SUMATORIA DE REPORTES | P58: 1 | Q58: 1 | R58: 0 | S58: =R58/P58 -> 0 | T58: =R58/Q58 -> 0 | U58: 33672.6 | V58: 63984 | W58: 37053.23 | X58: =W58/U58 -> 1.1003971 | Y58: =W58/V58 -> 0.57910149
B59: GUANAJUATO EDUCADO | C59: IMPULSO A LA EDUCACION PARA LA VIDA | D59: 02 | E59: 05 | F59: 03 | G59: P0736 | H59: 3044 | I59: Porcentaje de alumnos con proyectos en incubadora de empresas. | J59: C2. Programa de aprendizaje para el liderazgo y emprendedurismo ofertado (ii.2.8 | K59: ESTRATÉGICO | L59: EFICIENCIA | M59: ANUAL | N59: PORCENTAJE | O59: PORCENTAJE DE ALUMNOS CON PROYECTOS | P59: 100 | Q59: 100 | R59: 0 | S59: =R59/P59 -> 0 | T59: =R59/Q59 -> 0 | U59: 33672.6 | V59: 63984 | W59: 37053.24 | X59: =W59/U59 -> 1.1003974 | Y59: =W59/V59 -> 0.57910165
B60: GUANAJUATO EDUCADO | C60: IMPULSO A LA EDUCACION PARA LA VIDA | D60: 02 | E60: 05 | F60: 03 | G60: P0737 | H60: 3044 | I60: Mantenimiento de la infraestructura realizado. | J60: C2. Infraestructura educativa consolidada (ii.1.2). | K60: ESTRATÉGICO | L60: EFICIENCIA | M60: ANUAL | N60: MANTENIMIENTO | O60: SUMATORIA DE MANTENIMIENTO | P60: 1 | Q60: 1 | R60: 1 | S60: =R60/P60 -> 1 | T60: =R60/Q60 -> 1 | U60: 56649.58 | V60: 286816.5 | W60: 59454.18 | X60: =W60/U60 -> 1.0495079 | Y60: =W60/V60 -> 0.20728996
B61: GUANAJUATO EDUCADO | C61: IMPULSO A LA EDUCACION PARA LA VIDA | D61: 02 | E61: 05 | F61: 03 | G61: P0737 | H61: 3044 | I61: Requisiciones atendidas de mantenimiento. | J61: C2. Infraestructura educativa consolidada (ii.1.2). | K61: ESTRATÉGICO | L61: EFICIENCIA | M61: ANUAL | N61: REQUISICIONES | O61: SUMATORIA DE REQUISICIONES ATENDIDAS | P61: 1 | Q61: 1 | R61: 1.2 | S61: =R61/P61 -> 1.2 | T61: =R61/Q61 -> 1.2 | U61: 56649.58 | V61: 286816.5 | W61: 59454.18 | X61: =W61/U61 -> 1.0495079 | Y61: =W61/V61 -> 0.20728996
B62: GUANAJUATO EDUCADO | C62: IMPULSO A LA EDUCACION PARA LA VIDA | D62: 02 | E62: 05 | F62: 03 | G62: P0737 | H62: 3044 | I62: Expediente técnico del diagnóstico de mantenimiento. | J62: C2. Infraestructura educativa consolidada (ii.1.2). | K62: ESTRATÉGICO | L62: EFICIENCIA | M62: ANUAL | N62: EXPEDIENTE | O62: SUMATORIA DE EXPEDIENTES | P62: 1 | Q62: 1 | R62: 1 | S62: =R62/P62 -> 1 | T62: =R62/Q62 -> 1 | U62: 56649.58 | V62: 286816.5 | W62: 59454.19 | X62: =W62/U62 -> 1.049508 | Y62: =W62/V62 -> 0.20728999
B63: GUANAJUATO EDUCADO | C63: IMPULSO A LA EDUCACION PARA LA VIDA | D63: 02 | E63: 05 | F63: 03 | G63: P0737 | H63: 3044 | I63: Porcentaje de necesidades de infraestructura y equipamiento atendidas. | J63: C2. Infraestructura educativa consolidada (ii.1.2). | K63: ESTRATÉGICO | L63: EFICIENCIA | M63: ANUAL | N63: PORCENTAJE | O63: PORCENTAJE DE NECESIDADES | P63: 100 | Q63: 100 | R63: 20 | S63: =R63/P63 -> 0.2 | T63: =R63/Q63 -> 0.2 | U63: 56649.58 | V63: 286816.5 | W63: 59454.19 | X63: =W63/U63 -> 1.049508 | Y63: =W63/V63 -> 0.20728999
B64: GUANAJUATO EDUCADO | C64: IMPULSO A LA EDUCACION PARA LA VIDA | D64: 02 | E64: 05 | F64: 03 | G64: P0738 | H64: 3044 | I64: Convocatorias de becas y apoyos en especie gestionadas y publicadas por el Instituto. Los programas pueden ser internos o externos (a nivel estatal o federal). | J64: C3. Becas y apoyos otorgados a estudiantes de educación media superior y superior (ii.2.4). | K64: ESTRATÉGICO | L64: EFICIENCIA | M64: ANUAL | N64: CONVOCATORIAS | O64: SUMATORIA DE CONVOCATORIAS | P64: 2 | Q64: 2 | R64: 3 | S64: =R64/P64 -> 1.5 | T64: =R64/Q64 -> 1.5 | U64: 219052.27 | V64: 379647.23 | W64: 176686 | X64: =W64/U64 -> 0.80659287 | Y64: =W64/V64 -> 0.4653952
B65: GUANAJUATO EDUCADO | C65: IMPULSO A LA EDUCACION PARA LA VIDA | D65: 02 | E65: 05 | F65: 03 | G65: P0738 | H65: 3044 | I65: Estudios socioeconómicos efectuados a los aspirantes de educación superior a becas y apoyos en especie por convocatoria. Los estudios son individuales por cada aspirante a la beca o apoyo. | J65: C3. Becas y apoyos otorgados a estudiantes de educación media superior y superior (ii.2.4). | K65: ESTRATÉGICO | L65: EFICIENCIA | M65: ANUAL | N65: ESTUDIOS | O65: SUMATORIAS DE ESTUDIOS SOCIOECONÓMICOS | P65: 2 | Q65: 2 | R65: 3 | S65: =R65/P65 -> 1.5 | T65: =R65/Q65 -> 1.5 | U65: 219052.27 | V65: 379647.22 | W65: 176686 | X65: =W65/U65 -> 0.80659287 | Y65: =W65/V65 -> 0.46539522
B66: GUANAJUATO EDUCADO | C66: IMPULSO A LA EDUCACION PARA LA VIDA | D66: 02 | E66: 05 | F66: 03 | G66: P0738 | H66: 3044 | I66: Porcentaje de becas y apoyos otorgados. | J66: C3. Becas y apoyos otorgados a estudiantes de educación media superior y superior (ii.2.4). | K66: ESTRATÉGICO | L66: EFICIENCIA | M66: ANUAL | N66: PORCENTAJE | O66: PORCENTAJE DE BECAS | P66: 60 | Q66: 60 | R66: 91.09 | S66: =R66/P66 -> 1.5181667 | T66: =R66/Q66 -> 1.5181667 | U66: 219052.26 | V66: 379647.22 | W66: 176686.01 | X66: =W66/U66 -> 0.80659296 | Y66: =W66/V66 -> 0.46539524
B67: GUANAJUATO EDUCADO | C67: IMPULSO A LA EDUCACION PARA LA VIDA | D67: 02 | E67: 05 | F67: 03 | G67: P0739 | H67: 3044 | I67: Convenios de colaboración para brindar servicios con los estudiantes y / o egresados. | J67: c1. Servicios de vinculación con el entorno fortalecidos (servicio social, estadías, seguimiento a egresados) (ii.2.4). | K67: ESTRATÉGICO | L67: EFICIENCIA | M67: ANUAL | N67: CONVENIOS | O67: SUMATORIA DE CONVENIOS | P67: 20 | Q67: 20 | R67: 32 | S67: 0.3 | T67: =R67/Q67 -> 1.6 | U67: 89559.6 | V67: 171058.5 | W67: 105262.64 | X67: =W67/U67 -> 1.1753362 | Y67: =W67/V67 -> 0.61536048
B68: GUANAJUATO EDUCADO | C68: IMPULSO A LA EDUCACION PARA LA VIDA | D68: 02 | E68: 05 | F68: 03 | G68: P0739 | H68: 3044 | I68: Expedientes técnicos de servicios (servicio social, residencias profesionales, visitas industriales y seguimiento de egresados) de vinculación con el entorno desarrollado. | J68: c1. Servicios de vinculación con el entorno fortalecidos (servicio social, estadías, seguimiento a egresados) (ii.2.4). | K68: ESTRATÉGICO | L68: EFICIENCIA | M68: ANUAL | N68: EXPEDIENTES | O68: SUMATORIA DE EXPEDIENTES | P68: 2 | Q68: 2 | R68: 2 | S68: 2 | T68: =R68/Q68 -> 1 | U68: 89559.6 | V68: 171058.5 | W68: 105262.65 | X68: =W68/U68 -> 1.1753363 | Y68: =W68/V68 -> 0.61536053
B69: GUANAJUATO EDUCADO | C69: IMPULSO A LA EDUCACION PARA LA VIDA | D69: 02 | E69: 05 | F69: 03 | G69: P0739 | H69: 3044 | I69: Expediente técnico de servicios de formación integral (proyectos especiales) de los estudiantes con el entorno. | J69: c1. Servicios de vinculación con el entorno fortalecidos (servicio social, estadías, seguimiento a egresados) (ii.2.4). | K69: ESTRATÉGICO | L69: EFICIENCIA | M69: ANUAL | N69: EXPEDIENTE | O69: SUMATORIA DE EXPEDIENTES | P69: 1 | Q69: 1 | R69: 1 | S69: =R69/P69 -> 1 | T69: =R69/Q69 -> 1 | U69: 89559.6 | V69: 171058.5 | W69: 105262.64 | X69: =W69/U69 -> 1.1753362 | Y69: =W69/V69 -> 0.61536048
B70: GUANAJUATO EDUCADO | C70: IMPULSO A LA EDUCACION PARA LA VIDA | D70: 02 | E70: 05 | F70: 03 | G70: P0739 | H70: 3044 | I70: Porcentaje de alumnos atendidos con acciones de fortalecimiento | J70: c1. Servicios de vinculación con el entorno fortalecidos (servicio social, estadías, seguimiento a egresados) (ii.2.4). | K70: ESTRATÉGICO | L70: EFICIENCIA | M70: ANUAL | N70: PORCENTAJE | O70: PORCENTAJE DE ALUMNOS ATENDIDOS | P70: 100 | Q70: 100 | R70: 108.67 | S70: =R70/P70 -> 1.0867 | T70: =R70/Q70 -> 1.0867 | U70: 89559.6 | V70: 171058.5 | W70: 105262.64 | X70: =W70/U70 -> 1.1753362 | Y70: =W70/V70 -> 0.61536048
B71: GUANAJUATO EDUCADO | C71: IMPULSO A LA EDUCACION PARA LA VIDA | D71: 02 | E71: 05 | F71: 03 | G71: P0741 | H71: 3044 | I71: Expediente de la elaboración del modelo de negocios con base en la metodología del Tecnológico Nacional de México denominada “Talento emprendedor”. | J71: C2. Programa de aprendizaje para el liderazgo y emprendedurismo ofertado (ii.2.5). | K71: ESTRATÉGICO | L71: EFICIENCIA | M71: ANUAL | N71: EXPEDIENTE | O71: SUMATORIA DE EXPEDIENTES | P71: 1 | Q71: 1 | R71: 1 | S71: =R71/P71 -> 1 | T71: =R71/Q71 -> 1 | U71: 45988.93 | V71: 87826.37 | W71: 43124.92 | X71: =W71/U71 -> 0.93772393 | Y71: =W71/V71 -> 0.49102473
B72: GUANAJUATO EDUCADO | C72: IMPULSO A LA EDUCACION PARA LA VIDA | D72: 02 | E72: 05 | F72: 03 | G72: P0741 | H72: 3044 | I72: Expediente técnico de planes de negocios elaborados por estudiantes con base en la metodología del Tecnológico Nacional de México denominada “Talento Emprendedor”. | J72: C2. Programa de aprendizaje para el liderazgo y emprendedurismo ofertado (ii.2.5). | K72: ESTRATÉGICO | L72: EFICIENCIA | M72: ANUAL | N72: EXPEDIENTE | O72: SUMATORIA DE EXPEDIENTES | P72: 1 | Q72: 1 | R72: 0 | S72: =R72/P72 -> 0 | T72: =R72/Q72 -> 0 | U72: 45988.93 | V72: 87826.37 | W72: 43124.92 | X72: =W72/U72 -> 0.93772393 | Y72: =W72/V72 -> 0.49102473
B73: GUANAJUATO EDUCADO | C73: IMPULSO A LA EDUCACION PARA LA VIDA | D73: 02 | E73: 05 | F73: 03 | G73: P0741 | H73: 3044 | I73: Foro de presentación de los planes de negocios elaborados por los estudiantes con base en la metodología del Tecnológico Nacional de México denominada “Talento Emprendedor”. | J73: C2. Programa de aprendizaje para el liderazgo y emprendedurismo ofertado (ii.2.5). | K73: ESTRATÉGICO | L73: EFICIENCIA | M73: ANUAL | N73: FORO | O73: FOROS REALIZADOS | P73: 1 | Q73: 1 | R73: 0 | S73: =R73/P73 -> 0 | T73: =R73/Q73 -> 0 | U73: 45988.93 | V73: 87826.38 | W73: 43124.92 | X73: =W73/U73 -> 0.93772393 | Y73: =W73/V73 -> 0.49102468
B74: GUANAJUATO EDUCADO | C74: IMPULSO A LA EDUCACION PARA LA VIDA | D74: 02 | E74: 05 | F74: 03 | G74: P0741 | H74: 3044 | I74: Porcentaje de alumnos atendidos con acciones para el fortalecimiento de competencias emprendedoras | J74: C2. Programa de aprendizaje para el liderazgo y emprendedurismo ofertado (ii.2.5). | K74: ESTRATÉGICO | L74: EFICIENCIA | M74: ANUAL | N74: PORCENTAJE | O74: PORCENTAJE DE ALUMNOS ATENDIDOS | P74: 100 | Q74: 100 | R74: 100 | S74: =R74/P74 -> 1 | T74: =R74/Q74 -> 1 | U74: 45988.93 | V74: 87826.38 | W74: 43124.92 | X74: =W74/U74 -> 0.93772393 | Y74: =W74/V74 -> 0.49102468
B75: GUANAJUATO EDUCADO | C75: IMPULSO A LA EDUCACION PARA LA VIDA | D75: 02 | E75: 05 | F75: 03 | G75: Q0289 | H75: 3044 | I75: Equipamiento del laboratorio de electrónica y comunicaciones | J75: c1. Servicios de vinculación con el entorno fortalecidos (servicio social, estadías, seguimiento a egresados) (ii.2.4). | K75: ESTRATÉGICO | L75: EFICIENCIA | M75: ANUAL | N75: Equipamiento | O75: Sumatoria de equipamientos | P75: 0 | Q75: 1 | R75: 0.93 | S75: #DIV/0! | T75: 0 | U75: 0 | V75: 1657843.5 | W75: 1363799.6 | X75: =W75/U75 -> #DIV/0! | Y75: =W75/V75 -> 0.82263469
B76: GUANAJUATO EDUCADO | C76: IMPULSO A LA EDUCACION PARA LA VIDA | D76: 02 | E76: 05 | F76: 03 | G76: Q0289 | H76: 3044 | I76: Equipamiento del laboratorio de manufactura | J76: c1. Servicios de vinculación con el entorno fortalecidos (servicio social, estadías, seguimiento a egresados) (ii.2.4). | K76: ESTRATÉGICO | L76: EFICIENCIA | M76: ANUAL | N76: Equipamiento | O76: Sumatoria de equipamientos | P76: 0 | Q76: 1 | R76: 0.49 | S76: #DIV/0! | T76: 0 | U76: 0 | V76: 3379392 | W76: 1247488 | X76: =W76/U76 -> #DIV/0! | Y76: =W76/V76 -> 0.36914569
B77: GUANAJUATO EDUCADO | C77: IMPULSO A LA EDUCACION PARA LA VIDA | D77: 02 | E77: 05 | F77: 03 | G77: Q0289 | H77: 3044 | I77: Equipamiento del laboratorio de simulación de negocios | J77: c1. Servicios de vinculación con el entorno fortalecidos (servicio social, estadías, seguimiento a egresados) (ii.2.4). | K77: ESTRATÉGICO | L77: EFICIENCIA | M77: ANUAL | N77: Equipamiento | O77: Sumatoria de equipamientos | P77: 0 | Q77: 1 | R77: 0.96 | S77: #DIV/0! | T77: 0 | U77: 0 | V77: 185949.64 | W77: 124620.4 | X77: =W77/U77 -> #DIV/0! | Y77: =W77/V77 -> 0.6701836
B78: GUANAJUATO EDUCADO | C78: IMPULSO A LA EDUCACION PARA LA VIDA | D78: 02 | E78: 05 | F78: 03 | G78: Q0289 | H78: 3044 | I78: Elaborar el Proyecto ejecutivo del Gimnasio Auditorio y obras complementarias en el Itess | J78: c1. Servicios de vinculación con el entorno fortalecidos (servicio social, estadías, seguimiento a egresados) (ii.2.4). | K78: ESTRATÉGICO | L78: EFICIENCIA | M78: ANUAL | N78: Equipamiento | O78: Sumatoria de proyectos ejecutivos | P78: 0 | Q78: 1 | R78: 0.83 | S78: #DIV/0! | T78: 0 | U78: 0 | V78: 358816.67 | W78: 293717.19 | X78: =W78/U78 -> #DIV/0! | Y78: =W78/V78 -> 0.81857175
B79: GUANAJUATO EDUCADO | C79: IMPULSO A LA EDUCACION PARA LA VIDA | D79: 02 | E79: 05 | F79: 03 | G79: Q0289 | H79: 3044 | I79: Elaborar el Proyecto ejecutivo de la Segunda Unidad de laboratorios en el Itess. | J79: c1. Servicios de vinculación con el entorno fortalecidos (servicio social, estadías, seguimiento a egresados) (ii.2.4). | K79: ESTRATÉGICO | L79: EFICIENCIA | M79: ANUAL | N79: Equipamiento | O79: Sumatoria de proyectos ejecutivos | P79: 0 | Q79: 1 | R79: 0.72 | S79: #DIV/0! | T79: 0 | U79: 0 | V79: 354448.04 | W79: 225893.52 | X79: =W79/U79 -> #DIV/0! | Y79: =W79/V79 -> 0.63731068
B80: GUANAJUATO EDUCADO | C80: IMPULSO A LA EDUCACION PARA LA VIDA | D80: 02 | E80: 05 | F80: 03 | G80: Q0289 | H80: 3044 | I80: Elaborar el Proyecto ejecutivo de la Tercera Unidad Académico Departamental, planta de tratamiento y obras complementarias en el Itess | J80: c1. Servicios de vinculación con el entorno fortalecidos (servicio social, estadías, seguimiento a egresados) (ii.2.4). | K80: ESTRATÉGICO | L80: EFICIENCIA | M80: ANUAL | N80: Equipamiento | O80: Sumatoria de proyectos ejecutivos | P80: 0 | Q80: 1 | R80: 0.91 | S80: #DIV/0! | T80: 0 | U80: 0 | V80: 314786.21 | W80: 259566.99 | X80: =W80/U80 -> #DIV/0! | Y80: =W80/V80 -> 0.82458183
B81: GUANAJUATO EDUCADO | C81: IMPULSO A LA EDUCACION PARA LA VIDA | D81: 02 | E81: 05 | F81: 03 | G81: Q0289 | H81: 3044 | I81: Adquisición de equipo complementario de torno y fresadora | J81: c1. Servicios de vinculación con el entorno fortalecidos (servicio social, estadías, seguimiento a egresados) (ii.2.4). | K81: ESTRATÉGICO | L81: EFICIENCIA | M81: ANUAL | N81: Equipamiento | O81: Sumatoria de equipamientos | P81: 0 | Q81: 1 | R81: 0 | S81: #DIV/0! | T81: 0 | U81: 0 | V81: 143993.71 | X81: =W81/U81 -> #DIV/0! | Y81: =W81/V81 -> 0
B82: GUANAJUATO EDUCADO | C82: IMPULSO A LA EDUCACION PARA LA VIDA | D82: 02 | E82: 05 | F82: 03 | G82: Q0289 | H82: 3044 | I82: Ampliación del servicio de voz y datos en las instalaciones del Itess | J82: c1. Servicios de vinculación con el entorno fortalecidos (servicio social, estadías, seguimiento a egresados) (ii.2.4). | K82: ESTRATÉGICO | L82: EFICIENCIA | M82: ANUAL | N82: Equipamiento | O82: Sumatoria de equipamientos | P82: 0 | Q82: 1 | R82: 0 | S82: #DIV/0! | T82: 0 | U82: 0 | V82: 244138.32 | X82: =W82/U82 -> #DIV/0! | Y82: =W82/V82 -> 0
C84: Total del Gasto | E84: =+E11+E14+E55+E59+E62+E69+E71+E72+E73 -> 45 | I84: 0 | J84: 0 | K84: 0 | L84: 0 | M84: 0 | N84: 0 | O84: 0 | P84: 0 | Q84: 0 | R84: 0 | S84: 0 | T84: 0 | U84: =SUM(U10:U83) -> 18577670 | V84: =SUM(V10:V83) -> 46873132 | W84: =SUM(W10:W83) -> 23456023 | X84: =W84/U84 -> 1.2625923 | Y84: =W84/V84 -> 0.50041511
B86: Bajo protesta de decir verdad declaramos que los Estados Financieros y sus Notas son razonablemente correctos y responsabilidad del emisor
C91: KARLA ALEJANDRINA LANUZA HERNANDEZ | J91: KARLA ALEJANDRINA LANUZA HERNANDEZ | P91: RAMIRO CONTRERAS RODRIGUEZ
C92: DIRECTORA | J92: DIRECTORA | R92: SUBDIRECTOR DE FINANZAS Y ADMINISTRACION

Sheet Rel Cta Banc
A2: RELACIÓN DE CUENTAS BANCARIAS PRODUCTIVAS ESPECÍFICAS
A3: Al 30 de Septiembre del 2017
A6: Ente Público: INSTITUTO TECNOLOGICO SUPERIOR DE SALVATIERRA
A8: Fondo, Programa o Convenio | B8: Datos de la Cuenta Bancaria
B9: Institución Bancaria | C9: Número de Cuenta
A10: FONDO DE CONTINGENCIA | B10: BBVA BANCOMER | C10: 0170041602
A11: MINISTRACION FEDERAL | B11: BBVA BANCOMER | C11: 0170667250
A12: MINISTRACION ESTATAL | B12: BBVA BANCOMER | C12: 0170037133
A13: Ministración Federal | B13: BBVA BANCOMER | C13: 0186849709
A14: Ministración CONCYTEG | B14: BBVA BANCOMER | C14: 0199631585
A15: Ministración 100% IMPUESTO SOBRE NOMINA | B15: BBVA BANCOMER | C15: 0199947469
A16: Ministración AOE ITS 14 | B16: BBVA BANCOMER | C16: 0199947442
A17: Ministración PEOEEMYS ITS 14 | B17: BBVA BANCOMER | C17: 0199947558
A18: Ministración FONDO DE FISCALIZACION | B18: BBVA BANCOMER | C18: 0199947493
A19: Ministración PROXOE | B19: BBVA BANCOMER | C19: 0102834200
A20: Ministración PROXOE | B20: BBVA BANCOMER | C20: 0102834634
A21: Ministración "Diplomado ITSS-SDAYR" | B21: BBVA BANCOMER | C21: 0109401423
A22: Programa manejo y control del pulgon amarillo del sorgo | B22: BBVA BANCOMER | C22: 0110432318
A24: Bajo protesta de decir verdad declaramos que los Estados Financieros y sus Notas son razonablemente correctos y responsabilidad del emisor
A30: KARLA ALEJANDRINA LANUZA HERNANDEZ | C30: RAMIRO CONTRERAS RODRIGUEZ
A31: DIRECTORA | C31: SUBDIRECTOR DE FINANZAS Y ADMINISTRACIÓN

Sheet Esq Bur
A2: RELACIÓN DE ESQUEMAS BURSÁTILES Y DE COBERTURAS FINANCIERAS
A3: Al 30 de Septiembre del 2017
A6: Ente Público: INSTITUTO TECNOLOGICO SUPERIOR DE SALVATIERRA
A8: Instrumentos Financieros | B8: Valor Razonable | C8: Riesgos
A23: Bajo protesta de decir verdad declaramos que los Estados Financieros y sus Notas son razonablemente correctos y responsabilidad del emisor
A28: KARLA ALEJANDRINA LANUZA HERNANDEZ | C28: RAMIRO CONTRERAS RODRIGUEZ
A29: DIRECTORA | C29: SUBDIRECTOR DE FINANZAS Y ADMINISTRACIÓN

Sheet RBM
A1: RELACIÓN DE BIENES MUEBLES QUE COMPONEN EL PATRIMONIO
A2: Al 30 de Septiembre de 2017
A3: (Pesos)
A5: Ente Público: | B5: INSTITUTO TECNOLOGICO SUPERIOR DE SALVATIERRA
A8: Código | B8: Descripción del Bien Mueble | C8: Valor en libros
A9: 5110-000010101462 | B9: MESA TRAPEZOIDAL DE 1.20X 60X75 | C9: 461.82
A10: 5110-000010101667 | B10: MESA DE JUNTAS OVAL 1.90X1.10X.75 | C10: 2826.66
A11: 5110-000010101450 | B11: MESA TRAPEZOIDAL DE 1.20X 60X75 | C11: 461.82
A12: 5110-000010101376 | B12: SILLA DE VISITA | C12: 202.32
A13: 5110-000010101329 | B13: SILLA DE VISITA | C13: 202.32
A14: 5110-000010100632 | B14: GABINETE UNIVERSAL 90X45X1.80 | C14: 1522.02
A15: 5110-000010100749 | B15: BUTACA UNIVERSITARIA | C15: 661.35
A16: 5110-000010100829 | B16: BUTACA UNIVERSITARIA | C16: 661.35
A17: 5110-000010100851 | B17: BUTACA UNIVERSITARIA | C17: 681.09
A18: 5110-000010100893 | B18: ESCRITORIO SECRETARIAL PENINSULAR 1.20X60 | C18: 1124.17
A19: 5110-000010100954 | B19: MESA OPERATIVA 1.80X.60X.75 | C19: 910.9
A20: 5110-000010101136 | B20: SILLA DE VISTA | C20: 215.77
... A1863: 5930-000930000000 | B1863: REGISTRO DE MARCA-LOGO ITESS | C1863: 2851.04
A1864: OTROS | C1864: 15388223
B1865: TOTAL DE BIENES MUEBLES | C1865: =SUM(C9:C1864) -> 24966891
A1869: Bajo protesta de decir verdad declaramos que los Estados Financieros y sus Notas son razonablemente correctos y responsabilidad del emisor

Sheet RBI
A1: RELACIÓN DE BIENES INMUEBLES QUE COMPONEN EL PATRIMONIO
A2: Al 30 de Septiembre de 2017
A3: (Pesos)
A5: Ente Público: | B5: INSTITUTO TECNOLOGICO SUPERIOR DE SALVATIERRA
A8: Código | B8: Descripción del Bien Inmueble | C8: Valor en libros
A9: 6220-P13000000001 | B9: PROYECTO EJECUTIVO EDIFICIO DE VINCULACION Y OBRAS | C9: 298126.89
A10: 6220-P14000000003 | B10: CONTRUC 1A ETAPA ANEXO 2A UNIDAD ACADMICO DEPART. | C10: 2371130
A11: 6220-P13000000002 | B11: CONSTRUCCION OBRAS DE PROTECCION PARA LABORATORIO | C11: 4819748
A12: 6220-P13000000000 | B12: CONSTRUCCION 2A UNIDAD ACADEMICA DEPARTAMENTAL | C12: 21031987
A13: 6220-P13000000003 | B13: CONSTRUCCION VIALIDAD ACCESO 2A UNIDAD ACADEMICA | C13: 3239106.6
A14: 6220-P14000000000 | B14: CONTRUCCION 1A ETAPA EDIFICIO DE VINCULACION EN EL | C14: 17109049
A15: 6220-P11000000000 | B15: AMPLIACION 1a ETAPA UNIDAD ACADEMICO DEPARTAMENTAL | C15: 16771711
A16: 6220-P14000000002 | B16: CONSTRUCC 2A ETAPA EDIF LABORATORIO Y OBRAS COMPL | C16: 1776054.4
A17: 6220-P16000000001 | B17: PROYECTO EJECUTIVO DEL GIMNASIO AUDITORIO Y | C17: 167488.88
A18: 6220-P15000000003 | B18: ADECUACION Y AMPLIACION DE AREAS ANEXAS A UNIDADES | C18: 3059658.9
A19: 6220-P16000000003 | B19: PROYECTO EJECUTIVO 2DA UNIDAD DE LABORAT Y OBRAS | C19: 112254.25
A20: 6220-P14000000001 | B20: PROYECTO EJECUTIVO LABORATORIO TIC´S EN EL ITESS | C20: 658767.63
... A26: 6220-P15000000002 | B26: 2DA ETAPA DEL ANEXO DE LA 2DA UNIDAD ACADEMICA | C26: 317536.66
A27: OTROS | C27: 779177.7
C28: 0
C29: 0
C30: 0
C31: 0
B32: TOTAL DE BIENES INMUEBLES | C32: =SUM(C9:C31) -> 77202942
A36: Bajo protesta de decir verdad declaramos que los Estados Financieros y sus Notas son razonablemente correctos y responsabilidad del emisor

Sheet AYSUB
B1: INSTITUTO TECNOLOGICO SUPERIOR DE SALVATIERRA MONTOS PAGADOS POR AYUDAS Y SUBSIDIOS AL 30 DE Septiembre DEL 2017
B2: CONCEPTO | C2: AYUDA A | D2: SUBSIDIO | E2: SECTOR (económico o social) | F2: BENEFICIARIO | G2: CURP | H2: RFC | I2: MONTO PAGADO
B3: BECAS Y OT. AYUDAS PARA PROG. DE CAPACITA. | D3: X | E3: Social | F3: CARLOS ALEXIS GONZALEZ LARA | G3: GOLC940531HGTNRR00 | I3: 3947
B4: BECAS Y OT. AYUDAS PARA PROG. DE CAPACITA. | D4: X | E4: Social | F4: ARTURO LEON MEDRANO | G4: LEMA900217HGTNDR02 | I4: 3947
B5: BECAS Y OT. AYUDAS PARA PROG. DE CAPACITA. | D5: X | E5: Social | F5: MARIA ESMERALDA MARTINEZ TREJO | G5: MATE980125MGTRRS01 | I5: 3947
B6: BECAS Y OT. AYUDAS PARA PROG. DE CAPACITA. | D6: X | E6: Social | F6: CRISTOBAL PEÑA ARROYO | G6: PEAC951021HGTXRR08 | I6: 3947
B7: BECAS Y OT. AYUDAS PARA PROG. DE CAPACITA. | D7: X | E7: Social | F7: HUMBERTO LOPEZ LOPEZ | G7: LOLH630515HGTPPM05 | I7: 3947
B8: BECAS Y OT. AYUDAS PARA PROG. DE CAPACITA. | D8: X | E8: Social | F8: JOSE DE JESUS AVILA ALMARAZ | G8: AIAJ970827HGTVLS02 | I8: 3947
B9: BECAS Y OT. AYUDAS PARA PROG. DE CAPACITA. | D9: X | E9: Social | F9: CRISTIAN CUNA | G9: CUXC980117HNENXR03 | I9: 3947
B10: BECAS Y OT. AYUDAS PARA PROG. DE CAPACITA. | D10: X | E10: Social | F10: MIGUEL ANGEL CANCHOLA SANCHEZ | G10: CASM960407HGTNNG06 | I10: 3947
B11: AYUDAS SOCIALES A PERSONAS | D11: X | E11: Social | F11: JESUS ROMERO HERNANDEZ | G11: ROHJ941025HGTMRS02 | I11: 78.46
B12: AYUDAS SOCIALES A PERSONAS | D12: X | E12: Social | F12: CRISTIAN CANELO LOPEZ | G12: CALC971026HGTNPR04 | I12: 78.462
B13: AYUDAS SOCIALES A PERSONAS | D13: X | E13: Social | F13: JUAN LUIS VELAZQUEZ ARROYO | G13: VEAJ921025HGTLRN08 | I13: 78.462
B14: AYUDAS SOCIALES A PERSONAS | D14: X | E14: Social | F14: JESUS MACHUCA GOMEZ | G14: MAGJ961223HGTCMS05 | I14: 78.462
... B23: AYUDAS SOCIALES A PERSONAS | D23: X | E23: Social | F23: RAUL ALBERTO AMADOR BOTELLO | G23: AABR920310HGTMTL08 | I23: 78.462
B25: TOTAL | I25: =SUM(I3:I24) -> 32596.004
B28: _____________________________ | G28: ____________________________________
B29: KARLA ALEJANDRINA LANUZA HERNANDEZ | G29: RAMIRO CONTRERAS RODRIGUEZ
B30: DIRECTORA | G30: SUBDIRECTOR DE FINANZAS Y ADMNISTRACION

Sheet BC
A1: INSTITUTO TECNOLOGICO SUPERIOR DE SALVATIERRA BALANZA DE COMPROBACIÓN ENERO 2017 | I1: INSTITUTO TECNOLOGICO SUPERIOR DE SALVATIERRA BALANZA DE COMPROBACIÓN FEBRERO 2017 | S1: INSTITUTO TECNOLOGICO SUPERIOR DE SALVATIERRA BALANZA DE COMPROBACIÓN ABRIL 2017 | AA1: INSTITUTO TECNOLOGICO SUPERIOR DE SALVATIERRA BALANZA DE COMPROBACIÓN MAYO 2017 | AI1: INSTITUTO TECNOLOGICO SUPERIOR DE SALVATIERRA BALANZA DE COMPROBACIÓN JUNIO 2017 | BF1: INSTITUTO TECNOLOGICO SUPERIOR DE SALVATIERRA BALANZA DE COMPROBACIÓN SEPTIEMBRE 2017
A2: CUENTA | B2: NOMBRE DE LA CUENTA | C2: SALDO INICIAL | D2: CARGOS | E2: ABONOS | F2: SALDO FINAL | G2: FLUJO | I2: CUENTA | J2: NOMBRE DE LA CUENTA | K2: SALDO INICIAL | L2: CARGOS | M2: ABONOS | N2: SALDO FINAL | O2: FLUJO | S2: CUENTA | T2: NOMBRE DE LA CUENTA | U2: SALDO INICIAL | V2: CARGOS | W2: ABONOS | X2: SALDO FINAL | Y2: FLUJO | AA2: CUENTA | AB2: NOMBRE DE LA CUENTA | AC2: SALDO INICIAL | AD2: CARGOS | AE2: ABONOS | AF2: SALDO FINAL | AG2: FLUJO | AI2: CUENTA | AJ2: NOMBRE DE LA CUENTA | AK2: SALDO INICIAL | AL2: CARGOS | AM2: ABONOS | AN2: SALDO FINAL | AO2: FLUJO | BF2: CUENTA | BG2: NOMBRE DE LA CUENTA | BH2: SALDO INICIAL | BI2: CARGOS | BJ2: ABONOS | BK2: SALDO FINAL | BL2: FLUJO
A3: 1112102001 | B3: BANCOMER 012222001700416028 FONDO DE CONTINGENCIA | C3: 3460817.6 | D3: 59.63 | E3: 0 | F3: 3460877.3 | G3: 59.63 | I3: 1112102001 | J3: BANCOMER 012222001700416028 FONDO DE CONTINGENCIA | K3: 59.63 | L3: 59.63 | M3: 837.88 | N3: -718.62 | O3: -778.25 | S3: 1112102001 | T3: BANCOMER 012222001700416028 FONDO DE CONTINGENCIA | U3: 3460152.9 | V3: 59.62 | W3: 0 | X3: 3460212.5 | Y3: 59.62 | AA3: 1112102001 | AB3: BANCOMER 012222001700416028 FONDO DE CONTINGENCIA | AC3: 3460212.5 | AD3: 30057.71 | AE3: 30000 | AF3: 3460270.2 | AG3: 57.71 | AI3: 1112102001 | AJ3: BANCOMER 012222001700416028 FONDO DE CONTINGENCIA | AK3: 3460270.2 | AL3: 54209.62 | AM3: 54150 | AN3: 3460329.8 | AO3: 59.62 | BF3: 1 | BG3: ACTIVO | BH3: 1.2116119e+08 | BI3: 2.0466502e+08 | BJ3: 77730887 | BK3: 2.4809533e+08 | BL3: 1.2693414e+08
A4: 1112102002 | B4: BANCOMER 01222200170667250 MINISTRACIÓN FEDERAL | C4: 18921633 | D4: 2616225.1 | E4: 5495624.5 | F4: 16042234 | G4: -2879399.3 | I4: 1112102002 | J4: BANCOMER 01222200170667250 MINISTRACIÓN FEDERAL | K4: -2879399.3 | L4: 1608497.8 | M4: 969205.64 | N4: -2240107.1 | O4: 639292.19 | S4: 1112102002 | T4: BANCOMER 01222200170667250 MINISTRACIÓN FEDERAL | U4: 19212743 | V4: 100189.73 | W4: 1065664.4 | X4: 18247268 | Y4: -965474.71 | AA4: 1112102002 | AB4: BANCOMER 01222200170667250 MINISTRACIÓN FEDERAL | AC4: 18247268 | AD4: 1878743.1 | AE4: 1511341.6 | AF4: 18614670 | AG4: 367401.55 | AI4: 1112102002 | AJ4: BANCOMER 01222200170667250 MINISTRACIÓN FEDERAL | AK4: 18614670 | AL4: 2470381.5 | AM4: 1043040.3 | AN4: 20042011 | AO4: 1427341.2 | BF4: 11 | BG4: ACTIVO CIRCULANTE | BH4: 31184490 | BI4: 1.0221411e+08 | BJ4: 69009875 | BK4: 64388722 | BL4: 33204232
A5: 1112102003 | B5: BANCOMER 012222001700371338 MINISTRACIÓN ESTATAL | C5: 516085.38 | D5: 1282242 | E5: 932747.33 | F5: 865580.01 | G5: 349494.63 | I5: 1112102003 | J5: BANCOMER 012222001700371338 MINISTRACIÓN ESTATAL | K5: 349494.63 | L5: 1611110.8 | M5: 1185648 | N5: 774957.47 | O5: 425462.84 | S5: 1112102003 | T5: BANCOMER 012222001700371338 MINISTRACIÓN ESTATAL | U5: 3146546.1 | V5: 2018205.9 | W5: 2038241.2 | X5: 3126510.8 | Y5: -20035.34 | AA5: 1112102003 | AB5: BANCOMER 012222001700371338 MINISTRACIÓN ESTATAL | AC5: 3126510.8 | AD5: 1209119.9 | AE5: 1150392.2 | AF5: 3185238.6 | AG5: 58727.76 | AI5: 1112102003 | AJ5: BANCOMER 012222001700371338 MINISTRACIÓN ESTATAL | AK5: 3185238.6 | AL5: 1355233.8 | AM5: 899687.13 | AN5: 3640785.2 | AO5: 455546.62 | BF5: 111 | BG5: EFECTIVO Y EQUIVALENTES | BH5: 30852593 | BI5: 73596726 | BJ5: 40502132 | BK5: 63947186 | BL5: 33094593
A6: 1112102004 | B6: BANCOMER 012222001868497099 MINISTRACIÓN FEDERAL | C6: 2525477 | D6: 909407.34 | E6: 116018.09 | F6: 3318866.3 | G6: 793389.25 | I6: 1112102004 | J6: BANCOMER 012222001868497099 MINISTRACIÓN FEDERAL | K6: 793389.25 | L6: 75942.47 | M6: 303456.57 | N6: 565875.15 | O6: -227514.1 | S6: 1112102004 | T6: BANCOMER 012222001868497099 MINISTRACIÓN FEDERAL | U6: 2934639.5 | V6: 17234.2 | W6: 68826.5 | X6: 2883047.2 | Y6: -51592.3 | AA6: 1112102004 | AB6: BANCOMER 012222001868497099 MINISTRACIÓN FEDERAL | AC6: 2883047.2 | AD6: 53082.14 | AE6: 82356.52 | AF6: 2853772.8 | AG6: -29274.38 | AI6: 1112102004 | AJ6: BANCOMER 012222001868497099 MINISTRACIÓN FEDERAL | AK6: 2853772.8 | AL6: 293811.14 | AM6: 31093.87 | AN6: 3116490.1 | AO6: 262717.27 | BF6: 1112 | BH6: 30852593 | BI6: 73596726 | BJ6: 40502132 | BK6: 63947186 | BL6: 33094593
A7: 1112102005 | B7: BANCOMER 01996315852 RECURSO CONCYTEG | C7: 23353.33 | D7: 0 | E7: 0 | F7: 23353.33 | G7: 0 | I7: 1112102005 | J7: BANCOMER 01996315852 RECURSO CONCYTEG | K7: 0 | L7: 0 | M7: 3000 | N7: -3000 | O7: -3000 | S7: 1112102005 | T7: BANCOMER 01996315852 RECURSO CONCYTEG | U7: 21981.19 | V7: 721000 | W7: 12855 | X7: 730126.19 | Y7: 708145 | AA7: 1112102005 | AB7: BANCOMER 01996315852 RECURSO CONCYTEG | AC7: 730126.19 | AD7: 6000 | AE7: 6000 | AF7: 730126.19 | AG7: 0 | AI7: 1112102005 | AJ7: BANCOMER 01996315852 RECURSO CONCYTEG | AK7: 730126.19 | AL7: 0 | AM7: 0 | AN7: 730126.19 | AO7: 0 | BF7: 1112102001 | BG7: BANCOMER 012222001700416028 FONDO DE CONTINGENCIA | BH7: 3460817.6 | BI7: 4011644.9 | BJ7: 511137.88 | BK7: 6961324.7 | BL7: 3500507.1
A8: 1112102006 | B8: BANCOMER 0199947558 MINISTRACION PEOEEMYS ITS 14 | C8: 940104.12 | D8: 91083.54 | E8: 182120 | F8: 849067.66 | G8: -91036.46 | I8: 1112102006 | J8: BANCOMER 0199947558 MINISTRACION PEOEEMYS ITS 14 | K8: -91036.46 | L8: 8.04 | M8: 0 | N8: -91028.42 | O8: 8.04 | S8: 1112102006 | T8: BANCOMER 0199947558 MINISTRACION PEOEEMYS ITS 14 | U8: 849082.3 | V8: 7.31 | W8: 0 | X8: 849089.61 | Y8: 7.31 | AA8: 1112102006 | AB8: BANCOMER 0199947558 MINISTRACION PEOEEMYS ITS 14 | AC8: 849089.61 | AD8: 408478.9 | AE8: 798215.61 | AF8: 459352.9 | AG8: -389736.71 | AI8: 1112102006 | AJ8: BANCOMER 0199947558 MINISTRACION PEOEEMYS ITS 14 | AK8: 459352.9 | AL8: 5.15 | AM8: 0 | AN8: 459358.05 | AO8: 5.15 | BF8: 1112102002 | BG8: BANCOMER 01222200170667250 MINISTRACIÓN FEDERAL | BH8: 18921633 | BI8: 35301782 | BJ8: 16637668 | BK8: 37585747 | BL8: 18664114
A9: 1112102007 | B9: BANCOMER 0199947442 MINISTRACION AOE ITS 14 | C9: 94464.08 | D9: 1.7 | E9: 0 | F9: 94465.78 | G9: 1.7 | I9: 1112102007 | J9: BANCOMER 0199947442 MINISTRACION AOE ITS 14 | K9: 1.7 | L9: 0.81 | M9: 0 | N9: 2.51 | O9: 0.81 | S9: 1112102007 | T9: BANCOMER 0199947442 MINISTRACION AOE ITS 14 | U9: 91747.52 | V9: 0.81 | W9: 0 | X9: 91748.33 | Y9: 0.81 | AA9: 1112102007 | AB9: BANCOMER 0199947442 MINISTRACION AOE ITS 14 | AC9: 91748.33 | AD9: 0.76 | AE9: 0 | AF9: 91749.09 | AG9: 0.76 | AI9: 1112102007 | AJ9: BANCOMER 0199947442 MINISTRACION AOE ITS 14 | AK9: 91749.09 | AL9: 0.79 | AM9: 0 | AN9: 91749.88 | AO9: 0.79 | BF9: 1112102003 | BG9: BANCOMER 012222001700371338 MINISTRACIÓN ESTATAL | BH9: 516085.38 | BI9: 15635424 | BJ9: 11854942 | BK9: 4296566.7 | BL9: 3780481.3
A10: 1112102008 | B10: BANCOMER 0199947493 MINISTRACION FONDO DE FISCALIZ | C10: 900891.46 | D10: 22.74 | E10: 91060 | F10: 809854.2 | G10: -91037.26 | I10: 1112102008 | J10: BANCOMER 0199947493 MINISTRACION FONDO DE FISCALIZ | K10: -91037.26 | L10: 7.71 | M10: 0 | N10: -91029.55 | O10: 7.71 | S10: 1112102008 | T10: BANCOMER 0199947493 MINISTRACION FONDO DE FISCALIZ | U10: 809868.21 | V10: 8.55 | W10: 0 | X10: 809876.76 | Y10: 8.55 | AA10: 1112102008 | AB10: BANCOMER 0199947493 MINISTRACION FONDO DE FISCALIZ | AC10: 809876.76 | AD10: 37242.66 | AE10: 408471.82 | AF10: 438647.6 | AG10: -371229.16 | AI10: 1112102008 | AJ10: BANCOMER 0199947493 MINISTRACION FONDO DE FISCALIZ | AK10: 438647.6 | AL10: 4.91 | AM10: 0 | AN10: 438652.51 | AO10: 4.91 | BF10: 1112102004 | BG10: BANCOMER 012222001868497099 MINISTRACIÓN FEDERAL | BH10: 2525477 | BI10: 5816144.1 | BJ10: 1984682.1 | BK10: 6356939 | BL10: 3831462
A11: 1112102009 | B11: BANCOMER 0199947469 MINISTRACION IMPTO NOMINA | C11: 150743.32 | D11: 1.83 | E11: 0 | F11: 150745.15 | G11: 1.83 | I11: 1112102009 | J11: BANCOMER 0199947469 MINISTRACION IMPTO NOMINA | K11: 1.83 | L11: 1.3 | M11: 59102 | N11: -59098.87 | O11: -59100.7 | S11: 1112102009 | T11: BANCOMER 0199947469 MINISTRACION IMPTO NOMINA | U11: 91645.38 | V11: 0.97 | W11: 0 | X11: 91646.35 | Y11: 0.97 | AA11: 1112102009 | AB11: BANCOMER 0199947469 MINISTRACION IMPTO NOMINA | AC11: 91646.35 | AD11: 0.76 | AE11: 0 | AF11: 91647.11 | AG11: 0.76 | AI11: 1112102009 | AJ11: BANCOMER 0199947469 MINISTRACION IMPTO NOMINA | AK11: 91647.11 | AL11: 0.79 | AM11: 2720.2 | AN11: 88927.7 | AO11: -2719.41 | BF11: 1112102005 | BG11: BANCOMER 01996315852 RECURSO CONCYTEG | BH11: 23353.33 | BI11: 927687.28 | BJ11: 275045.08 | BK11: 675995.53 | BL11: 652642.2
A12: 1112102010 | B12: BANCOMER 0102834200 MINISTRACION PROXOE | C12: 1629327.3 | D12: 1266.67 | E12: 0 | F12: 1630594 | G12: 1266.67 | I12: 1112102010 | J12: BANCOMER 0102834200 MINISTRACION PROXOE | K12: 1266.67 | L12: 75068 | M12: 12966 | N12: 63368.67 | O12: 62102 | S12: 1112102010 | T12: BANCOMER 0102834200 MINISTRACION PROXOE | U12: 1655975.8 | V12: 5541.73 | W12: 8541.73 | X12: 1652975.8 | Y12: -3000 | AA12: 1112102010 | AB12: BANCOMER 0102834200 MINISTRACION PROXOE | AC12: 1652975.8 | AD12: 9525.99 | AE12: 9525.99 | AF12: 1652975.8 | AG12: 0 | AI12: 1112102010 | AJ12: BANCOMER 0102834200 MINISTRACION PROXOE | AK12: 1652975.8 | AL12: 2720.2 | AM12: 140824 | AN12: 1514872 | AO12: -138103.8 | BF12: 1112102006 | BG12: BANCOMER 0199947558 MINISTRACION PEOEEMYS ITS 14 | BH12: 940104.12 | BI12: 1439705.4 | BJ12: 1282532.6 | BK12: 1097276.9 | BL12: 157172.82
A13: 1112102011 | B13: BANCOMER 0102834634 MINISTRACION PROXOE | C13: 1689696 | D13: 0 | E13: 0 | F13: 1689696 | G13: 0 | I13: 1112102011 | J13: BANCOMER 0102834634 MINISTRACION PROXOE | K13: 0 | L13: 0 | M13: 0 | N13: 0 | O13: 0 | S13: 1112102011 | T13: BANCOMER 0102834634 MINISTRACION PROXOE | U13: 1655696 | V13: 0 | W13: 0 | X13: 1655696 | Y13: 0 | AA13: 1112102011 | AB13: BANCOMER 0102834634 MINISTRACION PROXOE | AC13: 1655696 | AD13: 0 | AE13: 0 | AF13: 1655696 | AG13: 0 | AI13: 1112102011 | AJ13: BANCOMER 0102834634 MINISTRACION PROXOE | AK13: 1655696 | AL13: 140824 | AM13: 281648 | AN13: 1514872 | AO13: -140824 | BF13: 1112102007 | BG13: BANCOMER 0199947442 MINISTRACION AOE ITS 14 | BH13: 94464.08 | BI13: 97192.62 | BJ13: 65030.4 | BK13: 126626.3 | BL13: 32162.22
A14: 1122602001 | B14: CUENTAS POR COBRAR A ENTIDADES FED Y MPIOS | C14: 0 | D14: 4110993.7 | E14: 4110993.7 | F14: 0 | G14: 0 | I14: 1122602001 | J14: CUENTAS POR COBRAR A ENTIDADES FED Y MPIOS | K14: 0 | L14: 2536895.8 | M14: 2536895.8 | N14: 0 | O14: 0 | S14: 1112102012 | T14: BANCOMER 109401423 MINISTRACIÓN DIPLOMADO ITSS-SDA | U14: 145990.89 | V14: 855 | W14: 5857.5 | X14: 140988.39 | Y14: -5002.5 | AA14: 1112102012 | AB14: BANCOMER 109401423 MINISTRACIÓN DIPLOMADO ITSS-SDA | AC14: 140988.39 | AD14: 35000 | AE14: 25008.67 | AF14: 150979.72 | AG14: 9991.33 | AI14: 1112102012 | AJ14: BANCOMER 109401423 MINISTRACIÓN DIPLOMADO ITSS-SDA | AK14: 150979.72 | AL14: 0 | AM14: 0 | AN14: 150979.72 | AO14: 0 | BF14: 1112102008 | BG14: BANCOMER 0199947493 MINISTRACION FONDO DE FISCALIZ | BH14: 900891.46 | BI14: 2887459.4 | BJ14: 2749418.4 | BK14: 1038932.4 | BL14: 138040.94
A15: 1123101002 | B15: GASTOS A RESERVA DE COMPROBAR | C15: 17063.95 | D15: 650 | E15: 10455.95 | F15: 7258 | G15: -9805.95 | I15: 1123101002 | J15: GASTOS A RESERVA DE COMPROBAR | K15: -9805.95 | L15: 0 | M15: 650 | N15: -10455.95 | O15: -650 | S15: 1112102013 | T15: BANCOMER 0104323186 PULGON AMARILLO | U15: 0 | V15: 0 | W15: 0 | X15: 0 | Y15: 0 | AA15: 1112102013 | AB15: BANCOMER 0104323186 PULGON AMARILLO | AC15: 0 | AD15: 0 | AE15: 0 | AF15: 0 | AG15: 0 | AI15: 1112102013 | AJ15: BANCOMER 0104323186 PULGON AMARILLO | AK15: 0 | AL15: 27075 | AM15: 0 | AN15: 27075 | AO15: 27075 | BF15: 1112102009 | BG15: BANCOMER 0199947469 MINISTRACION IMPTO NOMINA | BH15: 150743.32 | BI15: 458603.06 | BJ15: 429263.02 | BK15: 180083.36 | BL15: 29340.04
A16: 1123102001 | B16: FUNCIONARIOS Y EMPLEADOS | C16: 0 | D16: 1000 | E16: 0 | F16: 1000 | G16: 1000 | I16: 1123102001 | J16: FUNCIONARIOS Y EMPLEADOS | K16: 1000 | L16: 288 | M16: 288 | N16: 1000 | O16: 0 | S16: 1122602001 | T16: CUENTAS POR COBRAR A ENTIDADES FED Y MPIOS | U16: 0 | V16: 1993849.2 | W16: 1993849.2 | X16: 0 | Y16: 0 | AA16: 1122602001 | AB16: CUENTAS POR COBRAR A ENTIDADES FED Y MPIOS | AC16: 0 | AD16: 2770880.2 | AE16: 2770880.2 | AF16: 0 | AG16: 0 | AI16: 1122602001 | AJ16: CUENTAS POR COBRAR A ENTIDADES FED Y MPIOS | AK16: 0 | AL16: 3855227.8 | AM16: 3855227.8 | AN16: 0 | AO16: 0 | BF16: 1112102010 | BG16: BANCOMER 0102834200 MINISTRACION PROXOE | BH16: 1629327.3 | BI16: 4813509.9 | BJ16: 3747557.9 | BK16: 2695279.3 | BL16: 1065952
A17: 1125102001 | B17: FONDO FIJO | C17: 0 | D17: 8000 | E17: 0 | F17: 8000 | G17: 8000 | I17: 1125102001 | J17: FONDO FIJO | K17: 8000 | L17: 0 | M17: 0 | N17: 8000 | O17: 0 | S17: 1123101002 | T17: GASTOS A RESERVA DE COMPROBAR | U17: 12228 | V17: 29320 | W17: 9300 | X17: 32248 | Y17: 20020 | AA17: 1123101002 | AB17: GASTOS A RESERVA DE COMPROBAR | AC17: 32248 | AD17: 29075 | AE17: 50875 | AF17: 10448 | AG17: -21800 | AI17: 1123101002 | AJ17: GASTOS A RESERVA DE COMPROBAR | AK17: 10448 | AL17: 2700 | AM17: 6040 | AN17: 7108 | AO17: -3340 | BF17: 1112102011 | BG17: BANCOMER 0102834634 MINISTRACION PROXOE | BH17: 1689696 | BI17: 1836520 | BJ17: 770568 | BK17: 2755648 | BL17: 1065952
A18: 1131001001 | B18: ANTICIPO A PROVEEDORES | C18: 4590.96 | D18: 21877.92 | E18: 20583.95 | F18: 5884.93 | G18: 1293.97 | I18: 1131001001 | J18: ANTICIPO A PROVEEDORES | K18: 1293.97 | L18: 13754 | M18: 12953.65 | N18: 2094.32 | O18: 800.35 | S18: 1123102001 | T18: FUNCIONARIOS Y EMPLEADOS | U18: 0 | V18: 15 | W18: 15 | X18: 0 | Y18: 0 | AA18: 1123102001 | AB18: FUNCIONARIOS Y EMPLEADOS | AC18: 0 | AD18: 9 | AE18: 9 | AF18: 0 | AG18: 0 | AI18: 1123102001 | AJ18: FUNCIONARIOS Y EMPLEADOS | AK18: 0 | AL18: 0 | AM18: 0 | AN18: 0 | AO18: 0 | BF18: 1112102012 | BG18: BANCOMER 109401423 MINISTRACIÓN DIPLOMADO ITSS-SDA | BH18: 0 | BI18: 250318.2 | BJ18: 108456.31 | BK18: 141861.89 | BL18: 141861.89
... A20: 1191001001 | B20: DEPOSITOS EN GARANTIA SERV. | C20: 1827 | D20: 0 | E20: 0 | F20: 1827 | G20: 0 | I20: 1191001001 | J20: DEPOSITOS EN GARANTIA SERV. | K20: 0 | L20: 0 | M20: 0 | N20: 0 | O20: 0 | S20: 1131001001 | T20: ANTICIPO A PROVEEDORES | U20: 5212.41 | V20: 8464 | W20: 9138.88 | X20: 4537.53 | Y20: -674.88 | AA20: 1131001001 | AB20: ANTICIPO A PROVEEDORES | AC20: 4537.53 | AD20: 13754 | AE20: 13529.01 | AF20: 4762.52 | AG20: 224.99 | AI20: 1131001001 | AJ20: ANTICIPO A PROVEEDORES | AK20: 4762.52 | AL20: 17074.71 | AM20: 17808.42 | AN20: 4028.81 | AO20: -733.71 | BF20: 112 | BG20: DERECHOS A RECIBIR EFECTIVO O EQUIVAENTES | BH20: 17063.95 | BI20: 28125926 | BJ20: 28096778 | BK20: 46211.95 | BL20: 29148
A21: 1236262200 | B21: EDIFICACION NO HABITACIONAL | C21: 76423764 | D21: 0 | E21: 0 | F21: 76423764 | G21: 0 | I21: 1236262200 | J21: EDIFICACION NO HABITACIONAL | K21: 0 | L21: 0 | M21: 0 | N21: 0 | O21: 0 | S21: 1134201002 | T21: ANTICIPO A CONTRATISTAS BIENES PROPIOS | U21: 302345.78 | V21: 0 | W21: 127876.15 | X21: 174469.63 | Y21: -127876.15 | AA21: 1134201002 | AB21: ANTICIPO A CONTRATISTAS BIENES PROPIOS | AC21: 174469.63 | AD21: 0 | AE21: 0 | AF21: 174469.63 | AG21: 0 | AI21: 1134201002 | AJ21: ANTICIPO A CONTRATISTAS BIENES PROPIOS | AK21: 174469.63 | AL21: 0 | AM21: 15469.52 | AN21: 159000.11 | AO21: -15469.52 | BF21: 1122 | BH21: 0 | BI21: 27959551 | BJ21: 27959551 | BK21: 0 | BL21: 0
A22: 1241151100 | B22: MUEBLES DE OFICINA Y ESTANTERÍA 2011 | C22: 897292.85 | D22: 0 | E22: 0 | F22: 897292.85 | G22: 0 | I22: 1241151100 | J22: MUEBLES DE OFICINA Y ESTANTERÍA 2011 | K22: 0 | L22: 0 | M22: 0 | N22: 0 | O22: 0 | S22: 1191001001 | T22: DEPOSITOS EN GARANTIA SERV. | U22: 1827 | V22: 0 | W22: 0 | X22: 1827 | Y22: 0 | AA22: 1191001001 | AB22: DEPOSITOS EN GARANTIA SERV. | AC22: 1827 | AD22: 0 | AE22: 0 | AF22: 1827 | AG22: 0 | AI22: 1191001001 | AJ22: DEPOSITOS EN GARANTIA SERV. | AK22: 1827 | AL22: 0 | AM22: 0 | AN22: 1827 | AO22: 0 | BF22: 1122602001 | BG22: CUENTAS POR COBRAR A ENTIDADES FED Y MPIOS | BH22: 0 | BI22: 27959551 | BJ22: 27959551 | BK22: 0 | BL22: 0
A23: 1241151101 | B23: MUEBLES DE OFICINA Y ESTANTERÍA 2010 | C23: 845850.33 | D23: 0 | E23: 0 | F23: 845850.33 | G23: 0 | I23: 1241151101 | J23: MUEBLES DE OFICINA Y ESTANTERÍA 2010 | K23: 0 | L23: 0 | M23: 0 | N23: 0 | O23: 0 | S23: 1236262200 | T23: EDIFICACION NO HABITACIONAL | U23: 76443996 | V23: 426253.66 | W23: 0 | X23: 76870250 | Y23: 426253.66 | AA23: 1236262200 | AB23: EDIFICACION NO HABITACIONAL | AC23: 76870250 | AD23: 0 | AE23: 0 | AF23: 76870250 | AG23: 0 | AI23: 1236262200 | AJ23: EDIFICACION NO HABITACIONAL | AK23: 76870250 | AL23: 52414.39 | AM23: 0 | AN23: 76922664 | AO23: 52414.39 | BF23: 1123 | BH23: 17063.95 | BI23: 158374.95 | BJ23: 137226.95 | BK23: 38211.95 | BL23: 21148
A24: 1241251200 | B24: MUEBLES, EXCEPTO DE OFICINA Y ESTANTERÍA | C24: 144255.28 | D24: 0 | E24: 0 | F24: 144255.28 | G24: 0 | I24: 1241251200 | J24: MUEBLES, EXCEPTO DE OFICINA Y ESTANTERÍA | K24: 0 | L24: 0 | M24: 0 | N24: 0 | O24: 0 | S24: 1241151100 | T24: MUEBLES DE OFICINA Y ESTANTERÍA 2011 | U24: 902733.25 | V24: 0 | W24: 0 | X24: 902733.25 | Y24: 0 | AA24: 1241151100 | AB24: MUEBLES DE OFICINA Y ESTANTERÍA 2011 | AC24: 902733.25 | AD24: 0 | AE24: 0 | AF24: 902733.25 | AG24: 0 | AI24: 1241151100 | AJ24: MUEBLES DE OFICINA Y ESTANTERÍA 2011 | AK24: 902733.25 | AL24: 0 | AM24: 0 | AN24: 902733.25 | AO24: 0 | BF24: 1123101002 | BG24: GASTOS A RESERVA DE COMPROBAR | BH24: 17063.95 | BI24: 157017.95 | BJ24: 135869.95 | BK24: 38211.95 | BL24: 21148
A25: 1241351500 | B25: EQ DE CÓMP Y DE TECNOLOGÍAS DE LA INFORMACI 2011 | C25: 5403819.8 | D25: 0 | E25: 0 | F25: 5403819.8 | G25: 0 | I25: 1241351500 | J25: EQ DE CÓMP Y DE TECNOLOGÍAS DE LA INFORMACI 2011 | K25: 0 | L25: 0 | M25: 0 | N25: 0 | O25: 0 | S25: 1241151101 | T25: MUEBLES DE OFICINA Y ESTANTERÍA 2010 | U25: 845850.33 | V25: 0 | W25: 0 | X25: 845850.33 | Y25: 0 | AA25: 1241151101 | AB25: MUEBLES DE OFICINA Y ESTANTERÍA 2010 | AC25: 845850.33 | AD25: 0 | AE25: 0 | AF25: 845850.33 | AG25: 0 | AI25: 1241151101 | AJ25: MUEBLES DE OFICINA Y ESTANTERÍA 2010 | AK25: 845850.33 | AL25: 0 | AM25: 0 | AN25: 845850.33 | AO25: 0 | BF25: 1123102001 | BG25: FUNCIONARIOS Y EMPLEADOS | BH25: 0 | BI25: 1357 | BJ25: 1357 | BK25: 0 | BL25: 0
A26: 1241351501 | B26: EQ DE CÓMP Y DE TECNOLOGÍAS DE LA INFORMACI 2010 | C26: 868900.3 | D26: 0 | E26: 0 | F26: 868900.3 | G26: 0 | I26: 1241351501 | J26: EQ DE CÓMP Y DE TECNOLOGÍAS DE LA INFORMACI 2010 | K26: 0 | L26: 0 | M26: 0 | N26: 0 | O26: 0 | S26: 1241251200 | T26: MUEBLES, EXCEPTO DE OFICINA Y ESTANTERÍA | U26: 144255.28 | V26: 0 | W26: 0 | X26: 144255.28 | Y26: 0 | AA26: 1241251200 | AB26: MUEBLES, EXCEPTO DE OFICINA Y ESTANTERÍA | AC26: 144255.28 | AD26: 0 | AE26: 0 | AF26: 144255.28 | AG26: 0 | AI26: 1241251200 | AJ26: MUEBLES, EXCEPTO DE OFICINA Y ESTANTERÍA | AK26: 144255.28 | AL26: 0 | AM26: 0 | AN26: 144255.28 | AO26: 0 | BF26: 1125 | BH26: 0 | BI26: 8000 | BJ26: 0 | BK26: 8000 | BL26: 8000
A27: 1241951900 | B27: OTROS MOBILIARIOS Y EQUIPOS DE ADMINISTRACIÓN 2011 | C27: 113686.4 | D27: 0 | E27: 0 | F27: 113686.4 | G27: 0 | I27: 1241951900 | J27: OTROS MOBILIARIOS Y EQUIPOS DE ADMINISTRACIÓN 2011 | K27: 0 | L27: 0 | M27: 0 | N27: 0 | O27: 0 | S27: 1241351500 | T27: EQ DE CÓMP Y DE TECNOLOGÍAS DE LA INFORMACI 2011 | U27: 5627513.3 | V27: 0 | W27: 0 | X27: 5627513.3 | Y27: 0 | AA27: 1241351500 | AB27: EQ DE CÓMP Y DE TECNOLOGÍAS DE LA INFORMACI 2011 | AC27: 5627513.3 | AD27: 0 | AE27: 0 | AF27: 5627513.3 | AG27: 0 | AI27: 1241351500 | AJ27: EQ DE CÓMP Y DE TECNOLOGÍAS DE LA INFORMACI 2011 | AK27: 5627513.3 | AL27: 0 | AM27: 0 | AN27: 5627513.3 | AO27: 0 | BF27: 1125102001 | BG27: FONDO FIJO | BH27: 0 | BI27: 8000 | BJ27: 0 | BK27: 8000 | BL27: 8000
A28: 1241951901 | B28: OTROS MOBILIARIOS Y EQUIPOS DE ADMINISTRACIÓN 2010 | C28: 201493.91 | D28: 0 | E28: 0 | F28: 201493.91 | G28: 0 | I28: 1241951901 | J28: OTROS MOBILIARIOS Y EQUIPOS DE ADMINISTRACIÓN 2010 | K28: 0 | L28: 0 | M28: 0 | N28: 0 | O28: 0 | S28: 1241351501 | T28: EQ DE CÓMP Y DE TECNOLOGÍAS DE LA INFORMACI 2010 | U28: 868900.3 | V28: 0 | W28: 0 | X28: 868900.3 | Y28: 0 | AA28: 1241351501 | AB28: EQ DE CÓMP Y DE TECNOLOGÍAS DE LA INFORMACI 2010 | AC28: 868900.3 | AD28: 0 | AE28: 0 | AF28: 868900.3 | AG28: 0 | AI28: 1241351501 | AJ28: EQ DE CÓMP Y DE TECNOLOGÍAS DE LA INFORMACI 2010 | AK28: 868900.3 | AL28: 0 | AM28: 0 | AN28: 868900.3 | AO28: 0 | BF28: 113 | BH28: 313006.26 | BI28: 489628.21 | BJ28: 410964.55 | BK28: 391669.92 | BL28: 78663.66
A29: 1242152100 | B29: EQUIPO Y APARATOS AUDIOVISUALES 2011 | C29: 335777.55 | D29: 0 | E29: 0 | F29: 335777.55 | G29: 0 | I29: 1242152100 | J29: EQUIPO Y APARATOS AUDIOVISUALES 2011 | K29: 0 | L29: 0 | M29: 0 | N29: 0 | O29: 0 | S29: 1241951900 | T29: OTROS MOBILIARIOS Y EQUIPOS DE ADMINISTRACIÓN 2011 | U29: 113686.4 | V29: 0 | W29: 0 | X29: 113686.4 | Y29: 0 | AA29: 1241951900 | AB29: OTROS MOBILIARIOS Y EQUIPOS DE ADMINISTRACIÓN 2011 | AC29: 113686.4 | AD29: 0 | AE29: 0 | AF29: 113686.4 | AG29: 0 | AI29: 1241951900 | AJ29: OTROS MOBILIARIOS Y EQUIPOS DE ADMINISTRACIÓN 2011 | AK29: 113686.4 | AL29: 0 | AM29: 0 | AN29: 113686.4 | AO29: 0 | BF29: 1131 | BH29: 4590.96 | BI29: 170190.42 | BJ29: 166188.69 | BK29: 8592.69 | BL29: 4001.73
A30: 1242352300 | B30: CÁMARAS FOTOGRÁFICAS Y DE VIDEO 2011 | C30: 10873.12 | D30: 0 | E30: 0 | F30: 10873.12 | G30: 0 | I30: 1242352300 | J30: CÁMARAS FOTOGRÁFICAS Y DE VIDEO 2011 | K30: 0 | L30: 0 | M30: 0 | N30: 0 | O30: 0 | S30: 1241951901 | T30: OTROS MOBILIARIOS Y EQUIPOS DE ADMINISTRACIÓN 2010 | U30: 201493.91 | V30: 0 | W30: 0 | X30: 201493.91 | Y30: 0 | AA30: 1241951901 | AB30: OTROS MOBILIARIOS Y EQUIPOS DE ADMINISTRACIÓN 2010 | AC30: 201493.91 | AD30: 0 | AE30: 0 | AF30: 201493.91 | AG30: 0 | AI30: 1241951901 | AJ30: OTROS MOBILIARIOS Y EQUIPOS DE ADMINISTRACIÓN 2010 | AK30: 201493.91 | AL30: 0 | AM30: 0 | AN30: 201493.91 | AO30: 0 | BF30: 1131001001 | BG30: ANTICIPO A PROVEEDORES | BH30: 4590.96 | BI30: 170190.42 | BJ30: 166188.69 | BK30: 8592.69 | BL30: 4001.73
A31: 1242952900 | B31: OTRO MOB. Y EQUIPO EDUCACIONAL Y RECREATIVO 2011 | C31: 1970767.1 | D31: 0 | E31: 0 | F31: 1970767.1 | G31: 0 | I31: 1242952900 | J31: OTRO MOB. Y EQUIPO EDUCACIONAL Y RECREATIVO 2011 | K31: 0 | L31: 0 | M31: 0 | N31: 0 | O31: 0 | S31: 1242152100 | T31: EQUIPO Y APARATOS AUDIOVISUALES 2011 | U31: 335777.55 | V31: 0 | W31: 0 | X31: 335777.55 | Y31: 0 | AA31: 1242152100 | AB31: EQUIPO Y APARATOS AUDIOVISUALES 2011 | AC31: 335777.55 | AD31: 0 | AE31: 0 | AF31: 335777.55 | AG31: 0 | AI31: 1242152100 | AJ31: EQUIPO Y APARATOS AUDIOVISUALES 2011 | AK31: 335777.55 | AL31: 0 | AM31: 0 | AN31: 335777.55 | AO31: 0 | BF31: 1134 | BH31: 308415.3 | BI31: 319437.79 | BJ31: 244775.86 | BK31: 383077.23 | BL31: 74661.93
A32: 1242952901 | B32: OTRO MOB. Y EQUIPO EDUCACIONAL Y RECREATIVO 2010 | C32: 23610 | D32: 0 | E32: 0 | F32: 23610 | G32: 0 | I32: 1242952901 | J32: OTRO MOB. Y EQUIPO EDUCACIONAL Y RECREATIVO 2010 | K32: 0 | L32: 0 | M32: 0 | N32: 0 | O32: 0 | S32: 1242352300 | T32: CÁMARAS FOTOGRÁFICAS Y DE VIDEO 2011 | U32: 10873.12 | V32: 0 | W32: 0 | X32: 10873.12 | Y32: 0 | AA32: 1242352300 | AB32: CÁMARAS FOTOGRÁFICAS Y DE VIDEO 2011 | AC32: 10873.12 | AD32: 0 | AE32: 0 | AF32: 10873.12 | AG32: 0 | AI32: 1242352300 | AJ32: CÁMARAS FOTOGRÁFICAS Y DE VIDEO 2011 | AK32: 10873.12 | AL32: 0 | AM32: 0 | AN32: 10873.12 | AO32: 0 | BF32: 1134201002 | BG32: ANTICIPO A CONTRATISTAS BIENES PROPIOS | BH32: 308415.3 | BI32: 319437.79 | BJ32: 244775.86 | BK32: 383077.23 | BL32: 74661.93
A33: 1243153100 | B33: EQUIPO MÉDICO Y DE LABORATORIO 2011 | C33: 926717 | D33: 0 | E33: 0 | F33: 926717 | G33: 0 | I33: 1243153100 | J33: EQUIPO MÉDICO Y DE LABORATORIO 2011 | K33: 0 | L33: 0 | M33: 0 | N33: 0 | O33: 0 | S33: 1242952900 | T33: OTRO MOB. Y EQUIPO EDUCACIONAL Y RECREATIVO 2011 | U33: 1970767.1 | V33: 0 | W33: 0 | X33: 1970767.1 | Y33: 0 | AA33: 1242952900 | AB33: OTRO MOB. Y EQUIPO EDUCACIONAL Y RECREATIVO 2011 | AC33: 1970767.1 | AD33: 0 | AE33: 0 | AF33: 1970767.1 | AG33: 0 | AI33: 1242952900 | AJ33: OTRO MOB. Y EQUIPO EDUCACIONAL Y RECREATIVO 2011 | AK33: 1970767.1 | AL33: 0 | AM33: 0 | AN33: 1970767.1 | AO33: 0 | BF33: 119 | BG33: OTROS ACTIVOS CIRCULANTES | BH33: 1827 | BI33: 1827 | BJ33: 0 | BK33: 3654 | BL33: 1827
A34: 1243153101 | B34: EQUIPO MÉDICO Y DE LABORATORIO 2010 | C34: 355932.44 | D34: 0 | E34: 0 | F34: 355932.44 | G34: 0 | I34: 1243153101 | J34: EQUIPO MÉDICO Y DE LABORATORIO 2010 | K34: 0 | L34: 0 | M34: 0 | N34: 0 | O34: 0 | S34: 1242952901 | T34: OTRO MOB. Y EQUIPO EDUCACIONAL Y RECREATIVO 2010 | U34: 23610 | V34: 0 | W34: 0 | X34: 23610 | Y34: 0 | AA34: 1242952901 | AB34: OTRO MOB. Y EQUIPO EDUCACIONAL Y RECREATIVO 2010 | AC34: 23610 | AD34: 0 | AE34: 0 | AF34: 23610 | AG34: 0 | AI34: 1242952901 | AJ34: OTRO MOB. Y EQUIPO EDUCACIONAL Y RECREATIVO 2010 | AK34: 23610 | AL34: 0 | AM34: 0 | AN34: 23610 | AO34: 0 | BF34: 1191 | BH34: 1827 | BI34: 1827 | BJ34: 0 | BK34: 3654 | BL34: 1827
A35: 1243253200 | B35: INSTRUMENTAL MÉDICO Y DE LABORATORIO 2011 | C35: 2916377.8 | D35: 0 | E35: 0 | F35: 2916377.8 | G35: 0 | I35: 1243253200 | J35: INSTRUMENTAL MÉDICO Y DE LABORATORIO 2011 | K35: 0 | L35: 0 | M35: 0 | N35: 0 | O35: 0 | S35: 1243153100 | T35: EQUIPO MÉDICO Y DE LABORATORIO 2011 | U35: 926717 | V35: 0 | W35: 0 | X35: 926717 | Y35: 0 | AA35: 1243153100 | AB35: EQUIPO MÉDICO Y DE LABORATORIO 2011 | AC35: 926717 | AD35: 0 | AE35: 0 | AF35: 926717 | AG35: 0 | AI35: 1243153100 | AJ35: EQUIPO MÉDICO Y DE LABORATORIO 2011 | AK35: 926717 | AL35: 0 | AM35: 0 | AN35: 926717 | AO35: 0 | BF35: 1191001001 | BG35: DEPOSITOS EN GARANTIA SERV. | BH35: 1827 | BI35: 1827 | BJ35: 0 | BK35: 3654 | BL35: 1827
A36: 1244154100 | B36: AUTOMÓVILES Y CAMIONES 2011 | C36: 1288943.7 | D36: 0 | E36: 0 | F36: 1288943.7 | G36: 0 | I36: 1244154100 | J36: AUTOMÓVILES Y CAMIONES 2011 | K36: 0 | L36: 0 | M36: 0 | N36: 0 | O36: 0 | S36: 1243153101 | T36: EQUIPO MÉDICO Y DE LABORATORIO 2010 | U36: 355932.44 | V36: 0 | W36: 0 | X36: 355932.44 | Y36: 0 | AA36: 1243153101 | AB36: EQUIPO MÉDICO Y DE LABORATORIO 2010 | AC36: 355932.44 | AD36: 0 | AE36: 0 | AF36: 355932.44 | AG36: 0 | AI36: 1243153101 | AJ36: EQUIPO MÉDICO Y DE LABORATORIO 2010 | AK36: 355932.44 | AL36: 0 | AM36: 0 | AN36: 355932.44 | AO36: 0 | BF36: 12 | BG36: ACTIVO NO CIRCULANTE | BH36: 89976704 | BI36: 1.0245092e+08 | BJ36: 8721011.6 | BK36: 1.8370661e+08 | BL36: 93729904
A37: 1244154101 | B37: AUTOMÓVILES Y CAMIONES 2010 | C37: 1302550.8 | D37: 0 | E37: 0 | F37: 1302550.8 | G37: 0 | I37: 1244154101 | J37: AUTOMÓVILES Y CAMIONES 2010 | K37: 0 | L37: 0 | M37: 0 | N37: 0 | O37: 0 | S37: 1243253200 | T37: INSTRUMENTAL MÉDICO Y DE LABORATORIO 2011 | U37: 2916377.8 | V37: 0 | W37: 0 | X37: 2916377.8 | Y37: 0 | AA37: 1243253200 | AB37: INSTRUMENTAL MÉDICO Y DE LABORATORIO 2011 | AC37: 2916377.8 | AD37: 0 | AE37: 0 | AF37: 2916377.8 | AG37: 0 | AI37: 1243253200 | AJ37: INSTRUMENTAL MÉDICO Y DE LABORATORIO 2011 | AK37: 2916377.8 | AL37: 0 | AM37: 0 | AN37: 2916377.8 | AO37: 0 | BF37: 123 | BG37: BIENES INMUEBLES | BH37: 76423764 | BI37: 77481174 | BJ37: 278232.11 | BK37: 1.5362671e+08 | BL37: 77202942
A38: 1246256200 | B38: MAQUINARIA Y EQUIPO INDUSTRIAL 2011 | C38: 37100 | D38: 0 | E38: 0 | F38: 37100 | G38: 0 | I38: 1246256200 | J38: MAQUINARIA Y EQUIPO INDUSTRIAL 2011 | K38: 0 | L38: 0 | M38: 0 | N38: 0 | O38: 0 | S38: 1244154100 | T38: AUTOMÓVILES Y CAMIONES 2011 | U38: 1288943.7 | V38: 0 | W38: 0 | X38: 1288943.7 | Y38: 0 | AA38: 1244154100 | AB38: AUTOMÓVILES Y CAMIONES 2011 | AC38: 1288943.7 | AD38: 0 | AE38: 0 | AF38: 1288943.7 | AG38: 0 | AI38: 1244154100 | AJ38: AUTOMÓVILES Y CAMIONES 2011 | AK38: 1288943.7 | AL38: 0 | AM38: 0 | AN38: 1288943.7 | AO38: 0 | BF38: 1236 | BH38: 76423764 | BI38: 77481174 | BJ38: 278232.11 | BK38: 1.5362671e+08 | BL38: 77202942
A39: 1246256201 | B39: MAQUINARIA Y EQUIPO INDUSTRIAL 2010 | C39: 250999 | D39: 0 | E39: 0 | F39: 250999 | G39: 0 | I39: 1246256201 | J39: MAQUINARIA Y EQUIPO INDUSTRIAL 2010 | K39: 0 | L39: 0 | M39: 0 | N39: 0 | O39: 0 | S39: 1244154101 | T39: AUTOMÓVILES Y CAMIONES 2010 | U39: 1302550.8 | V39: 0 | W39: 0 | X39: 1302550.8 | Y39: 0 | AA39: 1244154101 | AB39: AUTOMÓVILES Y CAMIONES 2010 | AC39: 1302550.8 | AD39: 0 | AE39: 0 | AF39: 1302550.8 | AG39: 0 | AI39: 1244154101 | AJ39: AUTOMÓVILES Y CAMIONES 2010 | AK39: 1302550.8 | AL39: 0 | AM39: 0 | AN39: 1302550.8 | AO39: 0 | BF39: 1236262200 | BG39: EDIFICACION NO HABITACIONAL | BH39: 76423764 | BI39: 77481174 | BJ39: 278232.11 | BK39: 1.5362671e+08 | BL39: 77202942
A40: 1246556500 | B40: EQUIPO DE COMUNICACIÓN Y TELECOMUNICACIÓN 2011 | C40: 747218.5 | D40: 0 | E40: 0 | F40: 747218.5 | G40: 0 | I40: 1246556500 | J40: EQUIPO DE COMUNICACIÓN Y TELECOMUNICACIÓN 2011 | K40: 0 | L40: 0 | M40: 0 | N40: 0 | O40: 0 | S40: 1246256200 | T40: MAQUINARIA Y EQUIPO INDUSTRIAL 2011 | U40: 37100 | V40: 0 | W40: 0 | X40: 37100 | Y40: 0 | AA40: 1246256200 | AB40: MAQUINARIA Y EQUIPO INDUSTRIAL 2011 | AC40: 37100 | AD40: 0 | AE40: 0 | AF40: 37100 | AG40: 0 | AI40: 1246256200 | AJ40: MAQUINARIA Y EQUIPO INDUSTRIAL 2011 | AK40: 37100 | AL40: 281648 | AM40: 0 | AN40: 318748 | AO40: 281648 | BF40: 124 | BG40: BIENES MUEBLES | BH40: 21992868 | BI40: 24966891 | BJ40: 0 | BK40: 46959759 | BL40: 24966891
A41: 1246556501 | B41: EQUIPO DE COMUNICACIÓN Y TELECOMUNICACIÓN 2010 | C41: 103419.26 | D41: 0 | E41: 0 | F41: 103419.26 | G41: 0 | I41: 1246556501 | J41: EQUIPO DE COMUNICACIÓN Y TELECOMUNICACIÓN 2010 | K41: 0 | L41: 0 | M41: 0 | N41: 0 | O41: 0 | S41: 1246256201 | T41: MAQUINARIA Y EQUIPO INDUSTRIAL 2010 | U41: 250999 | V41: 0 | W41: 0 | X41: 250999 | Y41: 0 | AA41: 1246256201 | AB41: MAQUINARIA Y EQUIPO INDUSTRIAL 2010 | AC41: 250999 | AD41: 0 | AE41: 0 | AF41: 250999 | AG41: 0 | AI41: 1246256201 | AJ41: MAQUINARIA Y EQUIPO INDUSTRIAL 2010 | AK41: 250999 | AL41: 0 | AM41: 0 | AN41: 250999 | AO41: 0 | BF41: 1241 | BH41: 8475298.8 | BI41: 8842752.8 | BJ41: 0 | BK41: 17318052 | BL41: 8842752.8
A42: 1246656600 | B42: EQ DE GENER. ELÉCTRICA, APARATOS Y ACCES 2011 | C42: 324362.07 | D42: 0 | E42: 0 | F42: 324362.07 | G42: 0 | I42: 1246656600 | J42: EQ DE GENER. ELÉCTRICA, APARATOS Y ACCES 2011 | K42: 0 | L42: 0 | M42: 0 | N42: 0 | O42: 0 | S42: 1246556500 | T42: EQUIPO DE COMUNICACIÓN Y TELECOMUNICACIÓN 2011 | U42: 747218.5 | V42: 0 | W42: 0 | X42: 747218.5 | Y42: 0 | AA42: 1246556500 | AB42: EQUIPO DE COMUNICACIÓN Y TELECOMUNICACIÓN 2011 | AC42: 747218.5 | AD42: 0 | AE42: 0 | AF42: 747218.5 | AG42: 0 | AI42: 1246556500 | AJ42: EQUIPO DE COMUNICACIÓN Y TELECOMUNICACIÓN 2011 | AK42: 747218.5 | AL42: 0 | AM42: 0 | AN42: 747218.5 | AO42: 0 | BF42: 1241151100 | BG42: MUEBLES DE OFICINA Y ESTANTERÍA 2011 | BH42: 897292.85 | BI42: 1041053.2 | BJ42: 0 | BK42: 1938346.1 | BL42: 1041053.2
A43: 1246656601 | B43: "EQ DE GENER. ELÉCTRICA, APARATOS Y ACCES 2010" | C43: 21516.07 | D43: 0 | E43: 0 | F43: 21516.07 | G43: 0 | I43: 1246656601 | J43: "EQ DE GENER. ELÉCTRICA, APARATOS Y ACCES 2010" | K43: 0 | L43: 0 | M43: 0 | N43: 0 | O43: 0 | S43: 1246556501 | T43: EQUIPO DE COMUNICACIÓN Y TELECOMUNICACIÓN 2010 | U43: 103419.26 | V43: 0 | W43: 0 | X43: 103419.26 | Y43: 0 | AA43: 1246556501 | AB43: EQUIPO DE COMUNICACIÓN Y TELECOMUNICACIÓN 2010 | AC43: 103419.26 | AD43: 0 | AE43: 0 | AF43: 103419.26 | AG43: 0 | AI43: 1246556501 | AJ43: EQUIPO DE COMUNICACIÓN Y TELECOMUNICACIÓN 2010 | AK43: 103419.26 | AL43: 0 | AM43: 0 | AN43: 103419.26 | AO43: 0 | BF43: 1241151101 | BG43: MUEBLES DE OFICINA Y ESTANTERÍA 2010 | BH43: 845850.33 | BI43: 845850.33 | BJ43: 0 | BK43: 1691700.7 | BL43: 845850.33
A44: 1246756700 | B44: HERRAMIENTAS Y MÁQUINAS-HERRAMIENTA 2011 | C44: 11600 | D44: 0 | E44: 0 | F44: 11600 | G44: 0 | I44: 1246756700 | J44: HERRAMIENTAS Y MÁQUINAS-HERRAMIENTA 2011 | K44: 0 | L44: 0 | M44: 0 | N44: 0 | O44: 0 | S44: 1246656600 | T44: EQ DE GENER. ELÉCTRICA, APARATOS Y ACCES 2011 | U44: 324362.07 | V44: 0 | W44: 0 | X44: 324362.07 | Y44: 0 | AA44: 1246656600 | AB44: EQ DE GENER. ELÉCTRICA, APARATOS Y ACCES 2011 | AC44: 324362.07 | AD44: 760979.76 | AE44: 0 | AF44: 1085341.8 | AG44: 760979.76 | AI44: 1246656600 | AJ44: EQ DE GENER. ELÉCTRICA, APARATOS Y ACCES 2011 | AK44: 1085341.8 | AL44: 0 | AM44: 0 | AN44: 1085341.8 | AO44: 0 | BF44: 1241251200 | BG44: MUEBLES, EXCEPTO DE OFICINA Y ESTANTERÍA | BH44: 144255.28 | BI44: 144255.28 | BJ44: 0 | BK44: 288510.56 | BL44: 144255.28
A45: 1246956900 | B45: OTROS EQUIPOS 2011 | C45: 2826826.4 | D45: 0 | E45: 0 | F45: 2826826.4 | G45: 0 | I45: 1246956900 | J45: OTROS EQUIPOS 2011 | K45: 0 | L45: 0 | M45: 0 | N45: 0 | O45: 0 | S45: 1246656601 | T45: "EQ DE GENER. ELÉCTRICA, APARATOS Y ACCES 2010" | U45: 21516.07 | V45: 0 | W45: 0 | X45: 21516.07 | Y45: 0 | AA45: 1246656601 | AB45: "EQ DE GENER. ELÉCTRICA, APARATOS Y ACCES 2010" | AC45: 21516.07 | AD45: 0 | AE45: 0 | AF45: 21516.07 | AG45: 0 | AI45: 1246656601 | AJ45: "EQ DE GENER. ELÉCTRICA, APARATOS Y ACCES 2010" | AK45: 21516.07 | AL45: 0 | AM45: 0 | AN45: 21516.07 | AO45: 0 | BF45: 1241351500 | BG45: EQ DE CÓMP Y DE TECNOLOGÍAS DE LA INFORMACI 2011 | BH45: 5403819.8 | BI45: 5627513.3 | BJ45: 0 | BK45: 11031333 | BL45: 5627513.3
A46: 1247151300 | B46: BIENES ARTÍSTICOS, CULTURALES Y CIENTÍFICOS 2011 | C46: 62978.17 | D46: 0 | E46: 0 | F46: 62978.17 | G46: 0 | I46: 1247151300 | J46: BIENES ARTÍSTICOS, CULTURALES Y CIENTÍFICOS 2011 | K46: 0 | L46: 0 | M46: 0 | N46: 0 | O46: 0 | S46: 1246756700 | T46: HERRAMIENTAS Y MÁQUINAS-HERRAMIENTA 2011 | U46: 11600 | V46: 0 | W46: 0 | X46: 11600 | Y46: 0 | AA46: 1246756700 | AB46: HERRAMIENTAS Y MÁQUINAS-HERRAMIENTA 2011 | AC46: 11600 | AD46: 0 | AE46: 0 | AF46: 11600 | AG46: 0 | AI46: 1246756700 | AJ46: HERRAMIENTAS Y MÁQUINAS-HERRAMIENTA 2011 | AK46: 11600 | AL46: 0 | AM46: 0 | AN46: 11600 | AO46: 0 | BF46: 1241351501 | BG46: EQ DE CÓMP Y DE TECNOLOGÍAS DE LA INFORMACI 2010 | BH46: 868900.3 | BI46: 868900.3 | BJ46: 0 | BK46: 1737800.6 | BL46: 868900.3
A47: 1252259300 | B47: MARCAS | C47: 2851.04 | D47: 0 | E47: 0 | F47: 2851.04 | G47: 0 | I47: 1252259300 | J47: MARCAS | K47: 0 | L47: 0 | M47: 0 | N47: 0 | O47: 0 | S47: 1246956900 | T47: OTROS EQUIPOS 2011 | U47: 2894826.4 | V47: 0 | W47: 0 | X47: 2894826.4 | Y47: 0 | AA47: 1246956900 | AB47: OTROS EQUIPOS 2011 | AC47: 2894826.4 | AD47: 0 | AE47: 0 | AF47: 2894826.4 | AG47: 0 | AI47: 1246956900 | AJ47: OTROS EQUIPOS 2011 | AK47: 2894826.4 | AL47: 0 | AM47: 0 | AN47: 2894826.4 | AO47: 0 | BF47: 1241951900 | BG47: OTROS MOBILIARIOS Y EQUIPOS DE ADMINISTRACIÓN 2011 | BH47: 113686.4 | BI47: 113686.4 | BJ47: 0 | BK47: 227372.8 | BL47: 113686.4
A48: 1263151101 | B48: DEP. ACUM. MUEBLES DE OFICINA Y ESTANTERÍA 2010 | C48: -264068.28 | D48: 0 | E48: 0 | F48: -264068.28 | G48: 0 | I48: 1263151101 | J48: DEP. ACUM. MUEBLES DE OFICINA Y ESTANTERÍA 2010 | K48: 0 | L48: 0 | M48: 0 | N48: 0 | O48: 0 | S48: 1247151300 | T48: BIENES ARTÍSTICOS, CULTURALES Y CIENTÍFICOS 2011 | U48: 62978.17 | V48: 0 | W48: 0 | X48: 62978.17 | Y48: 0 | AA48: 1247151300 | AB48: BIENES ARTÍSTICOS, CULTURALES Y CIENTÍFICOS 2011 | AC48: 62978.17 | AD48: 0 | AE48: 0 | AF48: 62978.17 | AG48: 0 | AI48: 1247151300 | AJ48: BIENES ARTÍSTICOS, CULTURALES Y CIENTÍFICOS 2011 | AK48: 62978.17 | AL48: 0 | AM48: 0 | AN48: 62978.17 | AO48: 0 | BF48: 1241951901 | BG48: OTROS MOBILIARIOS Y EQUIPOS DE ADMINISTRACIÓN 2010 | BH48: 201493.91 | BI48: 201493.91 | BJ48: 0 | BK48: 402987.82 | BL48: 201493.91
A49: 1263151201 | B49: "DEP. ACUM. MUEBLES, EXCEPTO DE OFICINA Y ESTANTER | C49: -51682.35 | D49: 0 | E49: 0 | F49: -51682.35 | G49: 0 | I49: 1263151201 | J49: "DEP. ACUM. MUEBLES, EXCEPTO DE OFICINA Y ESTANTER | K49: 0 | L49: 0 | M49: 0 | N49: 0 | O49: 0 | S49: 1252259300 | T49: MARCAS | U49: 2851.04 | V49: 0 | W49: 0 | X49: 2851.04 | Y49: 0 | AA49: 1252259300 | AB49: MARCAS | AC49: 2851.04 | AD49: 0 | AE49: 0 | AF49: 2851.04 | AG49: 0 | AI49: 1252259300 | AJ49: MARCAS | AK49: 2851.04 | AL49: 0 | AM49: 0 | AN49: 2851.04 | AO49: 0 | BF49: 1242 | BH49: 2341027.7 | BI49: 2939129 | BJ49: 0 | BK49: 5280156.7 | BL49: 2939129
A50: 1263151501 | B50: DEP. ACUM. EPO. DE COMPUTO Y DE TECNOLOGIAS DE LA | C50: -3587425.2 | D50: 0 | E50: 0 | F50: -3587425.2 | G50: 0 | I50: 1263151501 | J50: DEP. ACUM. EPO. DE COMPUTO Y DE TECNOLOGIAS DE LA | K50: 0 | L50: 0 | M50: 0 | N50: 0 | O50: 0 | S50: 1263151101 | T50: DEP. ACUM. MUEBLES DE OFICINA Y ESTANTERÍA 2010 | U50: -264068.28 | V50: 0 | W50: 0 | X50: -264068.28 | Y50: 0 | AA50: 1263151101 | AB50: DEP. ACUM. MUEBLES DE OFICINA Y ESTANTERÍA 2010 | AC50: -264068.28 | AD50: 0 | AE50: 0 | AF50: -264068.28 | AG50: 0 | AI50: 1263151101 | AJ50: DEP. ACUM. MUEBLES DE OFICINA Y ESTANTERÍA 2010 | AK50: -264068.28 | AL50: 0 | AM50: 0 | AN50: -264068.28 | AO50: 0 | BF50: 1242152100 | BG50: EQUIPO Y APARATOS AUDIOVISUALES 2011 | BH50: 335777.55 | BI50: 335777.55 | BJ50: 0 | BK50: 671555.1 | BL50: 335777.55
A51: 1263151901 | B51: DEP. ACUM. OTROS MOBILIARIOS Y EQUIPOS DE ADMINIST | C51: -18011.8 | D51: 0 | E51: 0 | F51: -18011.8 | G51: 0 | I51: 1263151901 | J51: DEP. ACUM. OTROS MOBILIARIOS Y EQUIPOS DE ADMINIST | K51: 0 | L51: 0 | M51: 0 | N51: 0 | O51: 0 | S51: 1263151201 | T51: "DEP. ACUM. MUEBLES, EXCEPTO DE OFICINA Y ESTANTER | U51: -51682.35 | V51: 0 | W51: 0 | X51: -51682.35 | Y51: 0 | AA51: 1263151201 | AB51: "DEP. ACUM. MUEBLES, EXCEPTO DE OFICINA Y ESTANTER | AC51: -51682.35 | AD51: 0 | AE51: 0 | AF51: -51682.35 | AG51: 0 | AI51: 1263151201 | AJ51: "DEP. ACUM. MUEBLES, EXCEPTO DE OFICINA Y ESTANTER | AK51: -51682.35 | AL51: 0 | AM51: 0 | AN51: -51682.35 | AO51: 0 | BF51: 1242352300 | BG51: CÁMARAS FOTOGRÁFICAS Y DE VIDEO 2011 | BH51: 10873.12 | BI51: 10873.12 | BJ51: 0 | BK51: 21746.24 | BL51: 10873.12
A52: 1263252101 | B52: DEP. ACUM. EQUIPOS Y APARATOS AUDIOVISUALES 2010 | C52: -36556.06 | D52: 0 | E52: 0 | F52: -36556.06 | G52: 0 | I52: 1263252101 | J52: DEP. ACUM. EQUIPOS Y APARATOS AUDIOVISUALES 2010 | K52: 0 | L52: 0 | M52: 0 | N52: 0 | O52: 0 | S52: 1263151501 | T52: DEP. ACUM. EPO. DE COMPUTO Y DE TECNOLOGIAS DE LA | U52: -3587425.2 | V52: 0 | W52: 0 | X52: -3587425.2 | Y52: 0 | AA52: 1263151501 | AB52: DEP. ACUM. EPO. DE COMPUTO Y DE TECNOLOGIAS DE LA | AC52: -3587425.2 | AD52: 0 | AE52: 0 | AF52: -3587425.2 | AG52: 0 | AI52: 1263151501 | AJ52: DEP. ACUM. EPO. DE COMPUTO Y DE TECNOLOGIAS DE LA | AK52: -3587425.2 | AL52: 0 | AM52: 0 | AN52: -3587425.2 | AO52: 0 | BF52: 1242952900 | BG52: OTRO MOB. Y EQUIPO EDUCACIONAL Y RECREATIVO 2011 | BH52: 1970767.1 | BI52: 2568868.3 | BJ52: 0 | BK52: 4539635.4 | BL52: 2568868.3
A53: 1263252301 | B53: DEP. ACUM. CAMARAS FOTOGRAFICAS Y DE VIDEO 2010 | C53: -3249.99 | D53: 0 | E53: 0 | F53: -3249.99 | G53: 0 | I53: 1263252301 | J53: DEP. ACUM. CAMARAS FOTOGRAFICAS Y DE VIDEO 2010 | K53: 0 | L53: 0 | M53: 0 | N53: 0 | O53: 0 | S53: 1263151901 | T53: DEP. ACUM. OTROS MOBILIARIOS Y EQUIPOS DE ADMINIST | U53: -18011.8 | V53: 0 | W53: 0 | X53: -18011.8 | Y53: 0 | AA53: 1263151901 | AB53: DEP. ACUM. OTROS MOBILIARIOS Y EQUIPOS DE ADMINIST | AC53: -18011.8 | AD53: 0 | AE53: 0 | AF53: -18011.8 | AG53: 0 | AI53: 1263151901 | AJ53: DEP. ACUM. OTROS MOBILIARIOS Y EQUIPOS DE ADMINIST | AK53: -18011.8 | AL53: 0 | AM53: 0 | AN53: -18011.8 | AO53: 0 | BF53: 1242952901 | BG53: OTRO MOB. Y EQUIPO EDUCACIONAL Y RECREATIVO 2010 | BH53: 23610 | BI53: 23610 | BJ53: 0 | BK53: 47220 | BL53: 23610
A54: 1263252901 | B54: DEP. ACUM. OTRO MOBILIARIO Y EPO. EDUCACIONAL Y RE | C54: -102333.51 | D54: 0 | E54: 0 | F54: -102333.51 | G54: 0 | I54: 1263252901 | J54: DEP. ACUM. OTRO MOBILIARIO Y EPO. EDUCACIONAL Y RE | K54: 0 | L54: 0 | M54: 0 | N54: 0 | O54: 0 | S54: 1263252101 | T54: DEP. ACUM. EQUIPOS Y APARATOS AUDIOVISUALES 2010 | U54: -36556.06 | V54: 0 | W54: 0 | X54: -36556.06 | Y54: 0 | AA54: 1263252101 | AB54: DEP. ACUM. EQUIPOS Y APARATOS AUDIOVISUALES 2010 | AC54: -36556.06 | AD54: 0 | AE54: 0 | AF54: -36556.06 | AG54: 0 | AI54: 1263252101 | AJ54: DEP. ACUM. EQUIPOS Y APARATOS AUDIOVISUALES 2010 | AK54: -36556.06 | AL54: 0 | AM54: 0 | AN54: -36556.06 | AO54: 0 | BF54: 1243 | BH54: 4199027.3 | BI54: 5096867.3 | BJ54: 0 | BK54: 9295894.5 | BL54: 5096867.3
A55: 1263353101 | B55: DEP. ACUM. EQUIPO MÉDICO Y DE LABORATORIO 2010 | C55: -92671.7 | D55: 0 | E55: 0 | F55: -92671.7 | G55: 0 | I55: 1263353101 | J55: DEP. ACUM. EQUIPO MÉDICO Y DE LABORATORIO 2010 | K55: 0 | L55: 0 | M55: 0 | N55: 0 | O55: 0 | S55: 1263252301 | T55: DEP. ACUM. CAMARAS FOTOGRAFICAS Y DE VIDEO 2010 | U55: -3249.99 | V55: 0 | W55: 0 | X55: -3249.99 | Y55: 0 | AA55: 1263252301 | AB55: DEP. ACUM. CAMARAS FOTOGRAFICAS Y DE VIDEO 2010 | AC55: -3249.99 | AD55: 0 | AE55: 0 | AF55: -3249.99 | AG55: 0 | AI55: 1263252301 | AJ55: DEP. ACUM. CAMARAS FOTOGRAFICAS Y DE VIDEO 2010 | AK55: -3249.99 | AL55: 0 | AM55: 0 | AN55: -3249.99 | AO55: 0 | BF55: 1243153100 | BG55: EQUIPO MÉDICO Y DE LABORATORIO 2011 | BH55: 926717 | BI55: 1824557 | BJ55: 0 | BK55: 2751274 | BL55: 1824557
A56: 1263353201 | B56: DEP. ACUM. INSTRUMENTAL MÉDICO Y DE LABORATORIO 20 | C56: -2766715.1 | D56: 0 | E56: 0 | F56: -2766715.1 | G56: 0 | I56: 1263353201 | J56: DEP. ACUM. INSTRUMENTAL MÉDICO Y DE LABORATORIO 20 | K56: 0 | L56: 0 | M56: 0 | N56: 0 | O56: 0 | S56: 1263252901 | T56: DEP. ACUM. OTRO MOBILIARIO Y EPO. EDUCACIONAL Y RE | U56: -102333.51 | V56: 0 | W56: 0 | X56: -102333.51 | Y56: 0 | AA56: 1263252901 | AB56: DEP. ACUM. OTRO MOBILIARIO Y EPO. EDUCACIONAL Y RE | AC56: -102333.51 | AD56: 0 | AE56: 0 | AF56: -102333.51 | AG56: 0 | AI56: 1263252901 | AJ56: DEP. ACUM. OTRO MOBILIARIO Y EPO. EDUCACIONAL Y RE | AK56: -102333.51 | AL56: 0 | AM56: 0 | AN56: -102333.51 | AO56: 0 | BF56: 1243153101 | BG56: EQUIPO MÉDICO Y DE LABORATORIO 2010 | BH56: 355932.44 | BI56: 355932.44 | BJ56: 0 | BK56: 711864.88 | BL56: 355932.44
A57: 1263454101 | B57: DEP. ACUM. AUTOMÓVILES Y CAMIONES 2010 | C57: -554120.33 | D57: 0 | E57: 0 | F57: -554120.33 | G57: 0 | I57: 1263454101 | J57: DEP. ACUM. AUTOMÓVILES Y CAMIONES 2010 | K57: 0 | L57: 0 | M57: 0 | N57: 0 | O57: 0 | S57: 1263353101 | T57: DEP. ACUM. EQUIPO MÉDICO Y DE LABORATORIO 2010 | U57: -92671.7 | V57: 0 | W57: 0 | X57: -92671.7 | Y57: 0 | AA57: 1263353101 | AB57: DEP. ACUM. EQUIPO MÉDICO Y DE LABORATORIO 2010 | AC57: -92671.7 | AD57: 0 | AE57: 0 | AF57: -92671.7 | AG57: 0 | AI57: 1263353101 | AJ57: DEP. ACUM. EQUIPO MÉDICO Y DE LABORATORIO 2010 | AK57: -92671.7 | AL57: 0 | AM57: 0 | AN57: -92671.7 | AO57: 0 | BF57: 1243253200 | BG57: INSTRUMENTAL MÉDICO Y DE LABORATORIO 2011 | BH57: 2916377.8 | BI57: 2916377.8 | BJ57: 0 | BK57: 5832755.7 | BL57: 2916377.8
A58: 1263656201 | B58: DEP. ACUM. MAQ. Y EPO. INDUSTRIAL 2010 | C58: -18550 | D58: 0 | E58: 0 | F58: -18550 | G58: 0 | I58: 1263656201 | J58: DEP. ACUM. MAQ. Y EPO. INDUSTRIAL 2010 | K58: 0 | L58: 0 | M58: 0 | N58: 0 | O58: 0 | S58: 1263353201 | T58: DEP. ACUM. INSTRUMENTAL MÉDICO Y DE LABORATORIO 20 | U58: -2766715.1 | V58: 0 | W58: 0 | X58: -2766715.1 | Y58: 0 | AA58: 1263353201 | AB58: DEP. ACUM. INSTRUMENTAL MÉDICO Y DE LABORATORIO 20 | AC58: -2766715.1 | AD58: 0 | AE58: 0 | AF58: -2766715.1 | AG58: 0 | AI58: 1263353201 | AJ58: DEP. ACUM. INSTRUMENTAL MÉDICO Y DE LABORATORIO 20 | AK58: -2766715.1 | AL58: 0 | AM58: 0 | AN58: -2766715.1 | AO58: 0 | BF58: 1244 | BH58: 2591494.5 | BI58: 2591494.5 | BJ58: 0 | BK58: 5182989 | BL58: 2591494.5
A59: 1263656501 | B59: DEP. ACUM. EPO DE COMUNICACIÓN Y TELECOMUNICACIÓN | C59: -144501.13 | D59: 0 | E59: 0 | F59: -144501.13 | G59: 0 | I59: 1263656501 | J59: DEP. ACUM. EPO DE COMUNICACIÓN Y TELECOMUNICACIÓN | K59: 0 | L59: 0 | M59: 0 | N59: 0 | O59: 0 | S59: 1263454101 | T59: DEP. ACUM. AUTOMÓVILES Y CAMIONES 2010 | U59: -554120.33 | V59: 0 | W59: 0 | X59: -554120.33 | Y59: 0 | AA59: 1263454101 | AB59: DEP. ACUM. AUTOMÓVILES Y CAMIONES 2010 | AC59: -554120.33 | AD59: 0 | AE59: 0 | AF59: -554120.33 | AG59: 0 | AI59: 1263454101 | AJ59: DEP. ACUM. AUTOMÓVILES Y CAMIONES 2010 | AK59: -554120.33 | AL59: 0 | AM59: 0 | AN59: -554120.33 | AO59: 0 | BF59: 1244154100 | BG59: AUTOMÓVILES Y CAMIONES 2011 | BH59: 1288943.7 | BI59: 1288943.7 | BJ59: 0 | BK59: 2577887.5 | BL59: 1288943.7
A60: 1263656601 | B60: "DEP. ACUM. EPOS DE GENER. ELÉCTRICA, APARATOS Y 2 | C60: -26599.15 | D60: 0 | E60: 0 | F60: -26599.15 | G60: 0 | I60: 1263656601 | J60: "DEP. ACUM. EPOS DE GENER. ELÉCTRICA, APARATOS Y 2 | K60: 0 | L60: 0 | M60: 0 | N60: 0 | O60: 0 | S60: 1263656201 | T60: DEP. ACUM. MAQ. Y EPO. INDUSTRIAL 2010 | U60: -18550 | V60: 0 | W60: 0 | X60: -18550 | Y60: 0 | AA60: 1263656201 | AB60: DEP. ACUM. MAQ. Y EPO. INDUSTRIAL 2010 | AC60: -18550 | AD60: 0 | AE60: 0 | AF60: -18550 | AG60: 0 | AI60: 1263656201 | AJ60: DEP. ACUM. MAQ. Y EPO. INDUSTRIAL 2010 | AK60: -18550 | AL60: 0 | AM60: 0 | AN60: -18550 | AO60: 0 | BF60: 1244154101 | BG60: AUTOMÓVILES Y CAMIONES 2010 | BH60: 1302550.8 | BI60: 1302550.8 | BJ60: 0 | BK60: 2605101.5 | BL60: 1302550.8
A61: 1263656901 | B61: DEP. ACUM. OTROS EQUIPOS 2010 | C61: -776294.78 | D61: 0 | E61: 0 | F61: -776294.78 | G61: 0 | I61: 1263656901 | J61: DEP. ACUM. OTROS EQUIPOS 2010 | K61: 0 | L61: 0 | M61: 0 | N61: 0 | O61: 0 | S61: 1263656501 | T61: DEP. ACUM. EPO DE COMUNICACIÓN Y TELECOMUNICACIÓN | U61: -144501.13 | V61: 0 | W61: 0 | X61: -144501.13 | Y61: 0 | AA61: 1263656501 | AB61: DEP. ACUM. EPO DE COMUNICACIÓN Y TELECOMUNICACIÓN | AC61: -144501.13 | AD61: 0 | AE61: 0 | AF61: -144501.13 | AG61: 0 | AI61: 1263656501 | AJ61: DEP. ACUM. EPO DE COMUNICACIÓN Y TELECOMUNICACIÓN | AK61: -144501.13 | AL61: 0 | AM61: 0 | AN61: -144501.13 | AO61: 0 | BF61: 1246 | BH61: 4323041.3 | BI61: 5433669.1 | BJ61: 0 | BK61: 9756710.4 | BL61: 5433669.1
A62: 2111101001 | B62: SUELDOS POR PAGAR | C62: 0 | D62: 1078250.5 | E62: 1078250.5 | F62: 0 | G62: 0 | I62: 2111101001 | J62: SUELDOS POR PAGAR | K62: 0 | L62: 1100447.4 | M62: 1100447.4 | N62: 0 | O62: 0 | S62: 1263656601 | T62: "DEP. ACUM. EPOS DE GENER. ELÉCTRICA, APARATOS Y 2 | U62: -26599.15 | V62: 0 | W62: 0 | X62: -26599.15 | Y62: 0 | AA62: 1263656601 | AB62: "DEP. ACUM. EPOS DE GENER. ELÉCTRICA, APARATOS Y 2 | AC62: -26599.15 | AD62: 0 | AE62: 0 | AF62: -26599.15 | AG62: 0 | AI62: 1263656601 | AJ62: "DEP. ACUM. EPOS DE GENER. ELÉCTRICA, APARATOS Y 2 | AK62: -26599.15 | AL62: 0 | AM62: 0 | AN62: -26599.15 | AO62: 0 | BF62: 1246256200 | BG62: MAQUINARIA Y EQUIPO INDUSTRIAL 2011 | BH62: 37100 | BI62: 318748 | BJ62: 0 | BK62: 355848 | BL62: 318748
A63: 2111102001 | B63: SUELDOS DEVENGADOS EJERCICIO ANTERIOR | C63: -461184.22 | D63: 461184.22 | E63: 0 | F63: 0 | G63: 461184.22 | I63: 2111102001 | J63: SUELDOS DEVENGADOS EJERCICIO ANTERIOR | K63: 461184.22 | L63: 0 | M63: 0 | N63: 0 | O63: 0 | S63: 1263656901 | T63: DEP. ACUM. OTROS EQUIPOS 2010 | U63: -776294.78 | V63: 0 | W63: 0 | X63: -776294.78 | Y63: 0 | AA63: 1263656901 | AB63: DEP. ACUM. OTROS EQUIPOS 2010 | AC63: -776294.78 | AD63: 0 | AE63: 0 | AF63: -776294.78 | AG63: 0 | AI63: 1263656901 | AJ63: DEP. ACUM. OTROS EQUIPOS 2010 | AK63: -776294.78 | AL63: 0 | AM63: 0 | AN63: -776294.78 | AO63: 0 | BF63: 1246256201 | BG63: MAQUINARIA Y EQUIPO INDUSTRIAL 2010 | BH63: 250999 | BI63: 250999 | BJ63: 0 | BK63: 501998 | BL63: 250999
A64: 2111401003 | B64: APORTACION PATRONAL IMSS | C64: -781.29 | D64: 0 | E64: 0 | F64: -781.29 | G64: 0 | I64: 2111401003 | J64: APORTACION PATRONAL IMSS | K64: 0 | L64: 0 | M64: 0 | N64: 0 | O64: 0 | S64: 2111101001 | T64: SUELDOS POR PAGAR | U64: 0 | V64: 1242622.6 | W64: 1242622.6 | X64: 0 | Y64: 0 | AA64: 2111101001 | AB64: SUELDOS POR PAGAR | AC64: 0 | AD64: 1200846.9 | AE64: 1200846.9 | AF64: 0 | AG64: 0 | AI64: 2111101001 | AJ64: SUELDOS POR PAGAR | AK64: 0 | AL64: 903092.27 | AM64: 903092.27 | AN64: 0 | AO64: 0 | BF64: 1246556500 | BG64: EQUIPO DE COMUNICACIÓN Y TELECOMUNICACIÓN 2011 | BH64: 747218.5 | BI64: 747218.5 | BJ64: 0 | BK64: 1494437 | BL64: 747218.5
A65: 2112101001 | B65: PROVEEDORES DE BIENES Y SERVICIOS | C65: -179 | D65: 813892.61 | E65: 813892.61 | F65: -179 | G65: 0 | I65: 2112101001 | J65: PROVEEDORES DE BIENES Y SERVICIOS | K65: 0 | L65: 358442.91 | M65: 348440.62 | N65: 10002.29 | O65: 10002.29 | S65: 2111401003 | T65: APORTACION PATRONAL IMSS | U65: -781.29 | V65: 0 | W65: 0 | X65: -781.29 | Y65: 0 | AA65: 2111401003 | AB65: APORTACION PATRONAL IMSS | AC65: -781.29 | AD65: 0 | AE65: 0 | AF65: -781.29 | AG65: 0 | AI65: 2111401003 | AJ65: APORTACION PATRONAL IMSS | AK65: -781.29 | AL65: 0 | AM65: 0 | AN65: -781.29 | AO65: 0 | BF65: 1246556501 | BG65: EQUIPO DE COMUNICACIÓN Y TELECOMUNICACIÓN 2010 | BH65: 103419.26 | BI65: 103419.26 | BJ65: 0 | BK65: 206838.52 | BL65: 103419.26
A66: 2112102001 | B66: PROVEEDORES DEL EJERCICIO ANTERIOR | C66: -315403.44 | D66: 315403.44 | E66: 0 | F66: 0 | G66: 315403.44 | I66: 2112102001 | J66: PROVEEDORES DEL EJERCICIO ANTERIOR | K66: 315403.44 | L66: 0 | M66: 0 | N66: 0 | O66: 0 | S66: 2112101001 | T66: PROVEEDORES DE BIENES Y SERVICIOS | U66: -179 | V66: 356368.53 | W66: 347804.65 | X66: 8384.88 | Y66: 8563.88 | AA66: 2112101001 | AB66: PROVEEDORES DE BIENES Y SERVICIOS | AC66: 8384.88 | AD66: 1183988.5 | AE66: 1192373.4 | AF66: 0 | AG66: -8384.88 | AI66: 2112101001 | AJ66: PROVEEDORES DE BIENES Y SERVICIOS | AK66: 0 | AL66: 702830.36 | AM66: 702830.36 | AN66: 0 | AO66: 0 | BF66: 1246656600 | BG66: EQ DE GENER. ELÉCTRICA, APARATOS Y ACCES 2011 | BH66: 324362.07 | BI66: 1085341.8 | BJ66: 0 | BK66: 1409703.9 | BL66: 1085341.8
A67: 2117101003 | B67: ISR POR SUELDOS Y SALARIOS | C67: -715754.77 | D67: 744677.56 | E67: 232504.24 | F67: -203581.45 | G67: 512173.32 | I67: 2117101003 | J67: ISR POR SUELDOS Y SALARIOS | K67: 512173.32 | L67: 208829 | M67: 226936.92 | N67: 494065.4 | O67: -18107.92 | S67: 2113201001 | T67: CONTRATISTAS PROY. DE INV. CONTRATOS OBRA | U67: 0 | V67: 409804.55 | W67: 409804.55 | X67: 0 | Y67: 0 | AA67: 2113201001 | AB67: CONTRATISTAS PROY. DE INV. CONTRATOS OBRA | AC67: 0 | AD67: 0 | AE67: 0 | AF67: 0 | AG67: 0 | AI67: 2113201001 | AJ67: CONTRATISTAS PROY. DE INV. CONTRATOS OBRA | AK67: 0 | AL67: 46135.58 | AM67: 46135.58 | AN67: 0 | AO67: 0 | BF67: 1246656601 | BG67: "EQ DE GENER. ELÉCTRICA, APARATOS Y ACCES 2010" | BH67: 21516.07 | BI67: 21516.07 | BJ67: 0 | BK67: 43032.14 | BL67: 21516.07
A68: 2117101004 | B68: ISR ASIMILADOS | C68: -392.27 | D68: 0 | E68: 115.4 | F68: -507.67 | G68: -115.4 | I68: 2117101004 | J68: ISR ASIMILADOS | K68: -115.4 | L68: 115 | M68: 230.8 | N68: -231.2 | O68: -115.8 | S68: 2117101003 | T68: ISR POR SUELDOS Y SALARIOS | U68: -222665.27 | V68: 228144 | W68: 271617.33 | X68: -266138.6 | Y68: -43473.33 | AA68: 2117101003 | AB68: ISR POR SUELDOS Y SALARIOS | AC68: -266138.6 | AD68: 289931.78 | AE68: 230070.34 | AF68: -206277.16 | AG68: 59861.44 | AI68: 2117101003 | AJ68: ISR POR SUELDOS Y SALARIOS | AK68: -206277.16 | AL68: 211756 | AM68: 183942.12 | AN68: -178463.28 | AO68: 27813.88 | BF68: 1246756700 | BG68: HERRAMIENTAS Y MÁQUINAS-HERRAMIENTA 2011 | BH68: 11600 | BI68: 11600 | BJ68: 0 | BK68: 23200 | BL68: 11600
A69: 2117202004 | B69: APORTACIÓN TRABAJADOR IMSS | C69: -54508.72 | D69: 90860.87 | E69: 44398.24 | F69: -8046.09 | G69: 46462.63 | I69: 2117202004 | J69: APORTACIÓN TRABAJADOR IMSS | K69: 46462.63 | L69: 56306.57 | M69: 41893.79 | N69: 60875.41 | O69: 14412.78 | S69: 2117101004 | T69: ISR ASIMILADOS | U69: -854.27 | V69: 231 | W69: 230.8 | X69: -854.07 | Y69: 0.2 | AA69: 2117101004 | AB69: ISR ASIMILADOS | AC69: -854.07 | AD69: 231 | AE69: 5667.13 | AF69: -6290.2 | AG69: -5436.13 | AI69: 2117101004 | AJ69: ISR ASIMILADOS | AK69: -6290.2 | AL69: 5667 | AM69: 77 | AN69: -700.2 | AO69: 5590 | BF69: 1246956900 | BG69: OTROS EQUIPOS 2011 | BH69: 2826826.4 | BI69: 2894826.4 | BJ69: 0 | BK69: 5721652.8 | BL69: 2894826.4
A70: 2117502102 | B70: IMPUESTO SOBRE NOMINAS | C70: -77242.14 | D70: 79325.2 | E70: 28831.2 | F70: -26748.14 | G70: 50494 | I70: 2117502102 | J70: IMPUESTO SOBRE NOMINAS | K70: 50494 | L70: 25517 | M70: 28533.72 | N70: 47477.28 | O70: -3016.72 | S70: 2117202004 | T70: APORTACIÓN TRABAJADOR IMSS | U70: -11336.23 | V70: 58759.77 | W70: 42628.3 | X70: 4795.24 | Y70: 16131.47 | AA70: 2117202004 | AB70: APORTACIÓN TRABAJADOR IMSS | AC70: 4795.24 | AD70: 28004.69 | AE70: 43572.45 | AF70: -10772.52 | AG70: -15567.76 | AI70: 2117202004 | AJ70: APORTACIÓN TRABAJADOR IMSS | AK70: -10772.52 | AL70: 53204.25 | AM70: 36101.66 | AN70: 6330.07 | AO70: 17102.59 | BF70: 1247 | BH70: 62978.17 | BI70: 62978.17 | BJ70: 0 | BK70: 125956.34 | BL70: 62978.17
A71: 2117910001 | B71: VIVIENDA | C71: -120513.1 | D71: 134257.61 | E71: 73264.61 | F71: -59520.1 | G71: 60993 | I71: 2117910001 | J71: VIVIENDA | K71: 60993 | L71: 118891.42 | M71: 59931.7 | N71: 119952.72 | O71: 58959.72 | S71: 2117502102 | T71: IMPUESTO SOBRE NOMINAS | U71: -30300.64 | V71: 29070 | W71: 32480.28 | X71: -33710.92 | Y71: -3410.28 | AA71: 2117502102 | AB71: IMPUESTO SOBRE NOMINAS | AC71: -33710.92 | AD71: 35349.99 | AE71: 30976.81 | AF71: -29337.74 | AG71: 4373.18 | AI71: 2117502102 | AJ71: IMPUESTO SOBRE NOMINAS | AK71: -29337.74 | AL71: 28107 | AM71: 23799.94 | AN71: -25030.68 | AO71: 4307.06 | BF71: 1247151300 | BG71: BIENES ARTÍSTICOS, CULTURALES Y CIENTÍFICOS 2011 | BH71: 62978.17 | BI71: 62978.17 | BJ71: 0 | BK71: 125956.34 | BL71: 62978.17
A72: 2117912000 | B72: OPTICAS | C72: -720 | D72: 0 | E72: 0 | F72: -720 | G72: 0 | I72: 2117912000 | J72: OPTICAS | K72: 0 | L72: 0 | M72: 0 | N72: 0 | O72: 0 | S72: 2117910001 | T72: VIVIENDA | U72: -55954.81 | V72: 104570.12 | W72: 49725.94 | X72: -1110.63 | Y72: 54844.18 | AA72: 2117910001 | AB72: VIVIENDA | AC72: -1110.63 | AD72: 1154.69 | AE72: 53884.51 | AF72: -53840.45 | AG72: -52729.82 | AI72: 2117910001 | AJ72: VIVIENDA | AK72: -53840.45 | AL72: 105501.78 | AM72: 52609.85 | AN72: -948.52 | AO72: 52891.93 | BF72: 125 | BG72: ACTIVOS INTANGIBLES | BH72: 2851.04 | BI72: 2851.04 | BJ72: 0 | BK72: 5702.08 | BL72: 2851.04
A73: 2117918000 | B73: RETENCIONES DE OBRA PÚBLICA | C73: -857.81 | D73: 0 | E73: 0 | F73: -857.81 | G73: 0 | I73: 2117918000 | J73: RETENCIONES DE OBRA PÚBLICA | K73: 0 | L73: 0 | M73: 0 | N73: 0 | O73: 0 | S73: 2117912000 | T73: OPTICAS | U73: -720 | V73: 0 | W73: 0 | X73: -720 | Y73: 0 | AA73: 2117912000 | AB73: OPTICAS | AC73: -720 | AD73: 0 | AE73: 0 | AF73: -720 | AG73: 0 | AI73: 2117912000 | AJ73: OPTICAS | AK73: -720 | AL73: 0 | AM73: 0 | AN73: -720 | AO73: 0 | BF73: 1252 | BH73: 2851.04 | BI73: 2851.04 | BJ73: 0 | BK73: 5702.08 | BL73: 2851.04
A74: 2117918001 | B74: DIVO 5% AL MILLAR | C74: -0.04 | D74: 0 | E74: 0 | F74: -0.04 | G74: 0 | I74: 2117918001 | J74: DIVO 5% AL MILLAR | K74: 0 | L74: 0 | M74: 0 | N74: 0 | O74: 0 | S74: 2117918000 | T74: RETENCIONES DE OBRA PÚBLICA | U74: -857.81 | V74: 0 | W74: 0 | X74: -857.81 | Y74: 0 | AA74: 2117918000 | AB74: RETENCIONES DE OBRA PÚBLICA | AC74: -857.81 | AD74: 0 | AE74: 0 | AF74: -857.81 | AG74: 0 | AI74: 2117918000 | AJ74: RETENCIONES DE OBRA PÚBLICA | AK74: -857.81 | AL74: 0 | AM74: 0 | AN74: -857.81 | AO74: 0 | BF74: 1252259300 | BG74: MARCAS | BH74: 2851.04 | BI74: 2851.04 | BJ74: 0 | BK74: 5702.08 | BL74: 2851.04
A75: 2117918002 | B75: CAP 2% | C75: -4388.99 | D75: 0 | E75: 0 | F75: -4388.99 | G75: 0 | I75: 2117918002 | J75: CAP 2% | K75: 0 | L75: 0 | M75: 0 | N75: 0 | O75: 0 | S75: 2117918001 | T75: DIVO 5% AL MILLAR | U75: -0.04 | V75: 0 | W75: 0 | X75: -0.04 | Y75: 0 | AA75: 2117918001 | AB75: DIVO 5% AL MILLAR | AC75: -0.04 | AD75: 0 | AE75: 0 | AF75: -0.04 | AG75: 0 | AI75: 2117918001 | AJ75: DIVO 5% AL MILLAR | AK75: -0.04 | AL75: 0 | AM75: 0 | AN75: -0.04 | AO75: 0 | BF75: 126 | BG75: DEPRECIA/DETERIORO/AMORTIZACION ACUMULADA D BIENES | BH75: -8442779.4 | BI75: 0 | BJ75: 8442779.4 | BK75: -16885559 | BL75: -8442779.4
A76: 2117918004 | B76: PENALIZACIONES CONTRATISTAS | C76: -0.66 | D76: 0 | E76: 0 | F76: -0.66 | G76: 0 | I76: 2117918004 | J76: PENALIZACIONES CONTRATISTAS | K76: 0 | L76: 0 | M76: 0 | N76: 0 | O76: 0 | S76: 2117918002 | T76: CAP 2% | U76: -4388.99 | V76: 0 | W76: 0 | X76: -4388.99 | Y76: 0 | AA76: 2117918002 | AB76: CAP 2% | AC76: -4388.99 | AD76: 0 | AE76: 0 | AF76: -4388.99 | AG76: 0 | AI76: 2117918002 | AJ76: CAP 2% | AK76: -4388.99 | AL76: 0 | AM76: 0 | AN76: -4388.99 | AO76: 0 | BF76: 1263 | BH76: -8442779.4 | BI76: 0 | BJ76: 8442779.4 | BK76: -16885559 | BL76: -8442779.4
A77: 2117918005 | B77: CNEC RET 5 AL MILLAR | C77: -812.95 | D77: 0 | E77: 0 | F77: -812.95 | G77: 0 | I77: 2117918005 | J77: CNEC RET 5 AL MILLAR | K77: 0 | L77: 0 | M77: 0 | N77: 0 | O77: 0 | S77: 2117918004 | T77: PENALIZACIONES CONTRATISTAS | U77: -0.66 | V77: 0 | W77: 16449.11 | X77: -16449.77 | Y77: -16449.11 | AA77: 2117918004 | AB77: PENALIZACIONES CONTRATISTAS | AC77: -16449.77 | AD77: 0 | AE77: 0 | AF77: -16449.77 | AG77: 0 | AI77: 2117918004 | AJ77: PENALIZACIONES CONTRATISTAS | AK77: -16449.77 | AL77: 32948.11 | AM77: 22777.81 | AN77: -6279.47 | AO77: 10170.3 | BF77: 1263151101 | BG77: DEP. ACUM. MUEBLES DE OFICINA Y ESTANTERÍA 2010 | BH77: -264068.28 | BI77: 0 | BJ77: 264068.28 | BK77: -528136.56 | BL77: -264068.28
A78: 2117918006 | B78: ICIC 2 AL MILLAR | C78: -306.77 | D78: 0 | E78: 0 | F78: -306.77 | G78: 0 | I78: 2117918006 | J78: ICIC 2 AL MILLAR | K78: 0 | L78: 0 | M78: 0 | N78: 0 | O78: 0 | S78: 2117918005 | T78: CNEC RET 5 AL MILLAR | U78: -812.95 | V78: 0 | W78: 0 | X78: -812.95 | Y78: 0 | AA78: 2117918005 | AB78: CNEC RET 5 AL MILLAR | AC78: -812.95 | AD78: 0 | AE78: 0 | AF78: -812.95 | AG78: 0 | AI78: 2117918005 | AJ78: CNEC RET 5 AL MILLAR | AK78: -812.95 | AL78: 0 | AM78: 0 | AN78: -812.95 | AO78: 0 | BF78: 1263151201 | BG78: "DEP. ACUM. MUEBLES, EXCEPTO DE OFICINA Y ESTANTER | BH78: -51682.35 | BI78: 0 | BJ78: 51682.35 | BK78: -103364.7 | BL78: -51682.35
A79: 2119904005 | B79: CXP POR REMANENTES | C79: -313725.16 | D79: 313725.16 | E79: 0 | F79: 0 | G79: 313725.16 | I79: 2119904002 | J79: CXP A GEG | K79: 0 | L79: 0 | M79: 800 | N79: -800 | O79: -800 | S79: 2117918006 | T79: ICIC 2 AL MILLAR | U79: -306.77 | V79: 0 | W79: 0 | X79: -306.77 | Y79: 0 | AA79: 2117918006 | AB79: ICIC 2 AL MILLAR | AC79: -306.77 | AD79: 0 | AE79: 0 | AF79: -306.77 | AG79: 0 | AI79: 2117918006 | AJ79: ICIC 2 AL MILLAR | AK79: -306.77 | AL79: 0 | AM79: 0 | AN79: -306.77 | AO79: 0 | BF79: 1263151501 | BG79: DEP. ACUM. EPO. DE COMPUTO Y DE TECNOLOGIAS DE LA | BH79: -3587425.2 | BI79: 0 | BJ79: 3587425.2 | BK79: -7174850.5 | BL79: -3587425.2
A80: 2119904008 | B80: CXP REMANENTE EN SOLICITUD DE REFRENDO | C80: -2761233.1 | D80: 2761233.1 | E80: 0 | F80: 0 | G80: 2761233.1 | I80: 2119904005 | J80: CXP POR REMANENTES | K80: 313725.16 | L80: 0 | M80: 0 | N80: 0 | O80: 0 | S80: 2117919003 | T80: DESCUENTO POR TELEFONÍA | U80: -1696 | V80: 0 | W80: 0 | X80: -1696 | Y80: 0 | AA80: 2117919003 | AB80: DESCUENTO POR TELEFONÍA | AC80: -1696 | AD80: 0 | AE80: 0 | AF80: -1696 | AG80: 0 | AI80: 2117919003 | AJ80: DESCUENTO POR TELEFONÍA | AK80: -1696 | AL80: 0 | AM80: 0 | AN80: -1696 | AO80: 0 | BF80: 1263151901 | BG80: DEP. ACUM. OTROS MOBILIARIOS Y EQUIPOS DE ADMINIST | BH80: -18011.8 | BI80: 0 | BJ80: 18011.8 | BK80: -36023.6 | BL80: -18011.8
A81: 2119905001 | B81: ACREEDORES DIVERSOS | C81: 0 | D81: 4528791.9 | E81: 4679362.1 | F81: -150570.23 | G81: -150570.23 | I81: 2119904008 | J81: CXP REMANENTE EN SOLICITUD DE REFRENDO | K81: 2761233.1 | L81: 0 | M81: 0 | N81: 0 | O81: 0 | S81: 2119905001 | T81: ACREEDORES DIVERSOS | U81: -158525.72 | V81: 450190.99 | W81: 907794.26 | X81: -616128.99 | Y81: -457603.27 | AA81: 2119905001 | AB81: ACREEDORES DIVERSOS | AC81: -616128.99 | AD81: 985204.24 | AE81: 526097.3 | AF81: -157022.05 | AG81: 459106.94 | AI81: 2119905001 | AJ81: ACREEDORES DIVERSOS | AK81: -157022.05 | AL81: 502758.97 | AM81: 920754.03 | AN81: -575017.11 | AO81: -417995.06 | BF81: 1263252101 | BG81: DEP. ACUM. EQUIPOS Y APARATOS AUDIOVISUALES 2010 | BH81: -36556.06 | BI81: 0 | BJ81: 36556.06 | BK81: -73112.12 | BL81: -36556.06
A82: 2191002001 | B82: INGRESOS PENDIENTES DE CLASIFICAR ODES | C82: -14871.09 | D82: 709 | E82: 4990 | F82: -19152.09 | G82: -4281 | I82: 2119905001 | J82: ACREEDORES DIVERSOS | K82: -150570.23 | L82: 408211.18 | M82: 862288.7 | N82: -604647.75 | O82: -454077.52 | S82: 2191002001 | T82: INGRESOS PENDIENTES DE CLASIFICAR ODES | U82: -22102.09 | V82: 5590 | W82: 4395 | X82: -20907.09 | Y82: 1195 | AA82: 2191002001 | AB82: INGRESOS PENDIENTES DE CLASIFICAR ODES | AC82: -20907.09 | AD82: 2930 | AE82: 12349 | AF82: -30326.09 | AG82: -9419 | AI82: 2191002001 | AJ82: INGRESOS PENDIENTES DE CLASIFICAR ODES | AK82: -30326.09 | AL82: 12284 | AM82: 6650 | AN82: -24692.09 | AO82: 5634 | BF82: 1263252301 | BG82: DEP. ACUM. CAMARAS FOTOGRAFICAS Y DE VIDEO 2010 | BH82: -3249.99 | BI82: 0 | BJ82: 3249.99 | BK82: -6499.98 | BL82: -3249.99
A83: 2199002001 | B83: CXP GEG POR SERV. EDUCATIVOS | C83: 0 | D83: 878060 | E83: 878060 | F83: 0 | G83: 0 | I83: 2191002001 | J83: INGRESOS PENDIENTES DE CLASIFICAR ODES | K83: -4281 | L83: 1485 | M83: 15640 | N83: -18436 | O83: -14155 | S83: 2199002001 | T83: CXP GEG POR SERV. EDUCATIVOS | U83: 0 | V83: 1965 | W83: 1965 | X83: 0 | Y83: 0 | AA83: 2199002001 | AB83: CXP GEG POR SERV. EDUCATIVOS | AC83: 0 | AD83: 5336 | AE83: 5336 | AF83: 0 | AG83: 0 | AI83: 2199002001 | AJ83: CXP GEG POR SERV. EDUCATIVOS | AK83: 0 | AL83: 226690 | AM83: 226690 | AN83: 0 | AO83: 0 | BF83: 1263252901 | BG83: DEP. ACUM. OTRO MOBILIARIO Y EPO. EDUCACIONAL Y RE | BH83: -102333.51 | BI83: 0 | BJ83: 102333.51 | BK83: -204667.02 | BL83: -102333.51
A84: 2199002099 | B84: DIFERENCIAS IRRELEVANTES (MODULO DE ADQUISICIONES | C84: -0.05 | D84: 0 | E84: 0 | F84: -0.05 | G84: 0 | I84: 2199002001 | J84: CXP GEG POR SERV. EDUCATIVOS | K84: 0 | L84: 11920 | M84: 11920 | N84: 0 | O84: 0 | S84: 2199002099 | T84: DIFERENCIAS IRRELEVANTES (MODULO DE ADQUISICIONES | U84: -0.05 | V84: 0 | W84: 0 | X84: -0.05 | Y84: 0 | AA84: 2199002099 | AB84: DIFERENCIAS IRRELEVANTES (MODULO DE ADQUISICIONES | AC84: -0.05 | AD84: 0 | AE84: 0.06 | AF84: -0.11 | AG84: -0.06 | AI84: 2199002099 | AJ84: DIFERENCIAS IRRELEVANTES (MODULO DE ADQUISICIONES | AK84: -0.11 | AL84: 0 | AM84: 0 | AN84: -0.11 | AO84: 0 | BF84: 1263353101 | BG84: DEP. ACUM. EQUIPO MÉDICO Y DE LABORATORIO 2010 | BH84: -92671.7 | BI84: 0 | BJ84: 92671.7 | BK84: -185343.4 | BL84: -92671.7
A85: 3110000001 | B85: APORTACIONES | C85: -3472131.4 | D85: 0 | E85: 0 | F85: -3472131.4 | G85: 0 | I85: 2199002099 | J85: DIFERENCIAS IRRELEVANTES (MODULO DE ADQUISICIONES | K85: 0 | L85: 0 | M85: 0 | N85: 0 | O85: 0 | S85: 3110000001 | T85: APORTACIONES | U85: -3472131.4 | V85: 0 | W85: 0 | X85: -3472131.4 | Y85: 0 | AA85: 3110000001 | AB85: APORTACIONES | AC85: -3472131.4 | AD85: 0 | AE85: 0 | AF85: -3472131.4 | AG85: 0 | AI85: 3110000001 | AJ85: APORTACIONES | AK85: -3472131.4 | AL85: 0 | AM85: 0 | AN85: -3472131.4 | AO85: 0 | BF85: 1263353201 | BG85: DEP. ACUM. INSTRUMENTAL MÉDICO Y DE LABORATORIO 20 | BH85: -2766715.1 | BI85: 0 | BJ85: 2766715.1 | BK85: -5533430.3 | BL85: -2766715.1
A86: 3110000002 | B86: BAJA DE ACTIVO FIJO | C86: 136494.09 | D86: 0 | E86: 0 | F86: 136494.09 | G86: 0 | I86: 3110000001 | J86: APORTACIONES | K86: 0 | L86: 0 | M86: 0 | N86: 0 | O86: 0 | S86: 3110000002 | T86: BAJA DE ACTIVO FIJO | U86: 136494.09 | V86: 0 | W86: 0 | X86: 136494.09 | Y86: 0 | AA86: 3110000002 | AB86: BAJA DE ACTIVO FIJO | AC86: 136494.09 | AD86: 0 | AE86: 0 | AF86: 136494.09 | AG86: 0 | AI86: 3110000002 | AJ86: BAJA DE ACTIVO FIJO | AK86: 136494.09 | AL86: 0 | AM86: 0 | AN86: 136494.09 | AO86: 0 | BF86: 1263454101 | BG86: DEP. ACUM. AUTOMÓVILES Y CAMIONES 2010 | BH86: -554120.33 | BI86: 0 | BJ86: 554120.33 | BK86: -1108240.7 | BL86: -554120.33
A87: 3110915000 | B87: BIENES MUEBLES E INMUEBLES | C87: -2980081.4 | D87: 2980081.4 | E87: 471960 | F87: -471960 | G87: 2508121.4 | I87: 3110000002 | J87: BAJA DE ACTIVO FIJO | K87: 0 | L87: 0 | M87: 0 | N87: 0 | O87: 0 | S87: 3110915000 | T87: BIENES MUEBLES E INMUEBLES | U87: -3150882.8 | V87: 0 | W87: 1965 | X87: -3152847.8 | Y87: -1965 | AA87: 3110915000 | AB87: BIENES MUEBLES E INMUEBLES | AC87: -3152847.8 | AD87: 0 | AE87: 5336 | AF87: -3158183.8 | AG87: -5336 | AI87: 3110915000 | AJ87: BIENES MUEBLES E INMUEBLES | AK87: -3158183.8 | AL87: 0 | AM87: 200490 | AN87: -3358673.8 | AO87: -200490 | BF87: 1263656201 | BG87: DEP. ACUM. MAQ. Y EPO. INDUSTRIAL 2010 | BH87: -18550 | BI87: 0 | BJ87: 18550 | BK87: -37100 | BL87: -18550
A88: 3110916000 | B88: OBRA PÚBLICA | C88: -1793256 | D88: 1793256 | E88: 0 | F88: 0 | G88: 1793256 | I88: 3110915000 | J88: BIENES MUEBLES E INMUEBLES | K88: 2508121.4 | L88: 0 | M88: 11920 | N88: 2496201.4 | O88: -11920 | S88: 3111825205 | T88: FAM EDU SUPERIOR BIENES MUEBLES E INMUEBLES | U88: -2000000 | V88: 0 | W88: 0 | X88: -2000000 | Y88: 0 | AA88: 3111825205 | AB88: FAM EDU SUPERIOR BIENES MUEBLES E INMUEBLES | AC88: -2000000 | AD88: 0 | AE88: 0 | AF88: -2000000 | AG88: 0 | AI88: 3111825205 | AJ88: FAM EDU SUPERIOR BIENES MUEBLES E INMUEBLES | AK88: -2000000 | AL88: 0 | AM88: 0 | AN88: -2000000 | AO88: 0 | BF88: 1263656501 | BG88: DEP. ACUM. EPO DE COMUNICACIÓN Y TELECOMUNICACIÓN | BH88: -144501.13 | BI88: 0 | BJ88: 144501.13 | BK88: -289002.26 | BL88: -144501.13
... A93: 3113915000 | B93: BIENES MUEBLES E INMUEBLES EJER ANTERIORES | C93: -7711722.6 | D93: 0 | E93: 2980081.4 | F93: -10691804 | G93: -2980081.4 | I93: 3113836000 | J93: CONVENIO OBRA FEDERAL EJERCICIO ANTERIOR | K93: 0 | L93: 0 | M93: 0 | N93: 0 | O93: 0 | S93: 3114916000 | T93: OBRA PUBLICA APLIC APORT EJERC ANTE | U93: 367864.22 | V93: 0 | W93: 0 | X93: 367864.22 | Y93: 0 | AA93: 3114916000 | AB93: OBRA PUBLICA APLIC APORT EJERC ANTE | AC93: 367864.22 | AD93: 0 | AE93: 0 | AF93: 367864.22 | AG93: 0 | AI93: 3114916000 | AJ93: OBRA PUBLICA APLIC APORT EJERC ANTE | AK93: 367864.22 | AL93: 0 | AM93: 0 | AN93: 367864.22 | AO93: 0 | BF93: 211 | BG93: CUENTAS POR PAGAR A CP | BH93: -4828004.4 | BI93: 36977601 | BJ93: 37546917 | BK93: -5397320.4 | BL93: -569315.99
A94: 3113916000 | B94: OBRA PUBLICA EJERC ANTE | C94: -64761616 | D94: 0 | E94: 1793256 | F94: -66554872 | G94: -1793256 | I94: 3113915000 | J94: BIENES MUEBLES E INMUEBLES EJER ANTERIORES | K94: -2980081.4 | L94: 0 | M94: 0 | N94: -2980081.4 | O94: 0 | S94: 3220000016 | T94: RESULTADO EJERCICIO 2008 | U94: 317536.66 | V94: 0 | W94: 0 | X94: 317536.66 | Y94: 0 | AA94: 3220000016 | AB94: RESULTADO EJERCICIO 2008 | AC94: 317536.66 | AD94: 0 | AE94: 0 | AF94: 317536.66 | AG94: 0 | AI94: 3220000016 | AJ94: RESULTADO EJERCICIO 2008 | AK94: 317536.66 | AL94: 0 | AM94: 0 | AN94: 317536.66 | AO94: 0 | BF94: 2111 | BH94: -461965.51 | BI94: 10678841 | BJ94: 10679622 | BK94: -462746.8 | BL94: -781.29
A95: 3114916000 | B95: OBRA PUBLICA APLIC APORT EJERC ANTE | C95: 367864.22 | D95: 0 | E95: 0 | F95: 367864.22 | G95: 0 | I95: 3113916000 | J95: OBRA PUBLICA EJERC ANTE | K95: -1793256 | L95: 0 | M95: 0 | N95: -1793256 | O95: 0 | S95: 3220000018 | T95: RESULTADO EJERCICIO 2010 | U95: 807683.36 | V95: 0 | W95: 0 | X95: 807683.36 | Y95: 0 | AA95: 3220000018 | AB95: RESULTADO EJERCICIO 2010 | AC95: 807683.36 | AD95: 0 | AE95: 0 | AF95: 807683.36 | AG95: 0 | AI95: 3220000018 | AJ95: RESULTADO EJERCICIO 2010 | AK95: 807683.36 | AL95: 0 | AM95: 0 | AN95: 807683.36 | AO95: 0 | BF95: 2111101001 | BG95: SUELDOS POR PAGAR | BH95: 0 | BI95: 10217657 | BJ95: 10217657 | BK95: 0 | BL95: 0
A96: 3210000001 | B96: RESULTADO DEL EJERCICIO | C96: -2534422.5 | D96: 2534422.5 | E96: 0 | F96: 0 | G96: 2534422.5 | I96: 3114916000 | J96: OBRA PUBLICA APLIC APORT EJERC ANTE | K96: 0 | L96: 0 | M96: 0 | N96: 0 | O96: 0 | S96: 3220000019 | T96: RESULTADO EJERCICIO 2011 | U96: 304040.32 | V96: 429099.46 | W96: 0 | X96: 733139.78 | Y96: 429099.46 | AA96: 3220000019 | AB96: RESULTADO EJERCICIO 2011 | AC96: 733139.78 | AD96: 2845.8 | AE96: 0 | AF96: 735985.58 | AG96: 2845.8 | AI96: 3220000019 | AJ96: RESULTADO EJERCICIO 2011 | AK96: 735985.58 | AL96: 55260.19 | AM96: 0 | AN96: 791245.77 | AO96: 55260.19 | BF96: 2111102001 | BG96: SUELDOS DEVENGADOS EJERCICIO ANTERIOR | BH96: -461184.22 | BI96: 461184.22 | BJ96: 461184.22 | BK96: -461184.22 | BL96: 0
A97: 3220000016 | B97: RESULTADO EJERCICIO 2008 | C97: 317536.66 | D97: 0 | E97: 0 | F97: 317536.66 | G97: 0 | I97: 3210000001 | J97: RESULTADO DEL EJERCICIO | K97: 2534422.5 | L97: 0 | M97: 0 | N97: 0 | O97: 0 | S97: 3220000020 | T97: RESULTADO EJERCICIO 2012 | U97: -1752171.1 | V97: 0 | W97: 0 | X97: -1752171.1 | Y97: 0 | AA97: 3220000020 | AB97: RESULTADO EJERCICIO 2012 | AC97: -1752171.1 | AD97: 0 | AE97: 0 | AF97: -1752171.1 | AG97: 0 | AI97: 3220000020 | AJ97: RESULTADO EJERCICIO 2012 | AK97: -1752171.1 | AL97: 0 | AM97: 0 | AN97: -1752171.1 | AO97: 0 | BF97: 2111401003 | BG97: APORTACION PATRONAL IMSS | BH97: -781.29 | BI97: 0 | BJ97: 781.29 | BK97: -1562.58 | BL97: -781.29
A98: 3220000018 | B98: RESULTADO EJERCICIO 2010 | C98: 807683.36 | D98: 0 | E98: 0 | F98: 807683.36 | G98: 0 | I98: 3220000016 | J98: RESULTADO EJERCICIO 2008 | K98: 0 | L98: 0 | M98: 0 | N98: 0 | O98: 0 | S98: 3220000021 | T98: RESULTADO EJERCICIO 2013 | U98: -449940.32 | V98: 0 | W98: 0 | X98: -449940.32 | Y98: 0 | AA98: 3220000021 | AB98: RESULTADO EJERCICIO 2013 | AC98: -449940.32 | AD98: 0 | AE98: 0 | AF98: -449940.32 | AG98: 0 | AI98: 3220000021 | AJ98: RESULTADO EJERCICIO 2013 | AK98: -449940.32 | AL98: 0 | AM98: 0 | AN98: -449940.32 | AO98: 0 | BF98: 2112 | BH98: -315582.44 | BI98: 8062942.3 | BJ98: 8062942.3 | BK98: -315582.44 | BL98: 0
A99: 3220000019 | B99: RESULTADO EJERCICIO 2011 | C99: 259910 | D99: 0 | E99: 0 | F99: 259910 | G99: 0 | I99: 3220000018 | J99: RESULTADO EJERCICIO 2010 | K99: 0 | L99: 0 | M99: 0 | N99: 0 | O99: 0 | S99: 3220000022 | T99: RESULTADO DEL EJERCICIO 2014 | U99: 4541705.7 | V99: 0 | W99: 0 | X99: 4541705.7 | Y99: 0 | AA99: 3220000022 | AB99: RESULTADO DEL EJERCICIO 2014 | AC99: 4541705.7 | AD99: 389743.82 | AE99: 0 | AF99: 4931449.5 | AG99: 389743.82 | AI99: 3220000022 | AJ99: RESULTADO DEL EJERCICIO 2014 | AK99: 4931449.5 | AL99: 0 | AM99: 0 | AN99: 4931449.5 | AO99: 0 | BF99: 2112101001 | BG99: PROVEEDORES DE BIENES Y SERVICIOS | BH99: -179 | BI99: 7747538.8 | BJ99: 7747538.8 | BK99: -179 | BL99: 0
A100: 3220000020 | B100: RESULTADO EJERCICIO 2012 | C100: -1811893.1 | D100: 0 | E100: 0 | F100: -1811893.1 | G100: 0 | I100: 3220000019 | J100: RESULTADO EJERCICIO 2011 | K100: 0 | L100: 0 | M100: 0 | N100: 0 | O100: 0 | S100: 3220000023 | T100: RESULTADO DEL EJERCICIO 2015 | U100: 535901.87 | V100: 0 | W100: 0 | X100: 535901.87 | Y100: 0 | AA100: 3220000023 | AB100: RESULTADO DEL EJERCICIO 2015 | AC100: 535901.87 | AD100: 0 | AE100: 0 | AF100: 535901.87 | AG100: 0 | AI100: 3220000023 | AJ100: RESULTADO DEL EJERCICIO 2015 | AK100: 535901.87 | AL100: 140824 | AM100: 0 | AN100: 676725.87 | AO100: 140824 | BF100: 2112102001 | BG100: PROVEEDORES DEL EJERCICIO ANTERIOR | BH100: -315403.44 | BI100: 315403.44 | BJ100: 315403.44 | BK100: -315403.44 | BL100: 0
A101: 3220000021 | B101: RESULTADO EJERCICIO 2013 | C101: -449940.32 | D101: 0 | E101: 0 | F101: -449940.32 | G101: 0 | I101: 3220000020 | J101: RESULTADO EJERCICIO 2012 | K101: 0 | L101: 0 | M101: 0 | N101: 0 | O101: 0 | S101: 3220000024 | T101: RESULTADO DEL EJERCICIO 2016 | U101: 3175499.3 | V101: 86249 | W101: 0 | X101: 3261748.3 | Y101: 86249 | AA101: 3220000024 | AB101: RESULTADO DEL EJERCICIO 2016 | AC101: 3261748.3 | AD101: 6635.36 | AE101: 0 | AF101: 3268383.6 | AG101: 6635.36 | AI101: 3220000024 | AJ101: RESULTADO DEL EJERCICIO 2016 | AK101: 3268383.6 | AL101: 0 | AM101: 0 | AN101: 3268383.6 | AO101: 0 | BF101: 2113 | BH101: 0 | BI101: 1153486.4 | BJ101: 1153486.4 | BK101: 0 | BL101: 0
A102: 3220000022 | B102: RESULTADO DEL EJERCICIO 2014 | C102: 4538985.5 | D102: 0 | E102: 0 | F102: 4538985.5 | G102: 0 | I102: 3220000021 | J102: RESULTADO EJERCICIO 2013 | K102: 0 | L102: 0 | M102: 0 | N102: 0 | O102: 0 | S102: 3220001000 | T102: CAPITALIZACIÓN RECURSOS PROPIOS | U102: -555890.78 | V102: 0 | W102: 0 | X102: -555890.78 | Y102: 0 | AA102: 3220001000 | AB102: CAPITALIZACIÓN RECURSOS PROPIOS | AC102: -555890.78 | AD102: 0 | AE102: 0 | AF102: -555890.78 | AG102: 0 | AI102: 3220001000 | AJ102: CAPITALIZACIÓN RECURSOS PROPIOS | AK102: -555890.78 | AL102: 0 | AM102: 0 | AN102: -555890.78 | AO102: 0 | BF102: 2113201001 | BG102: CONTRATISTAS PROY. DE INV. CONTRATOS OBRA | BH102: 0 | BI102: 1153486.4 | BJ102: 1153486.4 | BK102: 0 | BL102: 0
A103: 3220000023 | B103: RESULTADO DEL EJERCICIO 2015 | C103: 501901.87 | D103: 0 | E103: 0 | F103: 501901.87 | G103: 0 | I103: 3220000022 | J103: RESULTADO DEL EJERCICIO 2014 | K103: 0 | L103: 0 | M103: 0 | N103: 0 | O103: 0 | S103: 3220001001 | T103: CAPITALIZACIÓN REMANENTES | U103: -11620667 | V103: 0 | W103: 0 | X103: -11620667 | Y103: 0 | AA103: 3220001001 | AB103: CAPITALIZACIÓN REMANENTES | AC103: -11620667 | AD103: 0 | AE103: 0 | AF103: -11620667 | AG103: 0 | AI103: 3220001001 | AJ103: CAPITALIZACIÓN REMANENTES | AK103: -11620667 | AL103: 0 | AM103: 0 | AN103: -11620667 | AO103: 0 | BF103: 2117 | BH103: -975498.22 | BI103: 3953186.4 | BJ103: 4324585.5 | BK103: -1346897.3 | BL103: -371399.09
A104: 3220000024 | B104: RESULTADO DEL EJERCICIO 2016 | C104: 0 | D104: 5635685.5 | E104: 2534422.5 | F104: 3101263 | G104: 3101263 | I104: 3220000023 | J104: RESULTADO DEL EJERCICIO 2015 | K104: 0 | L104: 0 | M104: 0 | N104: 0 | O104: 0 | S104: 3220020001 | T104: FONDO DE CONTINGENCIAS | U104: -5156394.2 | V104: 0 | W104: 0 | X104: -5156394.2 | Y104: 0 | AA104: 3220020001 | AB104: FONDO DE CONTINGENCIAS | AC104: -5156394.2 | AD104: 0 | AE104: 0 | AF104: -5156394.2 | AG104: 0 | AI104: 3220020001 | AJ104: FONDO DE CONTINGENCIAS | AK104: -5156394.2 | AL104: 0 | AM104: 0 | AN104: -5156394.2 | AO104: 0 | BF104: 2117101003 | BG104: ISR POR SUELDOS Y SALARIOS | BH104: -715754.77 | BI104: 2585006.7 | BJ104: 2812433.4 | BK104: -943181.41 | BL104: -227426.64
A105: 3220001000 | B105: CAPITALIZACIÓN RECURSOS PROPIOS | C105: -554466.38 | D105: 0 | E105: 1424.4 | F105: -555890.78 | G105: -1424.4 | I105: 3220000024 | J105: RESULTADO DEL EJERCICIO 2016 | K105: 3101263 | L105: 0 | M105: 1040 | N105: 3100223 | O105: -1040 | S105: 3220100100 | T105: APLICACIÓN DE REMANENTE PROPIO | U105: -320191.39 | V105: 0 | W105: 0 | X105: -320191.39 | Y105: 0 | AA105: 3220100100 | AB105: APLICACIÓN DE REMANENTE PROPIO | AC105: -320191.39 | AD105: 0 | AE105: 0 | AF105: -320191.39 | AG105: 0 | AI105: 3220100100 | AJ105: APLICACIÓN DE REMANENTE PROPIO | AK105: -320191.39 | AL105: 0 | AM105: 0 | AN105: -320191.39 | AO105: 0 | BF105: 2117101004 | BG105: ISR ASIMILADOS | BH105: -392.27 | BI105: 6597 | BJ105: 7496.48 | BK105: -1291.75 | BL105: -899.48
...
